Workbook

Sheet Search strategy
A1: Product name | C1: Zephyr
A2: Update number | C2: 30
A3: Software version | C3: 30.0
A4: Data update | C4: 17/06/2017 (n° 30187749)
A5: Username | C5: Universität Bayreuth-5355
A6: Export date | C6: 18/06/2017
A7: Cut off date | C7: 31/03
D8: Step result | E8: Search result
A9: 1. | B9: Time period: Last 5 years (completed-confirmed) | D9: 417,623 | E9: 417,623
A10: 2. | B10: Listed/Unlisted/Delisted companies: listed acquiror | D10: 291,648 | E10: 52,968
A11: 3. | B11: Percentage of stake: Percentage of initial stake (max: 49.9 % including unknown minority); Percentage of final stake (min: 50.1 % including unknown majority) | D11: 547,772 | E11: 25,710
A12: 4. | B12: Deal type: Acquisition, Merger | D12: 619,058 | E12: 23,130
A13: 5. | B13: Deal value (EUR): all deals with known value (including estimates) | D13: 992,431 | E13: 13,190 | K13: 41659 | L13: =K13-1 -> 41658
A14: 6. | B14: UK SIC 2007 (primary codes): 29 - Manufacture of motor vehicles, trailers and semi-trailers ( Acquiror OR Target ) | D14: 21,616 | E14: 222 | K14: 42387 | L14: =K14-1 -> 42386
B15: Boolean search : 1 And 2 And 3 And 4 And 5 And 6 | K15: 41749 | L15: =K15-1 -> 41748
D16: TOTAL | E16: 222 | K16: 42263 | L16: =K16-1 -> 42262

Sheet Results
A1: laufende Nummer | B1: Deal Number | C1: Kombinierter SIC Code | D1: Announced date | E1: Completed date | F1: Rumour date | G1: Acquiror name | H1: Acquiror country code | I1: Acquiror BvD ID number | J1: Acquiror primary business description | K1: Acquiror primary UK SIC (2007) code | L1: Kurzversion SIC Codes | M1: Acquiror primary UK SIC (2007) description | N1: Acquiror ISIN number | O1: Acquiror main exchange | P1: Target name | Q1: Target country code | R1: Target BvD ID number | S1: Target primary business description | T1: Target primary UK SIC (2007) code | U1: Kurzversion SIC Codes | V1: Target primary UK SIC (2007) description | W1: Deal type | X1: Deal status | Y1: Deal value th EUR | Z1: Acquiror market capitalisation th EUR Last avail. yr | AA1: Acquiror market capitalisation th EUR Year - 1 | AB1: Acquiror market capitalisation th EUR Year - 2 | AC1: Acquiror net profit th EUR Last avail. yr | AD1: Acquiror net profit th EUR Year - 1 | AE1: Acquiror net profit th EUR Year - 2 | AF1: Acquiror EBIT th EUR Last avail. yr | AG1: Acquiror EBIT th EUR Year - 1 | AH1: Acquiror EBIT th EUR Year - 2 | AI1: Ratio | AJ1: M&A Richtung | AK1: Acquiror ISIN number | AL1: Acquiror main exchange | AM1: Index | AN1: Announced date | AP1: t-10 | AQ1: Wert Unternehmen | AR1: Wert Index | AS1: t-2 | AT1: Wert Unternehmen | AU1: Wert Index | AV1: t-1 | AW1: Wert Unternehmen | AX1: Wert Index | AY1: t1 | AZ1: Wert Unternehmen | BA1: Wert Index | BB1: t2 | BC1: Wert Unternehmen | BD1: Wert Index | BE1: t10 | BF1: Wert Unternehmen | BG1: Wert Index | BH1: Entwicklung Unternehmen t-10 bis t10 | BI1: Entwicklung Unternehmen t-2 bis t2 | BJ1: Entwicklung Unternehmen t-1 bis t1 | BK1: Entwicklung Index t-10 bis t10 | BL1: Entwicklung Index t-2 bis t2 | BM1: Entwicklung Index t-1 bis t1 | BN1: Überrendite 20 Tage | BO1: Rangzahlen | BP1: Überrendite 4 Tage | BQ1: Rangzahlen | BR1: Überrendite 2 Tage | BS1: Rangzahlen | BT1: M&A-Richtung | BU1: Unterschied t2 und t1
A2: 177. | B2: 1909290900 | C2: 2932071121 | D2: 42275 | E2: 42275 | F2: 42275 | G2: TWINTEC AG | H2: DE | I2: DE5030252559 | J2: Exhaust emission-reducing products manufacturer | K2: 29320 | L2: =MID(K2,1,3) -> 293 | M2: Manufacture of other parts and accessories for motor vehicles | N2: DE000A2DAM11 | O2: Boerse Frankfurt | P2: KONTEC GMBH | Q2: DE | R2: DE7330333822 | S2: OEM exhaust gas after-treatment systems developer | T2: 71121 | U2: =MID(T2,1,3) -> 711 | V2: Engineering design activities for industrial process and production | W2: Acquisition 100% | X2: Completed | Y2: 7000 | Z2: 46252.133 | AA2: 35774.543 | AB2: 28518.744 | AC2: n.a. | AD2: n.a. | AE2: n.a. | AF2: -2331.2767 | AG2: -1295.5663 | AH2: -4026.7076 | AI2: =Y2/Z2 -> 0.15134437 | AJ2: =VLOOKUP(C2,Richtungsmatrix!$A$2:$E$133,5,FALSE) -> vertikal | AK2: DE000A2DAM11 | AL2: Boerse Frankfurt | AM2: DAXINDX | AN2: 42275 | AP2: 42265 | AQ2: 9.49 | AR2: 10177.58 | AS2: 42273 | AT2: 10.42 | AU2: 9594.53 | AV2: 42274 | AW2: 10.42 | AX2: 9594.53 | AY2: 42276 | AZ2: 10.37 | BA2: 9346.04 | BB2: 42277 | BC2: 9.99 | BD2: 9674.61 | BE2: 42285 | BF2: 10.07 | BG2: 9942.78 | BH2: =BF2/AQ2-1 -> 0.061116965 | BI2: =BC2/AT2-1 -> -0.041266795 | BJ2: =AZ2/AW2-1 -> -0.0047984645 | BK2: =BG2/AR2-1 -> -0.023070317 | BL2: =BD2/AU2-1 -> 0.0083464224 | BM2: =BA2/AX2-1 -> -0.025899132 | BN2: =BH2-BK2 -> 0.084187283 | BO2: 25 | BP2: =BI2-BL2 -> -0.049613217 | BQ2: 122 | BR2: =BJ2-BM2 -> 0.021100668 | BS2: 42 | BT2: =AJ2 -> vertikal | BU2: =BQ2-BS2 -> 80
A3: 198. | B3: 1909423175 | C3: 2932071121 | D3: 42466 | E3: 42489 | F3: 42466 | G3: GROCLIN SA | H3: PL | I3: PL970679408 | J3: Automotive seating manufacturer | K3: 29320 | L3: =MID(K3,1,3) -> 293 | M3: Manufacture of other parts and accessories for motor vehicles | N3: PLINTGR00013 | O3: Warsaw Stock Exchange | P3: CADM AUTOMOTIVE SP ZOO | Q3: PL | R3: PL122553776 | S3: Automotive engineering services | T3: 71121 | U3: =MID(T3,1,3) -> 711 | V3: Engineering design activities for industrial process and production | W3: Acquisition 51% | X3: Completed | Y3: 2319.46 | Z3: 42144.701 | AA3: 34096.604 | AB3: 25949.427 | AC3: n.a. | AD3: n.a. | AE3: n.a. | AF3: -3859.0789 | AG3: -5928.7096 | AH3: -2277.8873 | AI3: =Y3/Z3 -> 0.055035626 | AJ3: =VLOOKUP(C3,Richtungsmatrix!$A$2:$E$133,5,FALSE) -> vertikal | AK3: PLINTGR00013 | AL3: Warsaw Stock Exchange | AM3: PO:GPW | AN3: 42466 | AO3: =AP3-2 -> 42454 | AP3: 42456 | AQ3: 12.01 | AR3: 38.29 | AS3: 42464 | AT3: 13.02 | AU3: 38.89 | AV3: 42465 | AW3: 12.51 | AX3: 38.29 | AY3: 42467 | AZ3: 13.26 | BA3: 38.08 | BB3: 42468 | BC3: 13.13 | BD3: 39.71 | BE3: 42476 | BF3: 13.71 | BG3: 40.1 | BH3: =BF3/AQ3-1 -> 0.14154871 | BI3: =BC3/AT3-1 -> 0.0084485407 | BJ3: =AZ3/AW3-1 -> 0.059952038 | BK3: =BG3/AR3-1 -> 0.047270828 | BL3: =BD3/AU3-1 -> 0.021085112 | BM3: =BA3/AX3-1 -> -0.0054844607 | BN3: =BH3-BK3 -> 0.094277882 | BO3: 23 | BP3: =BI3-BL3 -> -0.012636571 | BQ3: 85 | BR3: =BJ3-BM3 -> 0.065436499 | BS3: 14 | BT3: =AJ3 -> vertikal | BU3: =BQ3-BS3 -> 71
A4: 162. | B4: 1909314356 | C4: 2511029320 | D4: 42332 | E4: 42332 | F4: 42332 | G4: ZASTAL SA | H4: PL | I4: PL006104350 | J4: Steel structures manufacturer | K4: 25110 | L4: =MID(K4,1,3) -> 251 | M4: Manufacture of metal structures and parts of structures | N4: PLZSTAL00012 | O4: Warsaw Stock Exchange | P4: CSY SA | Q4: PL | R4: PL519608547 | S4: Motor vehicles components manufacturer | T4: 29320 | U4: =MID(T4,1,3) -> 293 | V4: Manufacture of other parts and accessories for motor vehicles | W4: Acquisition 82.48% | X4: Completed | Y4: 10473.5 | Z4: 2839.5273 | AA4: 3776.2859 | AB4: 6774.3462 | AC4: n.a. | AD4: n.a. | AE4: n.a. | AF4: -530.47619 | AG4: -354.85365 | AH4: -252.29612 | AI4: =Y4/Z4 -> 3.688466 | AJ4: =VLOOKUP(C4,Richtungsmatrix!$A$2:$E$133,5,FALSE) -> lateral | AK4: PLZSTAL00012 | AL4: Warsaw Stock Exchange | AM4: PO:GPW | AN4: 42332 | AP4: 42322 | AQ4: 16.25 | AR4: 41.03 | AS4: 42330 | AT4: 15.5 | AU4: 41.51 | AV4: 42331 | AW4: 15.25 | AX4: 42.69 | AY4: 42333 | AZ4: 15 | BA4: 40.71 | BB4: 42334 | BC4: 14.75 | BD4: 40.65 | BE4: 42342 | BF4: 14.75 | BG4: 40.69 | BH4: =BF4/AQ4-1 -> -0.092307692 | BI4: =BC4/AT4-1 -> -0.048387097 | BJ4: =AZ4/AW4-1 -> -0.016393443 | BK4: =BG4/AR4-1 -> -0.0082866195 | BL4: =BD4/AU4-1 -> -0.020717899 | BM4: =BA4/AX4-1 -> -0.046380885 | BN4: =BH4-BK4 -> -0.084021073 | BO4: 114 | BP4: =BI4-BL4 -> -0.027669197 | BQ4: 102 | BR4: =BJ4-BM4 -> 0.029987443 | BS4: 34 | BT4: =AJ4 -> lateral | BU4: =BQ4-BS4 -> 68
A5: 100. | B5: 1601463061 | C5: 4643129310 | D5: 41374 | E5: 41407 | F5: 41374 | G5: INABADENKI SANGYO CO., LTD | H5: JP | I5: JP1120001041352 | J5: Electrical equipment wholesaler | K5: 46431 | L5: =MID(K5,1,3) -> 464 | M5: Wholesale of gramophone records, audio tapes, compact discs and video tapes and of the equipment on which these are played | N5: JP3146200005 | O5: Tokyo Stock Exchange | P5: PATLITE CORPORATION | Q5: JP | R5: JP000030894JPN | S5: Revolving lights and sirens for special purpose vehicles manufacturer | T5: 29310 | U5: =MID(T5,1,3) -> 293 | V5: Manufacture of electrical and electronic equipment for motor vehicles | W5: Acquisition 100% | X5: Completed | Y5: 54131.78 | Z5: 769509.97 | AA5: 933412.83 | AB5: 639796.59 | AC5: 66396.727 | AD5: 66944.522 | AE5: 52626.906 | AF5: 100257.97 | AG5: 100784.36 | AH5: 85438.51 | AI5: =Y5/Z5 -> 0.070345781 | AJ5: =VLOOKUP(C5,Richtungsmatrix!$A$2:$E$133,5,FALSE) -> lateral | AK5: JP3146200005 | AL5: Tokyo Stock Exchange | AM5: TOKYOSE | AN5: 41374 | AP5: 41364 | AQ5: 146.18 | AR5: 1039.69 | AS5: 41372 | AT5: 144.03 | AU5: 1084.4 | AV5: 41373 | AW5: 141.73 | AX5: 1110.79 | AY5: 41375 | AZ5: 147.43 | BA5: 1133.72 | BB5: 41376 | BC5: 148.01 | BD5: 1147.38 | BE5: 41384 | BF5: 144.4 | BG5: 1126.67 | BH5: =BF5/AQ5-1 -> -0.012176768 | BI5: =BC5/AT5-1 -> 0.027633132 | BJ5: =AZ5/AW5-1 -> 0.040217315 | BK5: =BG5/AR5-1 -> 0.083659552 | BL5: =BD5/AU5-1 -> 0.0580782 | BM5: =BA5/AX5-1 -> 0.020642966 | BN5: =BH5-BK5 -> -0.095836321 | BO5: 117 | BP5: =BI5-BL5 -> -0.030445068 | BQ5: 106 | BR5: =BJ5-BM5 -> 0.019574349 | BS5: 45 | BT5: =AJ5 -> lateral | BU5: =BQ5-BS5 -> 61
A6: 160. | B6: 1909012637 | C6: 2920125290 | D6: 41505 | E6: 41505 | F6: 41505 | G6: MANITEX INTERNATIONAL INC. | H6: US | I6: US421628978 | J6: Cranes and lifting equipment manufacturer | K6: 29201 | L6: =MID(K6,1,3) -> 292 | M6: Manufacture of bodies (coachwork) for motor vehicles (except caravans) | N6: US5634201082 | O6: NASDAQ National Market | P6: SABRE MANUFACTURING LLC | Q6: US | R6: US132899832L | S6: Liquid storage and containment tanks manufacturer | T6: 25290 | U6: =MID(T6,1,3) -> 252 | V6: Manufacture of other tanks, reservoirs and containers of metal | W6: Acquisition 100% | X6: Completed | Y6: 10507.94 | Z6: 105298.89 | AA6: n.a. | AB6: n.a. | AC6: n.a. | AD6: n.a. | AE6: n.a. | AF6: n.a. | AG6: n.a. | AH6: n.a. | AI6: =Y6/Z6 -> 0.099791552 | AJ6: =VLOOKUP(C6,Richtungsmatrix!$A$2:$E$133,5,FALSE) -> lateral | AK6: US5634201082 | AL6: NASDAQ National Market | AM6: @NDAQ | AN6: 41505 | AP6: 41495 | AQ6: 158.7 | AR6: 32.27 | AS6: 41503 | AT6: 146.67 | AU6: 31.07 | AV6: 41504 | AW6: 146.67 | AX6: 31.07 | AY6: 41506 | AZ6: 147.25 | BA6: 30.76 | BB6: 41507 | BC6: 147.1 | BD6: 31.87 | BE6: 41515 | BF6: 146.81 | BG6: 29.74 | BH6: =BF6/AQ6-1 -> -0.074921235 | BI6: =BC6/AT6-1 -> 0.0029317516 | BJ6: =AZ6/AW6-1 -> 0.0039544556 | BK6: =BG6/AR6-1 -> -0.078400992 | BL6: =BD6/AU6-1 -> 0.02574831 | BM6: =BA6/AX6-1 -> -0.0099774702 | BN6: =BH6-BK6 -> 0.0034797566 | BO6: 66 | BP6: =BI6-BL6 -> -0.022816559 | BQ6: 98 | BR6: =BJ6-BM6 -> 0.013931926 | BS6: 53 | BT6: =AJ6 -> lateral | BU6: =BQ6-BS6 -> 45
A7: 93. | B7: 1909442318 | C7: 2932029310 | D7: 42513 | E7: 42517 | F7: 42513 | G7: STANDARD MOTOR PRODUCTS INC. | H7: US | I7: US111362020 | J7: Automotive aftermarket engine management and temperature control products manufacturer | K7: 29320 | L7: =MID(K7,1,3) -> 293 | M7: Manufacture of other parts and accessories for motor vehicles | N7: US8536661056 | O7: New York Stock Exchange (NYSE) | P7: GENERAL CABLE CORPORATION'S AUTOMOTIVE IGNITION WIRE BUSINESS | Q7: US | S7: Car ignition cable manufacturer | T7: 29310 | U7: =MID(T7,1,3) -> 293 | V7: Manufacture of electrical and electronic equipment for motor vehicles | W7: Acquisition 100% | X7: Completed | Y7: 63431 | Z7: 1152850.9 | AA7: n.a. | AB7: n.a. | AC7: n.a. | AD7: n.a. | AE7: n.a. | AF7: n.a. | AG7: n.a. | AH7: n.a. | AI7: =Y7/Z7 -> 0.055020992 | AJ7: =VLOOKUP(C7,Richtungsmatrix!$A$2:$E$133,5,FALSE) -> horizontal | AK7: US8536661056 | AL7: New York Stock Exchange (NYSE) | AM7: @NDAQ | AN7: 42513 | AP7: 42503 | AQ7: 3296.17 | AR7: 64.09 | AS7: 42511 | AT7: 3323.74 | AU7: 63.41 | AV7: 42512 | AW7: 3323.74 | AX7: 63.41 | AY7: 42514 | AZ7: 3399.34 | BA7: 64 | BB7: 42515 | BC7: 3375.33 | BD7: 65.68 | BE7: 42523 | BF7: 3410.91 | BG7: 65.28 | BH7: =BF7/AQ7-1 -> 0.034810098 | BI7: =BC7/AT7-1 -> 0.015521671 | BJ7: =AZ7/AW7-1 -> 0.022745461 | BK7: =BG7/AR7-1 -> 0.018567639 | BL7: =BD7/AU7-1 -> 0.03579877 | BM7: =BA7/AX7-1 -> 0.0093045261 | BN7: =BH7-BK7 -> 0.016242459 | BO7: 59 | BP7: =BI7-BL7 -> -0.020277099 | BQ7: 96 | BR7: =BJ7-BM7 -> 0.013440935 | BS7: 55 | BT7: =AJ7 -> horizontal | BU7: =BQ7-BS7 -> 41
A8: 131. | B8: 1601496340 | C8: 2311029320 | D8: 41428 | E8: 41428 | F8: 41428 | G8: TURKIYE SISE VE CAM FABRIKALARI AS | H8: TR | I8: TR90015ET | J8: Flat glass manufacturer | K8: 23110 | L8: =MID(K8,1,3) -> 231 | M8: Manufacture of flat glass | N8: TRASISEW91Q3 | O8: Istanbul Stock Exchange | P8: RICHARD FRITZ GMBH + CO. KG | Q8: DE | R8: DE7070175289 | S8: Automotive glazing and glass coatings services | T8: 29320 | U8: =MID(T8,1,3) -> 293 | V8: Manufacture of other parts and accessories for motor vehicles | W8: Acquisition 100% | X8: Completed | Y8: 24000 | Z8: 4926336.7 | AA8: n.a. | AB8: n.a. | AC8: n.a. | AD8: n.a. | AE8: n.a. | AF8: 181711.38 | AG8: n.a. | AH8: n.a. | AI8: =Y8/Z8 -> 0.0048717742 | AJ8: =VLOOKUP(C8,Richtungsmatrix!$A$2:$E$133,5,FALSE) -> vertikal | AK8: TRASISEW91Q3 | AL8: Istanbul Stock Exchange | AM8: TRKISTB | AN8: 41428 | AP8: 41418 | AQ8: 3218301 | AR8: 91706.44 | AS8: 41426 | AT8: 3186049 | AU8: 87278.5 | AV8: 41427 | AW8: 3186049 | AX8: 87278.5 | AY8: 41429 | AZ8: 3015725 | BA8: 78413.88 | BB8: 41430 | BC8: 2945593 | BD8: 80177.63 | BE8: 41438 | BF8: 2945593 | BG8: 76668.81 | BH8: =BF8/AQ8-1 -> -0.084736636 | BI8: =BC8/AT8-1 -> -0.075471532 | BJ8: =AZ8/AW8-1 -> -0.053459316 | BK8: =BG8/AR8-1 -> -0.16397573 | BL8: =BD8/AU8-1 -> -0.081358754 | BM8: =BA8/AX8-1 -> -0.10156705 | BN8: =BH8-BK8 -> 0.079239089 | BO8: 27 | BP8: =BI8-BL8 -> 0.0058872216 | BQ8: 61 | BR8: =BJ8-BM8 -> 0.048107737 | BS8: 22 | BT8: =AJ8 -> vertikal | BU8: =BQ8-BS8 -> 39
A9: 185. | B9: 1633108426 | C9: 2920129100 | D9: 41250 | E9: 41268 | F9: 41250 | G9: XUZHOU HANDLER SPECIAL VEHICLE CO., LTD | H9: CN | I9: CN40378PC | J9: Overhead working truck manufacturer | K9: 29201 | L9: =MID(K9,1,3) -> 292 | M9: Manufacture of bodies (coachwork) for motor vehicles (except caravans) | N9: CNE1000011W1 | O9: Shenzhen Stock Exchange | P9: SHANGHAI GRAMAN INTERNATIONAL FIRE EQUIPMENT CO., LTD | Q9: CN | R9: CN9360411456 | S9: Firefighting vehicle manufacturer | T9: 29100 | U9: =MID(T9,1,3) -> 291 | V9: Manufacture of motor vehicles | W9: Acquisition 100% | X9: Completed | Y9: 5084.08 | Z9: 942517.2 | AA9: 992585.26 | AB9: 205641.23 | AC9: 12064.647 | AD9: 3617.7911 | AE9: 2217.9054 | AF9: 20696.624 | AG9: 5878.769 | AH9: 2307.0147 | AI9: =Y9/Z9 -> 0.0053941509 | AJ9: =VLOOKUP(C9,Richtungsmatrix!$A$2:$E$133,5,FALSE) -> vertikal | AK9: CNE1000011W1 | AL9: Shenzhen Stock Exchange | AM9: CN:COM | AN9: 41250 | AP9: 41240 | AQ9: 63.71 | AR9: 0.82 | AS9: 41248 | AT9: 58.86 | AU9: 0.8 | AV9: 41249 | AW9: 59.06 | AX9: 0.83 | AY9: 41251 | AZ9: 59.93 | BA9: 0.82 | BB9: 41252 | BC9: 59.93 | BD9: 0.82 | BE9: 41260 | BF9: 63.03 | BG9: 0.87 | BH9: =BF9/AQ9-1 -> -0.010673364 | BI9: =BC9/AT9-1 -> 0.018178729 | BJ9: =AZ9/AW9-1 -> 0.014730782 | BK9: =BG9/AR9-1 -> 0.06097561 | BL9: =BD9/AU9-1 -> 0.025 | BM9: =BA9/AX9-1 -> -0.012048193 | BN9: =BH9-BK9 -> -0.071648973 | BO9: 110 | BP9: =BI9-BL9 -> -0.0068212708 | BQ9: 76 | BR9: =BJ9-BM9 -> 0.026778975 | BS9: 39 | BT9: =AJ9 -> vertikal | BU9: =BQ9-BS9 -> 37
A10: 172. | B10: 1909096552 | C10: 2932045310 | D10: 41750 | E10: 41750 | F10: 41750 | G10: STANDARD MOTOR PRODUCTS INC. | H10: US | I10: US111362020 | J10: Automotive aftermarket engine management and temperature control products manufacturer | K10: 29320 | L10: =MID(K10,1,3) -> 293 | M10: Manufacture of other parts and accessories for motor vehicles | N10: US8536661056 | O10: New York Stock Exchange (NYSE) | P10: ANNEX MANUFACTURING INC. | Q10: US | R10: US*190521540725 | S10: Automotive and truck climate control products wholesaler | T10: 45310 | U10: =MID(T10,1,3) -> 453 | V10: Wholesale trade of motor vehicle parts and accessories | W10: Acquisition 100% | X10: Completed | Y10: 8324 | Z10: 1152850.9 | AA10: n.a. | AB10: n.a. | AC10: n.a. | AD10: n.a. | AE10: n.a. | AF10: n.a. | AG10: n.a. | AH10: n.a. | AI10: =Y10/Z10 -> 0.0072203613 | AJ10: =VLOOKUP(C10,Richtungsmatrix!$A$2:$E$133,5,FALSE) -> vertikal | AK10: US8536661056 | AL10: New York Stock Exchange (NYSE) | AM10: @NDAQ | AN10: 41750 | AP10: 41740 | AQ10: 3077.04 | AR10: 34.81 | AS10: 41748 | AT10: 3192.08 | AU10: 34.89 | AV10: 41749 | AW10: 3192.08 | AX10: 35.01 | AY10: 41751 | AZ10: 3297.68 | BA10: 36.02 | BB10: 41752 | BC10: 3235.87 | BD10: 36.46 | BE10: 41760 | BF10: 3295.11 | BG10: 36.95 | BH10: =BF10/AQ10-1 -> 0.070870057 | BI10: =BC10/AT10-1 -> 0.013718328 | BJ10: =AZ10/AW10-1 -> 0.033081878 | BK10: =BG10/AR10-1 -> 0.061476587 | BL10: =BD10/AU10-1 -> 0.044998567 | BM10: =BA10/AX10-1 -> 0.0288489 | BN10: =BH10-BK10 -> 0.0093934698 | BO10: 62 | BP10: =BI10-BL10 -> -0.031280239 | BQ10: 108 | BR10: =BJ10-BM10 -> 0.0042329773 | BS10: 71 | BT10: =AJ10 -> vertikal | BU10: =BQ10-BS10 -> 37
A11: 181. | B11: 1907001508 | C11: 2813129320 | D11: 41464 | E11: 41495 | F11: 41464 | G11: SHIMGE PUMP INDUSTRY GROUP CO., LTD | H11: CN | I11: CN40223PC | J11: Pump manufacturer | K11: 28131 | L11: =MID(K11,1,3) -> 281 | M11: Manufacture of pumps | N11: CNE100000YJ6 | O11: Shenzhen Stock Exchange | P11: FAI ELECTRONICS CO., LTD | Q11: CN | R11: CN9360035678 | S11: Auto engine manufacturer | T11: 29320 | U11: =MID(T11,1,3) -> 293 | V11: Manufacture of other parts and accessories for motor vehicles | W11: Acquisition 100% | X11: Completed | Y11: 6714.9 | Z11: 473394.62 | AA11: 493233.44 | AB11: 313534.45 | AC11: 15922.937 | AD11: 16671.44 | AE11: 11805.363 | AF11: 16927.335 | AG11: 14643.366 | AH11: 12772.508 | AI11: =Y11/Z11 -> 0.014184572 | AJ11: =VLOOKUP(C11,Richtungsmatrix!$A$2:$E$133,5,FALSE) -> vertikal | AK11: CNE100000YJ6 | AL11: Shenzhen Stock Exchange | AM11: CN:COM | AN11: 41464 | AP11: 41454 | AQ11: 91.87 | AR11: 0.78 | AS11: 41462 | AT11: 94.17 | AU11: 0.8 | AV11: 41463 | AW11: 91.65 | AX11: 0.8 | AY11: 41465 | AZ11: 93.68 | BA11: 0.78 | BB11: 41466 | BC11: 96.04 | BD11: 0.81 | BE11: 41474 | BF11: 95.71 | BG11: 0.82 | BH11: =BF11/AQ11-1 -> 0.041798193 | BI11: =BC11/AT11-1 -> 0.019857704 | BJ11: =AZ11/AW11-1 -> 0.022149482 | BK11: =BG11/AR11-1 -> 0.051282051 | BL11: =BD11/AU11-1 -> 0.0125 | BM11: =BA11/AX11-1 -> -0.025 | BN11: =BH11-BK11 -> -0.0094838582 | BO11: 77 | BP11: =BI11-BL11 -> 0.0073577042 | BQ11: 60 | BR11: =BJ11-BM11 -> 0.047149482 | BS11: 24 | BT11: =AJ11 -> vertikal | BU11: =BQ11-BS11 -> 36
A12: 202. | B12: 1909088771 | C12: 2910071121 | D12: 41730 | E12: 41730 | F12: 41730 | G12: KARSAN OTOMOTIV SAN VE TIC AS | H12: TR | I12: TR30333ET | J12: Commercial vehicle manufacturer | K12: 29100 | L12: =MID(K12,1,3) -> 291 | M12: Manufacture of motor vehicles | N12: TRAKARSN91H7 | O12: Istanbul Stock Exchange | P12: STILE BERTONE SPA'S TRADEMARK | Q12: IT | S12: Automobile design services | T12: 71121 | U12: =MID(T12,1,3) -> 711 | V12: Engineering design activities for industrial process and production | W12: Acquisition 100% | X12: Completed | Y12: 2000 | Z12: 301422.21 | AA12: 227787.81 | AB12: n.a. | AC12: n.a. | AD12: n.a. | AE12: n.a. | AF12: -9961.0473 | AG12: 3271.0097 | AH12: n.a. | AI12: =Y12/Z12 -> 0.0066352111 | AJ12: =VLOOKUP(C12,Richtungsmatrix!$A$2:$E$133,5,FALSE) -> vertikal | AK12: TRAKARSN91H7 | AL12: Istanbul Stock Exchange | AM12: TRKISTB | AN12: 41730 | AP12: 41720 | AQ12: 44.27 | AR12: 64901.18 | AS12: 41728 | AT12: 44.77 | AU12: 67331.13 | AV12: 41729 | AW12: 45.27 | AX12: 70464.69 | AY12: 41731 | AZ12: 48.25 | BA12: 70811.38 | BB12: 41732 | BC12: 47.75 | BD12: 70836.06 | BE12: 41740 | BF12: 49.25 | BG12: 72144 | BH12: =BF12/AQ12-1 -> 0.11249153 | BI12: =BC12/AT12-1 -> 0.06656243 | BJ12: =AZ12/AW12-1 -> 0.065827259 | BK12: =BG12/AR12-1 -> 0.11159766 | BL12: =BD12/AU12-1 -> 0.052055119 | BM12: =BA12/AX12-1 -> 0.0049200529 | BN12: =BH12-BK12 -> 0.00089386647 | BO12: 68 | BP12: =BI12-BL12 -> 0.014507311 | BQ12: 49 | BR12: =BJ12-BM12 -> 0.060907206 | BS12: 17 | BT12: =AJ12 -> vertikal | BU12: =BQ12-BS12 -> 32
A13: 17. | B13: 1909136569 | C13: 2932029320 | D13: 41878 | E13: 42009 | F13: 41870 | G13: LEAR CORPORATION | H13: US | I13: US133386776 | J13: Automobile seat systems manufacturer | K13: 29320 | L13: =MID(K13,1,3) -> 293 | M13: Manufacture of other parts and accessories for motor vehicles | N13: US5218652049 | O13: New York Stock Exchange (NYSE) | P13: EAGLE OTTAWA LLC | Q13: US | R13: US149104428L | S13: Leather automotive interiors manufacturer | T13: 29320 | U13: =MID(T13,1,3) -> 293 | V13: Manufacture of other parts and accessories for motor vehicles | W13: Acquisition 100% | X13: Completed | Y13: 711549.93 | Z13: 8816177.6 | AA13: n.a. | AB13: n.a. | AC13: n.a. | AD13: n.a. | AE13: n.a. | AF13: n.a. | AG13: n.a. | AH13: n.a. | AI13: =Y13/Z13 -> 0.080709573 | AJ13: =VLOOKUP(C13,Richtungsmatrix!$A$2:$E$133,5,FALSE) -> horizontal | AK13: US5218652049 | AL13: New York Stock Exchange (NYSE) | AM13: @NDAQ | AN13: 41878 | AP13: 41868 | AQ13: 359.07 | AR13: 42.32 | AS13: 41876 | AT13: 363.69 | AU13: 42.99 | AV13: 41877 | AW13: 361.1 | AX13: 43.51 | AY13: 41879 | AZ13: 375.68 | BA13: 43.47 | BB13: 41880 | BC13: 374.05 | BD13: 43.89 | BE13: 41888 | BF13: 382.01 | BG13: 43.12 | BH13: =BF13/AQ13-1 -> 0.063887264 | BI13: =BC13/AT13-1 -> 0.028485798 | BJ13: =AZ13/AW13-1 -> 0.040376627 | BK13: =BG13/AR13-1 -> 0.018903592 | BL13: =BD13/AU13-1 -> 0.020935101 | BM13: =BA13/AX13-1 -> -0.00091932889 | BN13: =BH13-BK13 -> 0.044983673 | BO13: 43 | BP13: =BI13-BL13 -> 0.0075506972 | BQ13: 59 | BR13: =BJ13-BM13 -> 0.041295956 | BS13: 27 | BT13: =AJ13 -> horizontal | BU13: =BQ13-BS13 -> 32
A14: 110. | B14: 1907016689 | C14: 2931025210 | D14: 41586 | E14: 41586 | F14: 41586 | G14: S&T MOTIV CO., LTD | H14: KR | I14: KR1801110396069 | J14: Motor vehicle electronic equipment manufacturer | K14: 29310 | L14: =MID(K14,1,3) -> 293 | M14: Manufacture of electrical and electronic equipment for motor vehicles | N14: KR7064960008 | O14: Korea Stock Exchange | P14: S&T CORPORATION | Q14: KR | R14: KR1942110090598 | S14: Air cooler and heating equipment manufacturer | T14: 25210 | U14: =MID(T14,1,3) -> 252 | V14: Manufacture of central heating radiators and boilers | W14: Acquisition 50.663% | X14: Completed | Y14: 43439.29 | Z14: 560759.48 | AA14: 968123.63 | AB14: 453255.41 | AC14: 25567.712 | AD14: 60990.762 | AE14: 34144.615 | AF14: 52681.309 | AG14: 69146.936 | AH14: 41056.925 | AI14: =Y14/Z14 -> 0.077465102 | AJ14: =VLOOKUP(C14,Richtungsmatrix!$A$2:$E$133,5,FALSE) -> lateral | AK14: KR7064960008 | AL14: Korea Stock Exchange | AM14: KORCOMP | AN14: 41586 | AP14: 41576 | AQ14: 254.92 | AR14: 2046.67 | AS14: 41584 | AT14: 240.83 | AU14: 2015.32 | AV14: 41585 | AW14: 234.2 | AX14: 2014.85 | AY14: 41587 | AZ14: 232.54 | BA14: 1987.21 | BB14: 41588 | BC14: 232.54 | BD14: 1987.21 | BE14: 41596 | BF14: 236.69 | BG14: 2014.24 | BH14: =BF14/AQ14-1 -> -0.071512631 | BI14: =BC14/AT14-1 -> -0.034422622 | BJ14: =AZ14/AW14-1 -> -0.007087959 | BK14: =BG14/AR14-1 -> -0.015845251 | BL14: =BD14/AU14-1 -> -0.013948157 | BM14: =BA14/AX14-1 -> -0.013718143 | BN14: =BH14-BK14 -> -0.05566738 | BO14: 106 | BP14: =BI14-BL14 -> -0.020474465 | BQ14: 97 | BR14: =BJ14-BM14 -> 0.0066301838 | BS14: 65 | BT14: =AJ14 -> lateral | BU14: =BQ14-BS14 -> 32
A15: 219. | B15: 1909419310 | C15: 2932029320 | D15: 42837 | E15: 42837 | F15: 42453 | G15: VA AUTOMOTIVE I HASSLEHOLM AB | H15: SE | I15: SE5567679625 | J15: Automotive industry components manufacturer holding company | K15: 29320 | L15: =MID(K15,1,3) -> 293 | M15: Manufacture of other parts and accessories for motor vehicles | N15: SE0006426508 | O15: Nasdaq OMX - Stockholm | P15: NOCO AB | Q15: SE | R15: SE5561619858 | S15: Motor vehicle chair and seat manufacturer | T15: 29320 | U15: =MID(T15,1,3) -> 293 | V15: Manufacture of other parts and accessories for motor vehicles | W15: Acquisition 100% | X15: Completed | Y15: 218.59 | Z15: 4799.6704 | AA15: n.a. | AB15: n.a. | AC15: n.a. | AD15: n.a. | AE15: n.a. | AF15: -447.46728 | AG15: -483.97689 | AH15: -409.07264 | AI15: =Y15/Z15 -> 0.045542711 | AJ15: =VLOOKUP(C15,Richtungsmatrix!$A$2:$E$133,5,FALSE) -> horizontal | AK15: SE0006426508 | AL15: Nasdaq OMX - Stockholm | AM15: SWEDOMX | AN15: 42837 | AP15: 42827 | AQ15: 69.18 | AR15: 1583.66 | AS15: 42835 | AT15: 69.39 | AU15: 1569.8 | AV15: 42836 | AW15: 67.14 | AX15: 1572.1 | AY15: 42838 | AZ15: 66.53 | BA15: 1573.77 | BB15: 42839 | BC15: 66.53 | BD15: 1572.81 | BE15: 42847 | BF15: 65.92 | BG15: 1568.49 | BH15: =BF15/AQ15-1 -> -0.047123446 | BI15: =BC15/AT15-1 -> -0.041216314 | BJ15: =AZ15/AW15-1 -> -0.009085493 | BK15: =BG15/AR15-1 -> -0.0095790763 | BL15: =BD15/AU15-1 -> 0.0019174417 | BM15: =BA15/AX15-1 -> 0.0010622734 | BN15: =BH15-BK15 -> -0.03754437 | BO15: 99 | BP15: =BI15-BL15 -> -0.043133755 | BQ15: 115 | BR15: =BJ15-BM15 -> -0.010147766 | BS15: 87 | BT15: =AJ15 -> horizontal | BU15: =BQ15-BS15 -> 28
A16: 182. | B16: 1909529259 | C16: 2932046740 | D16: 42724 | E16: 42724 | F16: 42724 | G16: ENTEREX INTERNATIONAL LTD | H16: KY | I16: KY40604FC | J16: Automobile components manufacturing holding company | K16: 29320 | L16: =MID(K16,1,3) -> 293 | M16: Manufacture of other parts and accessories for motor vehicles | N16: KYG316231045 | O16: Taiwan Stock Exchange | P16: AVA BENELUX BV | Q16: NL | R16: NL14008436 | S16: Automotive engine cooling and air conditioning products wholesalers | T16: 46740 | U16: =MID(T16,1,3) -> 467 | V16: Wholesale of hardware, plumbing and heating equipment and supplies | W16: Acquisition 76.23% and 100% | X16: Completed | Y16: 6000 | Z16: 157535.46 | AA16: 81731.644 | AB16: 78322.276 | AC16: 12773.593 | AD16: 5331.0946 | AE16: 4365.3181 | AF16: 19360.558 | AG16: 9709.7174 | AH16: 8852.1102 | AI16: =Y16/Z16 -> 0.038086663 | AJ16: =VLOOKUP(C16,Richtungsmatrix!$A$2:$E$133,5,FALSE) -> lateral | AK16: KYG316231045 | AL16: Taiwan Stock Exchange | AM16: TAIWGHT | AN16: 42724 | AP16: 42714 | AQ16: 139.59 | AR16: 9383.07 | AS16: 42722 | AT16: 151.91 | AU16: 9352.27 | AV16: 42723 | AW16: 147.04 | AX16: 9316.06 | AY16: 42725 | AZ16: 154.2 | BA16: 9234.94 | BB16: 42726 | BC16: 151.91 | BD16: 9204.29 | BE16: 42734 | BF16: 153.06 | BG16: 9186.3 | BH16: =BF16/AQ16-1 -> 0.096496884 | BI16: =BC16/AT16-1 -> 0 | BJ16: =AZ16/AW16-1 -> 0.048694233 | BK16: =BG16/AR16-1 -> -0.020970748 | BL16: =BD16/AU16-1 -> -0.015822896 | BM16: =BA16/AX16-1 -> -0.0087075437 | BN16: =BH16-BK16 -> 0.11746763 | BO16: 19 | BP16: =BI16-BL16 -> 0.015822896 | BQ16: 45 | BR16: =BJ16-BM16 -> 0.057401777 | BS16: 18 | BT16: =AJ16 -> lateral | BU16: =BQ16-BS16 -> 27
A17: 9. | B17: 1909559432 | C17: 2910028220 | D17: 42817 | E17: 42875 | F17: 42817 | G17: TOYOTA INDUSTRIES CORPORATION | H17: JP | I17: JP3180301014273 | J17: Car manufacturer | K17: 29100 | L17: =MID(K17,1,3) -> 291 | M17: Manufacture of motor vehicles | N17: JP3634600005 | O17: Tokyo Stock Exchange | P17: VANDERLANDE INDUSTRIES HOLDING BV | Q17: NL | R17: NL16055699 | S17: Automated handling systems manufacturer | T17: 28220 | U17: =MID(T17,1,3) -> 282 | V17: Manufacture of lifting and handling equipment | W17: Acquisition 100% | X17: Completed | Y17: 1160000 | Z17: 12857863 | AA17: 17347721 | AB17: 11396758 | AC17: 1196186.1 | AD17: 599258.33 | AE17: 494063.91 | AF17: 331367.55 | AG17: 380626.54 | AH17: 424005.18 | AI17: =Y17/Z17 -> 0.090217169 | AJ17: =VLOOKUP(C17,Richtungsmatrix!$A$2:$E$133,5,FALSE) -> lateral | AK17: JP3634600005 | AL17: Tokyo Stock Exchange | AM17: TOKYOSE | AN17: 42817 | AP17: 42807 | AQ17: 6506.9 | AR17: 1570.33 | AS17: 42815 | AT17: 6461.79 | AU17: 1560.62 | AV17: 42816 | AW17: 6236.25 | AX17: 1540.26 | AY17: 42818 | AZ17: 6281.36 | BA17: 1530.05 | BB17: 42819 | BC17: 6281.36 | BD17: 1530.05 | BE17: 42827 | BF17: 6308.89 | BG17: 1537.3 | BH17: =BF17/AQ17-1 -> -0.030430773 | BI17: =BC17/AT17-1 -> -0.027922603 | BJ17: =AZ17/AW17-1 -> 0.0072335137 | BK17: =BG17/AR17-1 -> -0.021033795 | BL17: =BD17/AU17-1 -> -0.019588369 | BM17: =BA17/AX17-1 -> -0.006628751 | BN17: =BH17-BK17 -> -0.009396978 | BO17: 76 | BP17: =BI17-BL17 -> -0.0083342348 | BQ17: 81 | BR17: =BJ17-BM17 -> 0.013862265 | BS17: 54 | BT17: =AJ17 -> lateral | BU17: =BQ17-BS17 -> 27
A18: 102. | B18: 1907031919 | C18: 2910029100 | D18: 41706 | E18: 41759 | F18: 41691 | G18: CHONGQING CHANGAN AUTOMOBILE CO., LTD | H18: CN | I18: CN30053PC | J18: Automobile manufacturer | K18: 29100 | L18: =MID(K18,1,3) -> 291 | M18: Manufacture of motor vehicles | N18: CNE000000N14 | O18: Shenzhen Stock Exchange | P18: HEFEI CHANG'AN AUTOMOBILE CO., LTD | Q18: CN | R18: CN9367123795 | S18: Automobile manufacturer | T18: 29100 | U18: =MID(T18,1,3) -> 291 | V18: Manufacture of motor vehicles | W18: Acquisition 100% | X18: Completed | Y18: 51587.38 | Z18: 895319.42 | AA18: 1402594.3 | AB18: n.a. | AC18: n.a. | AD18: n.a. | AE18: n.a. | AF18: 75535.306 | AG18: -27741.411 | AH18: n.a. | AI18: =Y18/Z18 -> 0.057618967 | AJ18: =VLOOKUP(C18,Richtungsmatrix!$A$2:$E$133,5,FALSE) -> horizontal | AK18: CNE000000N14 | AL18: Shenzhen Stock Exchange | AM18: CN:COM | AN18: 41706 | AP18: 41696 | AQ18: 5325.18 | AR18: 0.75 | AS18: 41704 | AT18: 5306.82 | AU18: 0.75 | AV18: 41705 | AW18: 5325.18 | AX18: 0.76 | AY18: 41707 | AZ18: 5325.18 | BA18: 0.76 | BB18: 41708 | BC18: 5152.57 | BD18: 0.75 | BE18: 41716 | BF18: 5196.64 | BG18: 0.76 | BH18: =BF18/AQ18-1 -> -0.024138151 | BI18: =BC18/AT18-1 -> -0.029066371 | BJ18: =AZ18/AW18-1 -> 0 | BK18: =BG18/AR18-1 -> 0.013333333 | BL18: =BD18/AU18-1 -> 0 | BM18: =BA18/AX18-1 -> 0 | BN18: =BH18-BK18 -> -0.037471485 | BO18: 98 | BP18: =BI18-BL18 -> -0.029066371 | BQ18: 105 | BR18: =BJ18-BM18 -> 0 | BS18: 78 | BT18: =AJ18 -> horizontal | BU18: =BQ18-BS18 -> 27
A19: 97. | B19: 1907152275 | C19: 2932064201 | D19: 42477 | E19: 42500 | F19: 42477 | G19: CHINA FIRST CAPITAL GROUP LTD | H19: KY | I19: KY40166WB | J19: Shock absorber manufacturing holding company | K19: 29320 | L19: =MID(K19,1,3) -> 293 | M19: Manufacture of other parts and accessories for motor vehicles | N19: KYG2114R1103 | O19: Hong Kong Stock Exchange | P19: BRILLIANT RICH HOLDING LTD | Q19: VG | S19: Investment holding company | T19: 64201 | U19: =MID(T19,1,3) -> 642 | V19: Activities of agricultural holding companies | W19: Acquisition 100% | X19: Completed | Y19: 60196.93 | Z19: 1274171 | AA19: 228707.93 | AB19: 89720.042 | AC19: 21858.957 | AD19: -2682.0434 | AE19: 271.56029 | AF19: -997.73764 | AG19: 3744.8584 | AH19: 3750.442 | AI19: =Y19/Z19 -> 0.047243997 | AJ19: =VLOOKUP(C19,Richtungsmatrix!$A$2:$E$133,5,FALSE) -> lateral | AK19: KYG2114R1103 | AL19: Hong Kong Stock Exchange | AM19: K:HKEX | AN19: 42477 | AP19: 42467 | AQ19: 224.58 | AR19: 183.1 | AS19: 42475 | AT19: 223.46 | AU19: 193 | AV19: 42476 | AW19: 223.46 | AX19: 193 | AY19: 42478 | AZ19: 231.84 | BA19: 191 | BB19: 42479 | BC19: 229.05 | BD19: 195 | BE19: 42487 | BF19: 255.87 | BG19: 200.4 | BH19: =BF19/AQ19-1 -> 0.13932674 | BI19: =BC19/AT19-1 -> 0.025015663 | BJ19: =AZ19/AW19-1 -> 0.037501119 | BK19: =BG19/AR19-1 -> 0.094483889 | BL19: =BD19/AU19-1 -> 0.010362694 | BM19: =BA19/AX19-1 -> -0.010362694 | BN19: =BH19-BK19 -> 0.044842855 | BO19: 44 | BP19: =BI19-BL19 -> 0.014652968 | BQ19: 48 | BR19: =BJ19-BM19 -> 0.047863813 | BS19: 23 | BT19: =AJ19 -> lateral | BU19: =BQ19-BS19 -> 25
A20: 11. | B20: 1909258680 | C20: 2932029310 | D20: 42198 | E20: 42318 | F20: 42198 | G20: BORGWARNER INC. | H20: US | I20: US133404508 | J20: Automotive energy-efficient systems manufacturer | K20: 29320 | L20: =MID(K20,1,3) -> 293 | M20: Manufacture of other parts and accessories for motor vehicles | N20: US0997241064 | O20: New York Stock Exchange (NYSE) | P20: REMY INTERNATIONAL INC. | Q20: US | R20: US471744351 | S20: Automotive electrical components manufacturer holding company | T20: 29310 | U20: =MID(T20,1,3) -> 293 | V20: Manufacture of electrical and electronic equipment for motor vehicles | W20: Acquisition 100% | X20: Completed | Y20: 1115780 | Z20: 7969029.6 | AA20: n.a. | AB20: n.a. | AC20: n.a. | AD20: n.a. | AE20: n.a. | AF20: n.a. | AG20: n.a. | AH20: n.a. | AI20: =Y20/Z20 -> 0.14001454 | AJ20: =VLOOKUP(C20,Richtungsmatrix!$A$2:$E$133,5,FALSE) -> horizontal | AK20: US0997241064 | AL20: New York Stock Exchange (NYSE) | AM20: @NDAQ | AN20: 42198 | AO20: =AP20-1 -> 42187 | AP20: 42188 | AQ20: 2317.8 | AR20: 49.08 | AS20: 42196 | AT20: 2156.18 | AU20: 50.17 | AV20: 42197 | AW20: 2156.18 | AX20: 50.17 | AY20: 42199 | AZ20: 2193.17 | BA20: 50.67 | BB20: 42200 | BC20: 2164.22 | BD20: 51.06 | BE20: 42208 | BF20: 2078.99 | BG20: 50.89 | BH20: =BF20/AQ20-1 -> -0.10303305 | BI20: =BC20/AT20-1 -> 0.0037288167 | BJ20: =AZ20/AW20-1 -> 0.01715534 | BK20: =BG20/AR20-1 -> 0.036878566 | BL20: =BD20/AU20-1 -> 0.017739685 | BM20: =BA20/AX20-1 -> 0.0099661152 | BN20: =BH20-BK20 -> -0.13991161 | BO20: 128 | BP20: =BI20-BL20 -> -0.014010868 | BQ20: 88 | BR20: =BJ20-BM20 -> 0.0071892243 | BS20: 63 | BT20: =AJ20 -> horizontal | BU20: =BQ20-BS20 -> 25
A21: 150. | B21: 1907000523 | C21: 2899029320 | D21: 41456 | E21: 41456 | F21: 41456 | G21: WOOSHIN SYSTEMS CO., LTD | H21: KR | I21: KR1101110366719 | J21: Automotive body assembly system manufacturer | K21: 28990 | L21: =MID(K21,1,3) -> 289 | M21: Manufacture of other special-purpose machinery n.e.c. | N21: KR7017370008 | O21: Korea Stock Exchange | P21: DBI INC. | Q21: KR | R21: KR1301110006816 | S21: Motor vehicles parts manufacturer | T21: 29320 | U21: =MID(T21,1,3) -> 293 | V21: Manufacture of other parts and accessories for motor vehicles | W21: Acquisition 100% | X21: Completed | Y21: 14142.08 | Z21: 54013.127 | AA21: 56343.227 | AB21: 27885.662 | AC21: 5208.4559 | AD21: 6824.3439 | AE21: 5049.7941 | AF21: 808.53544 | AG21: 6105.1238 | AH21: 6988.4291 | AI21: =Y21/Z21 -> 0.26182672 | AJ21: =VLOOKUP(C21,Richtungsmatrix!$A$2:$E$133,5,FALSE) -> lateral | AK21: KR7017370008 | AL21: Korea Stock Exchange | AM21: KORCOMP | AN21: 41456 | AP21: 41446 | AQ21: 138.77 | AR21: 1806.4 | AS21: 41454 | AT21: 148.15 | AU21: 1844.6 | AV21: 41455 | AW21: 148.15 | AX21: 1844.6 | AY21: 41457 | AZ21: 151.9 | BA21: 1861.26 | BB21: 41458 | BC21: 148.15 | BD21: 1854.29 | BE21: 41466 | BF21: 144.13 | BG21: 1840.34 | BH21: =BF21/AQ21-1 -> 0.038625063 | BI21: =BC21/AT21-1 -> 0 | BJ21: =AZ21/AW21-1 -> 0.025312184 | BK21: =BG21/AR21-1 -> 0.018788751 | BL21: =BD21/AU21-1 -> 0.0052531714 | BM21: =BA21/AX21-1 -> 0.0090317684 | BN21: =BH21-BK21 -> 0.019836312 | BO21: 57 | BP21: =BI21-BL21 -> -0.0052531714 | BQ21: 73 | BR21: =BJ21-BM21 -> 0.016280415 | BS21: 49 | BT21: =AJ21 -> lateral | BU21: =BQ21-BS21 -> 24
A22: 148. | B22: 1907155631 | C22: 2932029320 | D22: 42573 | E22: 42700 | F22: 42500 | G22: ZHEJIANG VIE SCIENCE & TECHNOLOGY CO., LTD | H22: CN | I22: CN40361PC | J22: Automobile braking system and other parts manufacturer | K22: 29320 | L22: =MID(K22,1,3) -> 293 | M22: Manufacture of other parts and accessories for motor vehicles | N22: CNE1000013Y3 | O22: Shenzhen Stock Exchange | P22: ZHEJIANG VIE PUMP-MANU CO., LTD | Q22: CN | S22: Automotive power steering pump equipment manufacturer | T22: 29320 | U22: =MID(T22,1,3) -> 293 | V22: Manufacture of other parts and accessories for motor vehicles | W22: Acquisition 100% | X22: Completed | Y22: 15051.81 | Z22: 1003143 | AA22: 1269783.4 | AB22: n.a. | AC22: 17303.813 | AD22: 12905.643 | AE22: 10073.116 | AF22: 26838.219 | AG22: 19147.493 | AH22: 15456.151 | AI22: =Y22/Z22 -> 0.01500465 | AJ22: =VLOOKUP(C22,Richtungsmatrix!$A$2:$E$133,5,FALSE) -> horizontal | AK22: CNE1000013Y3 | AL22: Shenzhen Stock Exchange | AM22: CN:COM | AN22: 42573 | AP22: 42563 | AQ22: 733.46 | AR22: 1.12 | AS22: 42571 | AT22: 735.17 | AU22: 1.14 | AV22: 42572 | AW22: 724.41 | AX22: 1.14 | AY22: 42574 | AZ22: 743.24 | BA22: 1.15 | BB22: 42575 | BC22: 743.24 | BD22: 1.15 | BE22: 42583 | BF22: 583.29 | BG22: 1.1 | BH22: =BF22/AQ22-1 -> -0.20474191 | BI22: =BC22/AT22-1 -> 0.010977053 | BJ22: =AZ22/AW22-1 -> 0.025993567 | BK22: =BG22/AR22-1 -> -0.017857143 | BL22: =BD22/AU22-1 -> 0.0087719298 | BM22: =BA22/AX22-1 -> 0.0087719298 | BN22: =BH22-BK22 -> -0.18688477 | BO22: 131 | BP22: =BI22-BL22 -> 0.0022051231 | BQ22: 65 | BR22: =BJ22-BM22 -> 0.017221637 | BS22: 47 | BT22: =AJ22 -> horizontal | BU22: =BQ22-BS22 -> 18
A23: 205. | B23: 1633076674 | C23: 2932029320 | D23: 41046 | E23: 41467 | F23: 41046 | G23: ZHEJIANG SHIBAO CO., LTD | H23: CN | I23: CN31346PC | J23: Automobile steering column manufacturer | K23: 29320 | L23: =MID(K23,1,3) -> 293 | M23: Manufacture of other parts and accessories for motor vehicles | N23: CNE1000004W6 | O23: Hong Kong Stock Exchange | P23: CHANGCHUN SHILI AUTOMOTIVE BRAKE PARTS CO., LTD | Q23: CN | S23: Non-asbestos brake pads and parts manufacturer | T23: 29320 | U23: =MID(T23,1,3) -> 293 | V23: Manufacture of other parts and accessories for motor vehicles | W23: Acquisition 90% | X23: Completed | Y23: 1302.13 | Z23: 65971.263 | AA23: 71599.703 | AB23: n.a. | AC23: n.a. | AD23: n.a. | AE23: n.a. | AF23: 180.1733 | AG23: 148.68047 | AH23: n.a. | AI23: =Y23/Z23 -> 0.019737836 | AJ23: =VLOOKUP(C23,Richtungsmatrix!$A$2:$E$133,5,FALSE) -> horizontal | AK23: CNE1000004W6 | AL23: Hong Kong Stock Exchange | AM23: K:HKEX | AN23: 41046 | AP23: 41036 | AQ23: 212.28 | AR23: 122.2 | AS23: 41044 | AT23: 216.83 | AU23: 114.6 | AV23: 41045 | AW23: 204.7 | AX23: 113.1 | AY23: 41047 | AZ23: 215.31 | BA23: 109 | BB23: 41048 | BC23: 215.31 | BD23: 109 | BE23: 41056 | BF23: 219.86 | BG23: 109.6 | BH23: =BF23/AQ23-1 -> 0.035707556 | BI23: =BC23/AT23-1 -> -0.0070101001 | BJ23: =AZ23/AW23-1 -> 0.051831949 | BK23: =BG23/AR23-1 -> -0.10310966 | BL23: =BD23/AU23-1 -> -0.04886562 | BM23: =BA23/AX23-1 -> -0.036251105 | BN23: =BH23-BK23 -> 0.13881721 | BO23: 15 | BP23: =BI23-BL23 -> 0.041855519 | BQ23: 27 | BR23: =BJ23-BM23 -> 0.088083054 | BS23: 10 | BT23: =AJ23 -> horizontal | BU23: =BQ23-BS23 -> 17
A24: 158. | B24: 1909036896 | C24: 2910029201 | D24: 41578 | E24: 41578 | F24: 41578 | G24: THOR INDUSTRIES INC. | H24: US | I24: US930768752 | J24: Caravans and recreational vehicles manufacturer | K24: 29100 | L24: =MID(K24,1,3) -> 291 | M24: Manufacture of motor vehicles | N24: US8851601018 | O24: New York Stock Exchange (NYSE) | P24: BISON COACH LLC'S NET ASSETS | Q24: US | S24: Travel and horse trailers manufacturer | T24: 29201 | U24: =MID(T24,1,3) -> 292 | V24: Manufacture of bodies (coachwork) for motor vehicles (except caravans) | W24: Acquisition 100% | X24: Completed | Y24: 12242 | Z24: 3810852.3 | AA24: n.a. | AB24: n.a. | AC24: n.a. | AD24: n.a. | AE24: n.a. | AF24: n.a. | AG24: n.a. | AH24: n.a. | AI24: =Y24/Z24 -> 0.0032124047 | AJ24: =VLOOKUP(C24,Richtungsmatrix!$A$2:$E$133,5,FALSE) -> vertikal | AK24: US8851601018 | AL24: New York Stock Exchange (NYSE) | AM24: @NDAQ | AN24: 41578 | AP24: 41568 | AQ24: 9907.23 | AR24: 34.1 | AS24: 41576 | AT24: 9971.55 | AU24: 35.79 | AV24: 41577 | AW24: 9834.46 | AX24: 35.94 | AY24: 41579 | AZ24: 9741.38 | BA24: 35.42 | BB24: 41580 | BC24: 9741.38 | BD24: 35.42 | BE24: 41588 | BF24: 9024.9 | BG24: 35.25 | BH24: =BF24/AQ24-1 -> -0.089059202 | BI24: =BC24/AT24-1 -> -0.02308267 | BJ24: =AZ24/AW24-1 -> -0.0094646783 | BK24: =BG24/AR24-1 -> 0.03372434 | BL24: =BD24/AU24-1 -> -0.010338083 | BM24: =BA24/AX24-1 -> -0.014468559 | BN24: =BH24-BK24 -> -0.12278354 | BO24: 124 | BP24: =BI24-BL24 -> -0.012744587 | BQ24: 86 | BR24: =BJ24-BM24 -> 0.0050038804 | BS24: 69 | BT24: =AJ24 -> vertikal | BU24: =BQ24-BS24 -> 17
A25: 218. | B25: 1909025974 | C25: 2932029320 | D25: 41737 | E25: 41884 | F25: 41544 | G25: INTER GROCLIN AUTO SA | H25: PL | I25: PL970679408 | J25: Car upholstery manufacturer | K25: 29320 | L25: =MID(K25,1,3) -> 293 | M25: Manufacture of other parts and accessories for motor vehicles | N25: PLINTGR00013 | O25: Warsaw Stock Exchange | P25: SEATCON AG | Q25: DE | R25: DE7330921239 | S25: Car seats manufacturer | T25: 29320 | U25: =MID(T25,1,3) -> 293 | V25: Manufacture of other parts and accessories for motor vehicles | W25: Acquisition 83.96% | X25: Completed | Y25: 280 | Z25: 42144.701 | AA25: 34096.604 | AB25: 25949.427 | AC25: n.a. | AD25: n.a. | AE25: n.a. | AF25: -3859.0789 | AG25: -5928.7096 | AH25: -2277.8873 | AI25: =Y25/Z25 -> 0.0066437772 | AJ25: =VLOOKUP(C25,Richtungsmatrix!$A$2:$E$133,5,FALSE) -> horizontal | AK25: PLINTGR00013 | AL25: Warsaw Stock Exchange | AM25: PO:GPW | AN25: 41737 | AP25: 41727 | AQ25: 23.22 | AR25: 38.75 | AS25: 41735 | AT25: 23.05 | AU25: 39.8 | AV25: 41736 | AW25: 20.86 | AX25: 38.77 | AY25: 41738 | AZ25: 19.78 | BA25: 38.42 | BB25: 41739 | BC25: 19.25 | BD25: 39.11 | BE25: 41747 | BF25: 17.02 | BG25: 38.1 | BH25: =BF25/AQ25-1 -> -0.2670112 | BI25: =BC25/AT25-1 -> -0.164859 | BJ25: =AZ25/AW25-1 -> -0.05177373 | BK25: =BG25/AR25-1 -> -0.016774194 | BL25: =BD25/AU25-1 -> -0.017336683 | BM25: =BA25/AX25-1 -> -0.0090275987 | BN25: =BH25-BK25 -> -0.250237 | BO25: 133 | BP25: =BI25-BL25 -> -0.14752232 | BQ25: 132 | BR25: =BJ25-BM25 -> -0.042746131 | BS25: 115 | BT25: =AJ25 -> horizontal | BU25: =BQ25-BS25 -> 17
A26: 101. | B26: 1907049197 | C26: 2932025210 | D26: 41925 | E26: 41947 | F26: 40829 | G26: DAYOU AUTOMOTIVE SEAT TECHNOLOGY CO., LTD | H26: KR | I26: KR1115110000136 | J26: Motor vehicle seats manufacturer | K26: 29320 | L26: =MID(K26,1,3) -> 293 | M26: Manufacture of other parts and accessories for motor vehicles | N26: KR7002880003 | O26: Korea Stock Exchange | P26: WINIAMANDO INC. | Q26: KR | R26: KR1648110015300 | S26: Air conditioner manufacturer | T26: 25210 | U26: =MID(T26,1,3) -> 252 | V26: Manufacture of central heating radiators and boilers | W26: Acquisition 60.341% | X26: Completed | Y26: 51749.07 | Z26: 120325.15 | AA26: 156889.28 | AB26: 104791.63 | AC26: 5102.2214 | AD26: 1687.4757 | AE26: 1082.9643 | AF26: 10771.521 | AG26: 9680.4974 | AH26: 4751.6899 | AI26: =Y26/Z26 -> 0.43007693 | AJ26: =VLOOKUP(C26,Richtungsmatrix!$A$2:$E$133,5,FALSE) -> lateral | AK26: KR7002880003 | AL26: Korea Stock Exchange | AM26: KORCOMP | AN26: 41925 | AO26: =AP26-1 -> 41914 | AP26: 41915 | AQ26: 416.5 | AR26: 1984.43 | AS26: 41923 | AT26: 373.16 | AU26: 1953.98 | AV26: 41924 | AW26: 373.16 | AX26: 1953.98 | AY26: 41926 | AZ26: 380.38 | BA26: 1933.45 | BB26: 41927 | BC26: 374.36 | BD26: 1932.11 | BE26: 41935 | BF26: 471.87 | BG26: 1932.43 | BH26: =BF26/AQ26-1 -> 0.13294118 | BI26: =BC26/AT26-1 -> 0.0032157788 | BJ26: =AZ26/AW26-1 -> 0.019348269 | BK26: =BG26/AR26-1 -> -0.026203998 | BL26: =BD26/AU26-1 -> -0.01119254 | BM26: =BA26/AX26-1 -> -0.010506761 | BN26: =BH26-BK26 -> 0.15914517 | BO26: 13 | BP26: =BI26-BL26 -> 0.014408319 | BQ26: 51 | BR26: =BJ26-BM26 -> 0.029855029 | BS26: 35 | BT26: =AJ26 -> lateral | BU26: =BQ26-BS26 -> 16
A27: 210. | B27: 1907024463 | C27: 2920125110 | D27: 41638 | E27: 41648 | F27: 41638 | G27: TMT MOTOR CORPORATION | H27: VN | I27: VN0103014956 | J27: Vans and trucks manufacturer | K27: 29201 | L27: =MID(K27,1,3) -> 292 | M27: Manufacture of bodies (coachwork) for motor vehicles (except caravans) | N27: VN000000TMT9 | O27: HoChiMinh Stock Exchange | P27: 30.4 DESIGN CONSULTING, CONSTRUCTION AND MECHANICAL JOINT STOCK COMPANY | Q27: VN | S27: Construction steel structure manufacturer | T27: 25110 | U27: =MID(T27,1,3) -> 251 | V27: Manufacture of metal structures and parts of structures | W27: Acquisition 68.114% | X27: Completed | Y27: 572 | Z27: 22577.258 | AA27: 65119.316 | AB27: 20054.448 | AC27: 2037.4193 | AD27: 7830.9604 | AE27: 2411.7288 | AF27: 6941.7532 | AG27: 13527.95 | AH27: 4092.4281 | AI27: =Y27/Z27 -> 0.025335229 | AJ27: =VLOOKUP(C27,Richtungsmatrix!$A$2:$E$133,5,FALSE) -> vertikal | AK27: VN000000TMT9 | AL27: HoChiMinh Stock Exchange | AM27: HNX30IN | AN27: 41638 | AP27: 41628 | AQ27: 23.03 | AR27: 129.05 | AS27: 41636 | AT27: 23.03 | AU27: 128.64 | AV27: 41637 | AW27: 23.03 | AX27: 128.64 | AY27: 41639 | AZ27: 22.14 | BA27: 124.96 | BB27: 41640 | BC27: 22.14 | BD27: 127.15 | BE27: 41648 | BF27: 25.24 | BG27: 132.87 | BH27: =BF27/AQ27-1 -> 0.095961789 | BI27: =BC27/AT27-1 -> -0.038645245 | BJ27: =AZ27/AW27-1 -> -0.038645245 | BK27: =BG27/AR27-1 -> 0.02960093 | BL27: =BD27/AU27-1 -> -0.011582711 | BM27: =BA27/AX27-1 -> -0.028606965 | BN27: =BH27-BK27 -> 0.066360859 | BO27: 33 | BP27: =BI27-BL27 -> -0.027062534 | BQ27: 101 | BR27: =BJ27-BM27 -> -0.01003828 | BS27: 86 | BT27: =AJ27 -> vertikal | BU27: =BQ27-BS27 -> 15
A28: 119. | B28: 1601361150 | C28: 6201129320 | D28: 41011 | E28: 41129 | F28: 41011 | G28: ARC WIRELESS SOLUTIONS INC. | H28: US | I28: US870454148 | J28: Wireless software solutions provider | K28: 62011 | L28: =MID(K28,1,3) -> 620 | M28: Ready-made interactive leisure and entertainment software development | N28: US00213H1059 | O28: NASDAQ National Market | P28: ADVANCED FORMING TECHNOLOGY INC. | Q28: US | R28: US149200149L | S28: Metal injection moulding components manufacturer | T28: 29320 | U28: =MID(T28,1,3) -> 293 | V28: Manufacture of other parts and accessories for motor vehicles | W28: Acquisition | X28: Completed | Y28: 34692 | Z28: 41010.976 | AA28: n.a. | AB28: n.a. | AC28: n.a. | AD28: n.a. | AE28: n.a. | AF28: n.a. | AG28: n.a. | AH28: n.a. | AI28: =Y28/Z28 -> 0.84591988 | AJ28: =VLOOKUP(C28,Richtungsmatrix!$A$2:$E$133,5,FALSE) -> lateral | AK28: US00213H1059 | AL28: NASDAQ National Market | AM28: @NDAQ | AN28: 41011 | AP28: 41001 | AQ28: 155 | AR28: 25.82 | AS28: 41009 | AT28: 162.5 | AU28: 25.17 | AV28: 41010 | AW28: 147.5 | AX28: 24.89 | AY28: 41012 | AZ28: 169.95 | BA28: 24.82 | BB28: 41013 | BC28: 169.95 | BD28: 24.82 | BE28: 41021 | BF28: 176.99 | BG28: 24.81 | BH28: =BF28/AQ28-1 -> 0.14187097 | BI28: =BC28/AT28-1 -> 0.045846154 | BJ28: =AZ28/AW28-1 -> 0.15220339 | BK28: =BG28/AR28-1 -> -0.039116964 | BL28: =BD28/AU28-1 -> -0.013905443 | BM28: =BA28/AX28-1 -> -0.0028123744 | BN28: =BH28-BK28 -> 0.18098793 | BO28: 12 | BP28: =BI28-BL28 -> 0.059751597 | BQ28: 20 | BR28: =BJ28-BM28 -> 0.15501576 | BS28: 6 | BT28: =AJ28 -> lateral | BU28: =BQ28-BS28 -> 14
A29: 212. | B29: 1601453439 | C29: 2931029320 | D29: 41340 | E29: 41340 | F29: 41340 | G29: LANDI RENZO SPA | H29: IT | I29: IT00523300358 | J29: Car fuel system manufacturer | K29: 29310 | L29: =MID(K29,1,3) -> 293 | M29: Manufacture of electrical and electronic equipment for motor vehicles | N29: IT0004210289 | O29: Borsa Italiana - MTA (Mercato Telematico Azionario) | P29: EMMEGAS SPA | Q29: IT | R29: IT01545880351 | S29: Automotive methane and LPG fuel valves manufacturer | T29: 29320 | U29: =MID(T29,1,3) -> 293 | V29: Manufacture of other parts and accessories for motor vehicles | W29: Acquisition 70% | X29: Completed | Y29: 475 | Z29: 83756.248 | AA29: 111375 | AB29: 134774.99 | AC29: n.a. | AD29: n.a. | AE29: n.a. | AF29: -22289 | AG29: -10898 | AH29: -10190 | AI29: =Y29/Z29 -> 0.0056712187 | AJ29: =VLOOKUP(C29,Richtungsmatrix!$A$2:$E$133,5,FALSE) -> horizontal | AK29: IT0004210289 | AL29: Borsa Italiana - MTA (Mercato Telematico Azionario) | AM29: FTSEMIB | AN29: 41340 | AP29: 41330 | AQ29: 40.18 | AR29: 16324.95 | AS29: 41338 | AT29: 39.96 | AU29: 15663.65 | AV29: 41339 | AW29: 40.31 | AX29: 15980.46 | AY29: 41341 | AZ29: 41.35 | BA29: 16029.67 | BB29: 41342 | BC29: 41.35 | BD29: 16029.67 | BE29: 41350 | BF29: 40.78 | BG29: 16176.54 | BH29: =BF29/AQ29-1 -> 0.014932802 | BI29: =BC29/AT29-1 -> 0.034784785 | BJ29: =AZ29/AW29-1 -> 0.02580005 | BK29: =BG29/AR29-1 -> -0.0090909926 | BL29: =BD29/AU29-1 -> 0.023367478 | BM29: =BA29/AX29-1 -> 0.0030793857 | BN29: =BH29-BK29 -> 0.024023795 | BO29: 54 | BP29: =BI29-BL29 -> 0.011417307 | BQ29: 55 | BR29: =BJ29-BM29 -> 0.022720664 | BS29: 41 | BT29: =AJ29 -> horizontal | BU29: =BQ29-BS29 -> 14
A30: 144. | B30: 1601395078 | C30: 6512029310 | D30: 41135 | E30: 41135 | F30: 41135 | G30: FIDELITY NATIONAL FINANCIAL INC. | H30: US | I30: US161725106 | J30: Title insurance services holding company | K30: 65120 | L30: =MID(K30,1,3) -> 651 | M30: Non-life insurance | N30: US31620R3030 | O30: New York Stock Exchange (NYSE) | P30: REMY INTERNATIONAL INC. (OLD) | Q30: US | R30: US471744351 | S30: Automotive electrical components manufacturer | T30: 29310 | U30: =MID(T30,1,3) -> 293 | V30: Manufacture of electrical and electronic equipment for motor vehicles | W30: Acquisition increased from 39.2% to 50.2% | X30: Completed | Y30: 17264 | Z30: 8761448.3 | AA30: n.a. | AB30: n.a. | AC30: n.a. | AD30: n.a. | AE30: n.a. | AF30: n.a. | AG30: n.a. | AH30: n.a. | AI30: =Y30/Z30 -> 0.0019704505 | AJ30: =VLOOKUP(C30,Richtungsmatrix!$A$2:$E$133,5,FALSE) -> lateral | AK30: US31620R3030 | AL30: New York Stock Exchange (NYSE) | AM30: @NDAQ | AN30: 41135 | AP30: 41125 | AQ30: 98.69 | AR30: 23.07 | AS30: 41133 | AT30: 100.99 | AU30: 23.2 | AV30: 41134 | AW30: 100.88 | AX30: 23.38 | AY30: 41136 | AZ30: 101.95 | BA30: 23.14 | BB30: 41137 | BC30: 102.06 | BD30: 23.22 | BE30: 41145 | BF30: 101.95 | BG30: 22.76 | BH30: =BF30/AQ30-1 -> 0.033032729 | BI30: =BC30/AT30-1 -> 0.010595108 | BJ30: =AZ30/AW30-1 -> 0.010606661 | BK30: =BG30/AR30-1 -> -0.013437365 | BL30: =BD30/AU30-1 -> 0.00086206897 | BM30: =BA30/AX30-1 -> -0.010265184 | BN30: =BH30-BK30 -> 0.046470093 | BO30: 42 | BP30: =BI30-BL30 -> 0.0097330395 | BQ30: 57 | BR30: =BJ30-BM30 -> 0.020871845 | BS30: 43 | BT30: =AJ30 -> lateral | BU30: =BQ30-BS30 -> 14
A31: 118. | B31: 1601417569 | C31: 3030029320 | D31: 41218 | E31: 41218 | F31: 41218 | G31: SENIOR PLC | H31: GB | I31: GB00282772 | J31: High technology aerospace components and systems manufacturer | K31: 30300 | L31: =MID(K31,1,3) -> 303 | M31: Manufacture of air and spacecraft and related machinery | N31: GB0007958233 | O31: London Stock Exchange | P31: GAMCO ACQUISITION COMPANY | Q31: US | S31: Land vehicle engineered high-precision machined steel components manufacturer holding company | T31: 29320 | U31: =MID(T31,1,3) -> 293 | V31: Manufacture of other parts and accessories for motor vehicles | W31: Acquisition 100% | X31: Completed | Y31: 35098 | Z31: 951068.85 | AA31: 1311344.8 | AB31: 1629600 | AC31: 52984.61 | AD31: 66016.485 | AE31: 81633.116 | AF31: 80177.152 | AG31: 104401.33 | AH31: 118528.71 | AI31: =Y31/Z31 -> 0.036903743 | AJ31: =VLOOKUP(C31,Richtungsmatrix!$A$2:$E$133,5,FALSE) -> lateral | AK31: GB0007958233 | AL31: London Stock Exchange | AM31: FTSE100 | AN31: 41218 | AP31: 41208 | AQ31: 80236.75 | AR31: 5805.05 | AS31: 41216 | AT31: 82907.13 | AU31: 5861.92 | AV31: 41217 | AW31: 82907.13 | AX31: 5861.92 | AY31: 41219 | AZ31: 83741.63 | BA31: 5839.06 | BB31: 41220 | BC31: 83324.38 | BD31: 5884.9 | BE31: 41228 | BF31: 78651.19 | BG31: 5722.01 | BH31: =BF31/AQ31-1 -> -0.01976102 | BI31: =BC31/AT31-1 -> 0.0050327396 | BJ31: =AZ31/AW31-1 -> 0.010065479 | BK31: =BG31/AR31-1 -> -0.014304786 | BL31: =BD31/AU31-1 -> 0.0039202173 | BM31: =BA31/AX31-1 -> -0.0038997462 | BN31: =BH31-BK31 -> -0.0054562334 | BO31: 72 | BP31: =BI31-BL31 -> 0.0011125224 | BQ31: 66 | BR31: =BJ31-BM31 -> 0.013965225 | BS31: 52 | BT31: =AJ31 -> lateral | BU31: =BQ31-BS31 -> 14
A32: 112. | B32: 1909007752 | C32: 2932029320 | D32: 41491 | E32: 41491 | F32: 41441 | G32: SHILOH INDUSTRIES INC. | H32: US | I32: US510347683 | J32: Automotive lightweighting, noise, vibration and harshness solutions manufacturer | K32: 29320 | L32: =MID(K32,1,3) -> 293 | M32: Manufacture of other parts and accessories for motor vehicles | N32: US8245431023 | O32: NASDAQ National Market | P32: CONTECH CASTINGS LLC | Q32: US | R32: US223305902 | S32: Automotive high-pressure aluminum die cast parts manufacturer | T32: 29320 | U32: =MID(T32,1,3) -> 293 | V32: Manufacture of other parts and accessories for motor vehicles | W32: Acquisition 100% | X32: Completed | Y32: 40967 | Z32: 116803.2 | AA32: n.a. | AB32: n.a. | AC32: n.a. | AD32: n.a. | AE32: n.a. | AF32: n.a. | AG32: n.a. | AH32: n.a. | AI32: =Y32/Z32 -> 0.35073527 | AJ32: =VLOOKUP(C32,Richtungsmatrix!$A$2:$E$133,5,FALSE) -> horizontal | AK32: US8245431023 | AL32: NASDAQ National Market | AM32: @NDAQ | AN32: 41491 | AP32: 41481 | AQ32: 161.92 | AR32: 32.95 | AS32: 41489 | AT32: 154.96 | AU32: 33.14 | AV32: 41490 | AW32: 154.96 | AX32: 33.14 | AY32: 41492 | AZ32: 153.59 | BA32: 32.67 | BB32: 41493 | BC32: 150.61 | BD32: 32.49 | BE32: 41501 | BF32: 153.34 | BG32: 31.67 | BH32: =BF32/AQ32-1 -> -0.05298913 | BI32: =BC32/AT32-1 -> -0.02807176 | BJ32: =AZ32/AW32-1 -> -0.0088409912 | BK32: =BG32/AR32-1 -> -0.038846737 | BL32: =BD32/AU32-1 -> -0.01961376 | BM32: =BA32/AX32-1 -> -0.014182257 | BN32: =BH32-BK32 -> -0.014142393 | BO32: 78 | BP32: =BI32-BL32 -> -0.0084580006 | BQ32: 82 | BR32: =BJ32-BM32 -> 0.0053412659 | BS32: 68 | BT32: =AJ32 -> horizontal | BU32: =BQ32-BS32 -> 14
A33: 142. | B33: 1907159003 | C33: 2899029201 | D33: 42520 | E33: 42725 | F33: 42520 | G33: HUNAN JIANGNAN RED ARROW CO., LTD | H33: CN | I33: CN31431PC | J33: Cylinder liner manufacturer | K33: 28990 | L33: =MID(K33,1,3) -> 289 | M33: Manufacture of other special-purpose machinery n.e.c. | N33: CNE000000198 | O33: Shenzhen Stock Exchange | P33: ZHENGZHOU HONGYU SPECIAL VEHICLE CO., LTD | Q33: CN | R33: CN9360245190 | S33: Special purpose vehicles manufacturer | T33: 29201 | U33: =MID(T33,1,3) -> 292 | V33: Manufacture of bodies (coachwork) for motor vehicles (except caravans) | W33: Acquisition 100% | X33: Completed | Y33: 19087.3 | Z33: 882888.68 | AA33: 0 | AB33: n.a. | AC33: n.a. | AD33: n.a. | AE33: n.a. | AF33: 1991.1133 | AG33: -1785.7672 | AH33: 2406.6556 | AI33: =Y33/Z33 -> 0.021619147 | AJ33: =VLOOKUP(C33,Richtungsmatrix!$A$2:$E$133,5,FALSE) -> lateral | AK33: CNE000000198 | AL33: Shenzhen Stock Exchange | AM33: CN:COM | AN33: 42520 | AP33: 42510 | AQ33: 569.12 | AR33: 1.02 | AS33: 42518 | AT33: 558.07 | AU33: 1.04 | AV33: 42519 | AW33: 558.07 | AX33: 1.04 | AY33: 42521 | AZ33: 600.68 | BA33: 1.03 | BB33: 42522 | BC33: 608.04 | BD33: 1.08 | BE33: 42530 | BF33: 610.15 | BG33: 1.09 | BH33: =BF33/AQ33-1 -> 0.072093759 | BI33: =BC33/AT33-1 -> 0.089540739 | BJ33: =AZ33/AW33-1 -> 0.076352429 | BK33: =BG33/AR33-1 -> 0.068627451 | BL33: =BD33/AU33-1 -> 0.038461538 | BM33: =BA33/AX33-1 -> -0.0096153846 | BN33: =BH33-BK33 -> 0.0034663078 | BO33: 67 | BP33: =BI33-BL33 -> 0.0510792 | BQ33: 24 | BR33: =BJ33-BM33 -> 0.085967814 | BS33: 11 | BT33: =AJ33 -> lateral | BU33: =BQ33-BS33 -> 13
A34: 199. | B34: 1909222316 | C34: 2420029310 | D34: 41337 | E34: 41337 | F34: 41337 | G34: TRICORN GROUP PLC | H34: GB | I34: GB01999619 | J34: Pipe and tubing manufacturer | K34: 24200 | L34: =MID(K34,1,3) -> 242 | M34: Manufacture of tubes, pipes, hollow profiles and related fittings, of steel | N34: GB0009716340 | O34: London Stock Exchange | P34: WHITLEY PRODUCTS INC.'S CERTAIN ASSETS | Q34: US | S34: Tubular automotive products manufacturer | T34: 29310 | U34: =MID(T34,1,3) -> 293 | V34: Manufacture of electrical and electronic equipment for motor vehicles | W34: Acquisition 100% | X34: Completed | Y34: 2297 | Z34: 3587.7112 | AA34: n.a. | AB34: n.a. | AC34: n.a. | AD34: n.a. | AE34: n.a. | AF34: -1.5512777 | AG34: n.a. | AH34: n.a. | AI34: =Y34/Z34 -> 0.64024106 | AJ34: =VLOOKUP(C34,Richtungsmatrix!$A$2:$E$133,5,FALSE) -> lateral | AK34: GB0009716340 | AL34: London Stock Exchange | AM34: FTSE100 | AN34: 41337 | AP34: 41327 | AQ34: 72.17 | AR34: 6291.54 | AS34: 41335 | AT34: 72.88 | AU34: 6360.81 | AV34: 41336 | AW34: 72.88 | AX34: 6360.81 | AY34: 41338 | AZ34: 71.45 | BA34: 6345.63 | BB34: 41339 | BC34: 71.45 | BD34: 6431.95 | BE34: 41347 | BF34: 76.45 | BG34: 6481.5 | BH34: =BF34/AQ34-1 -> 0.05930442 | BI34: =BC34/AT34-1 -> -0.019621295 | BJ34: =AZ34/AW34-1 -> -0.019621295 | BK34: =BG34/AR34-1 -> 0.030192926 | BL34: =BD34/AU34-1 -> 0.01118411 | BM34: =BA34/AX34-1 -> -0.0023864885 | BN34: =BH34-BK34 -> 0.029111494 | BO34: 51 | BP34: =BI34-BL34 -> -0.030805405 | BQ34: 107 | BR34: =BJ34-BM34 -> -0.017234807 | BS34: 95 | BT34: =AJ34 -> lateral | BU34: =BQ34-BS34 -> 12
A35: 193. | B35: 1907163041 | C35: 2611029310 | D35: 42558 | E35: 42571 | F35: 42558 | G35: JIANGSU YUNYI ELECTRIC CO., LTD | H35: CN | I35: CN40606PC | J35: Automotive rectifiers, regulators, and diodes manufacturer | K35: 26110 | L35: =MID(K35,1,3) -> 261 | M35: Manufacture of electronic components | N35: CNE100001CX1 | O35: Shenzhen Stock Exchange | P35: SHENZHEN YUNBO TECHNOLOGY ELECTRONICS CO., LTD | Q35: CN | S35: Automotive electronic equipment manufacturer | T35: 29310 | U35: =MID(T35,1,3) -> 293 | V35: Manufacture of electrical and electronic equipment for motor vehicles | W35: Acquisition 85% | X35: Completed | Y35: 3062.85 | Z35: 1201980.9 | AA35: 837660.96 | AB35: 122071.58 | AC35: 15022.692 | AD35: 10000.43 | AE35: 11066.913 | AF35: 13189.305 | AG35: 9282.0508 | AH35: 9477.6187 | AI35: =Y35/Z35 -> 0.0025481685 | AJ35: =VLOOKUP(C35,Richtungsmatrix!$A$2:$E$133,5,FALSE) -> vertikal | AK35: CNE100001CX1 | AL35: Shenzhen Stock Exchange | AM35: CN:COM | AN35: 42558 | AP35: 42548 | AQ35: 302.23 | AR35: 1.07 | AS35: 42556 | AT35: 298.63 | AU35: 1.11 | AV35: 42557 | AW35: 296.83 | AX35: 1.12 | AY35: 42559 | AZ35: 309.23 | BA35: 1.12 | BB35: 42560 | BC35: 309.23 | BD35: 1.12 | BE35: 42568 | BF35: 283.96 | BG35: 1.15 | BH35: =BF35/AQ35-1 -> -0.06045065 | BI35: =BC35/AT35-1 -> 0.035495429 | BJ35: =AZ35/AW35-1 -> 0.041774753 | BK35: =BG35/AR35-1 -> 0.074766355 | BL35: =BD35/AU35-1 -> 0.009009009 | BM35: =BA35/AX35-1 -> 0 | BN35: =BH35-BK35 -> -0.13521701 | BO35: 126 | BP35: =BI35-BL35 -> 0.02648642 | BQ35: 37 | BR35: =BJ35-BM35 -> 0.041774753 | BS35: 26 | BT35: =AJ35 -> vertikal | BU35: =BQ35-BS35 -> 11
A36: 106. | B36: 1909198175 | C36: 7112129201 | D36: 42037 | E36: 42037 | F36: 42037 | G36: BABCOCK INTERNATIONAL GROUP PLC | H36: GB | I36: GB02342138 | J36: Engineering support services | K36: 71121 | L36: =MID(K36,1,3) -> 711 | M36: Engineering design activities for industrial process and production | N36: GB0009697037 | O36: London Stock Exchange | P36: S MACNEILLIE AND SON LTD | Q36: GB | R36: GB00434529 | S36: Armoured vehicle conversion services | T36: 29201 | U36: =MID(T36,1,3) -> 292 | V36: Manufacture of bodies (coachwork) for motor vehicles (except caravans) | W36: Acquisition 100% | X36: Completed | Y36: 48618.99 | Z36: 6056403.8 | AA36: 6801096 | AB36: 5887015.5 | AC36: 362573.56 | AD36: 357928.85 | AE36: 217875.06 | AF36: 480859.07 | AG36: 521486.65 | AH36: 308766.99 | AI36: =Y36/Z36 -> 0.0080276996 | AJ36: =VLOOKUP(C36,Richtungsmatrix!$A$2:$E$133,5,FALSE) -> vertikal | AK36: GB0009697037 | AL36: London Stock Exchange | AM36: FTSE100 | AN36: 42037 | AP36: 42027 | AQ36: 1049.08 | AR36: 6796.63 | AS36: 42035 | AT36: 1002.26 | AU36: 6810.6 | AV36: 42036 | AW36: 1002.26 | AX36: 6810.6 | AY36: 42038 | AZ36: 1030.15 | BA36: 6782.55 | BB36: 42039 | BC36: 1030.15 | BD36: 6871.8 | BE36: 42047 | BF36: 1066.02 | BG36: 6818.17 | BH36: =BF36/AQ36-1 -> 0.016147482 | BI36: =BC36/AT36-1 -> 0.027827111 | BJ36: =AZ36/AW36-1 -> 0.027827111 | BK36: =BG36/AR36-1 -> 0.0031692177 | BL36: =BD36/AU36-1 -> 0.0089859924 | BM36: =BA36/AX36-1 -> -0.0041185799 | BN36: =BH36-BK36 -> 0.012978264 | BO36: 61 | BP36: =BI36-BL36 -> 0.018841118 | BQ36: 43 | BR36: =BJ36-BM36 -> 0.031945691 | BS36: 32 | BT36: =AJ36 -> vertikal | BU36: =BQ36-BS36 -> 11
A37: 18. | B37: 1909320639 | C37: 2932029320 | D37: 42479 | E37: 42580 | F37: 42352 | G37: PLASTIC OMNIUM SA | H37: FR | I37: FR955512611 | J37: Plastic car parts manufacturer | K37: 29320 | L37: =MID(K37,1,3) -> 293 | M37: Manufacture of other parts and accessories for motor vehicles | N37: FR0000124570 | O37: Euronext Paris | P37: FAURECIA SA'S BUMPER AND FRONT-END MODULES BUSINESS | Q37: FR | S37: Car bumper and front-end modules manufacturer | T37: 29320 | U37: =MID(T37,1,3) -> 293 | V37: Manufacture of other parts and accessories for motor vehicles | W37: Acquisition 100% | X37: Completed | Y37: 665000 | Z37: 4624618.9 | AA37: 4504405.2 | AB37: 3473137.5 | AC37: n.a. | AD37: n.a. | AE37: n.a. | AF37: -10986 | AG37: -5141 | AH37: 140 | AI37: =Y37/Z37 -> 0.14379563 | AJ37: =VLOOKUP(C37,Richtungsmatrix!$A$2:$E$133,5,FALSE) -> horizontal | AK37: FR0000124570 | AL37: Euronext Paris | AM37: FRCAC40 | AN37: 42479 | AP37: 42469 | AQ37: 17827.94 | AR37: 4259.1 | AS37: 42477 | AT37: 18487.88 | AU37: 4502.16 | AV37: 42478 | AW37: 18372.16 | AX37: 4425.25 | AY37: 42480 | AZ37: 18760 | BA37: 4546.35 | BB37: 42481 | BC37: 18578.59 | BD37: 4607.69 | BE37: 42489 | BF37: 18090.67 | BG37: 4500.43 | BH37: =BF37/AQ37-1 -> 0.01473698 | BI37: =BC37/AT37-1 -> 0.0049064576 | BJ37: =AZ37/AW37-1 -> 0.021110202 | BK37: =BG37/AR37-1 -> 0.056662206 | BL37: =BD37/AU37-1 -> 0.02343986 | BM37: =BA37/AX37-1 -> 0.027365686 | BN37: =BH37-BK37 -> -0.041925225 | BO37: 102 | BP37: =BI37-BL37 -> -0.018533402 | BQ37: 93 | BR37: =BJ37-BM37 -> -0.006255484 | BS37: 83 | BT37: =AJ37 -> horizontal | BU37: =BQ37-BS37 -> 10
A38: 114. | B38: 1909063023 | C38: 2931030300 | D38: 41660 | E38: 41698 | F38: 41660 | G38: ASTRONICS CORPORATION | H38: US | I38: US160959303 | J38: Aerospace, defense, electronics and semiconductor industries lighting, safety, electrical and avionics systems manufacturer | K38: 29310 | L38: =MID(K38,1,3) -> 293 | M38: Manufacture of electrical and electronic equipment for motor vehicles | N38: US0464331083 | O38: NASDAQ National Market | P38: AIRBUS GROUP INC.'S TEST AND SERVICES DIVISION ASSETS | Q38: US | S38: Defence and homeland security provider | T38: 30300 | U38: =MID(T38,1,3) -> 303 | V38: Manufacture of air and spacecraft and related machinery | W38: Acquisition 100% | X38: Completed | Y38: 38369 | Z38: 625319.54 | AA38: n.a. | AB38: n.a. | AC38: n.a. | AD38: n.a. | AE38: n.a. | AF38: n.a. | AG38: n.a. | AH38: n.a. | AI38: =Y38/Z38 -> 0.061359029 | AJ38: =VLOOKUP(C38,Richtungsmatrix!$A$2:$E$133,5,FALSE) -> lateral | AK38: US0464331083 | AL38: NASDAQ National Market | AM38: @NDAQ | AN38: 41660 | AP38: 41650 | AQ38: 103678.1 | AR38: 40.24 | AS38: 41658 | AT38: 112348.3 | AU38: 39.95 | AV38: 41659 | AW38: 112348.3 | AX38: 39.72 | AY38: 41661 | AZ38: 109689.9 | BA38: 39.35 | BB38: 41662 | BC38: 107326.8 | BD38: 39.31 | BE38: 41670 | BF38: 105250.5 | BG38: 37.9 | BH38: =BF38/AQ38-1 -> 0.015166173 | BI38: =BC38/AT38-1 -> -0.044695825 | BJ38: =AZ38/AW38-1 -> -0.023662129 | BK38: =BG38/AR38-1 -> -0.058151093 | BL38: =BD38/AU38-1 -> -0.016020025 | BM38: =BA38/AX38-1 -> -0.0093152064 | BN38: =BH38-BK38 -> 0.073317266 | BO38: 29 | BP38: =BI38-BL38 -> -0.0286758 | BQ38: 103 | BR38: =BJ38-BM38 -> -0.014346923 | BS38: 93 | BT38: =AJ38 -> lateral | BU38: =BQ38-BS38 -> 10
A39: 14. | B39: 1909160846 | C39: 2932029320 | D39: 42292 | E39: 42419 | F39: 41940 | G39: LINAMAR CORPORATION | H39: CA | I39: CA30122NC | J39: Axles, drive shafts and other metallic vehicle transmission components manufacturer | K39: 29320 | L39: =MID(K39,1,3) -> 293 | M39: Manufacture of other parts and accessories for motor vehicles | N39: CA53278L1076 | O39: Toronto Stock Exchange | P39: MONTUPET SA | Q39: FR | R39: FR542050794 | S39: Car component manufacturer | T39: 29320 | U39: =MID(T39,1,3) -> 293 | V39: Manufacture of other parts and accessories for motor vehicles | W39: Acquisition 100% | X39: Completed | Y39: 836291 | Z39: 2657636 | AA39: n.a. | AB39: n.a. | AC39: n.a. | AD39: n.a. | AE39: n.a. | AF39: n.a. | AG39: n.a. | AH39: n.a. | AI39: =Y39/Z39 -> 0.31467478 | AJ39: =VLOOKUP(C39,Richtungsmatrix!$A$2:$E$133,5,FALSE) -> horizontal | AK39: CA53278L1076 | AL39: Toronto Stock Exchange | AM39: TTOCOMP | AN39: 42292 | AP39: 42282 | AQ39: 12034.09 | AR39: 13416.25 | AS39: 42290 | AT39: 12442.46 | AU39: 13927.2 | AV39: 42291 | AW39: 12242.55 | AX39: 13861.41 | AY39: 42293 | AZ39: 12005.04 | BA39: 13888.11 | BB39: 42294 | BC39: 12005.04 | BD39: 13888.11 | BE39: 42302 | BF39: 13182.31 | BG39: 13944.48 | BH39: =BF39/AQ39-1 -> 0.095413945 | BI39: =BC39/AT39-1 -> -0.035155427 | BJ39: =AZ39/AW39-1 -> -0.01940037 | BK39: =BG39/AR39-1 -> 0.039372403 | BL39: =BD39/AU39-1 -> -0.0028067379 | BM39: =BA39/AX39-1 -> 0.001926211 | BN39: =BH39-BK39 -> 0.056041542 | BO39: 37 | BP39: =BI39-BL39 -> -0.03234869 | BQ39: 109 | BR39: =BJ39-BM39 -> -0.021326581 | BS39: 100 | BT39: =AJ39 -> horizontal | BU39: =BQ39-BS39 -> 9
A40: 204. | B40: 1633112757 | C40: 2720029100 | D40: 41374 | E40: 41374 | F40: 41288 | G40: GUANGDONG DYNAVOLT POWER TECHNOLOGY CO., LTD | H40: CN | I40: CN40659PC | J40: Lead battery manufacturer | K40: 27200 | L40: =MID(K40,1,3) -> 272 | M40: Manufacture of batteries and accumulators | N40: CNE100001F45 | O40: Shenzhen Stock Exchange | P40: SHANTOU DYNAVOLT ZHAOCHENG NEW ENERGY AUTOMOBILE TECHNOLOGY CO., LTD | Q40: CN | S40: Automobile manufacturer | T40: 29100 | U40: =MID(T40,1,3) -> 291 | V40: Manufacture of motor vehicles | W40: Acquisition 70% | X40: Completed | Y40: 1383.75 | Z40: 927414.45 | AA40: 847698.12 | AB40: 211133.12 | AC40: 12828.251 | AD40: 393.92719 | AE40: 1443.7855 | AF40: 15698.388 | AG40: 141.77983 | AH40: 2616.8781 | AI40: =Y40/Z40 -> 0.0014920514 | AJ40: =VLOOKUP(C40,Richtungsmatrix!$A$2:$E$133,5,FALSE) -> vertikal | AK40: CNE100001F45 | AL40: Shenzhen Stock Exchange | AM40: CN:COM | AN40: 41374 | AP40: 41364 | AQ40: 170.9 | AR40: 0.92 | AS40: 41372 | AT40: 148.73 | AU40: 0.91 | AV40: 41373 | AW40: 150 | AX40: 0.91 | AY40: 41375 | AZ40: 155.94 | BA40: 0.92 | BB40: 41376 | BC40: 151.18 | BD40: 0.91 | BE40: 41384 | BF40: 153.02 | BG40: 0.91 | BH40: =BF40/AQ40-1 -> -0.10462259 | BI40: =BC40/AT40-1 -> 0.016472803 | BJ40: =AZ40/AW40-1 -> 0.0396 | BK40: =BG40/AR40-1 -> -0.010869565 | BL40: =BD40/AU40-1 -> 0 | BM40: =BA40/AX40-1 -> 0.010989011 | BN40: =BH40-BK40 -> -0.093753021 | BO40: 116 | BP40: =BI40-BL40 -> 0.016472803 | BQ40: 44 | BR40: =BJ40-BM40 -> 0.028610989 | BS40: 36 | BT40: =AJ40 -> vertikal | BU40: =BQ40-BS40 -> 8
A41: 31. | B41: 1909398790 | C41: 2594029320 | D41: 42394 | E41: 42552 | F41: 42394 | G41: ILLINOIS TOOL WORKS INC. | H41: US | I41: US361258310 | J41: Engineered fasteners and components manufacturer | K41: 25940 | L41: =MID(K41,1,3) -> 259 | M41: Manufacture of fasteners and screw machine products | N41: US4523081093 | O41: New York Stock Exchange (NYSE) | P41: TRW AUTOMOTIVE HOLDINGS CORPORATION'S ENGINEERED FASTENERS AND COMPONENTS BUSINESS UNIT | Q41: DE | S41: Automotive components and fasteners manufacturer | T41: 29320 | U41: =MID(T41,1,3) -> 293 | V41: Manufacture of other parts and accessories for motor vehicles | W41: Acquisition 100% | X41: Completed | Y41: 405387 | Z41: 40777954 | AA41: n.a. | AB41: n.a. | AC41: n.a. | AD41: n.a. | AE41: n.a. | AF41: n.a. | AG41: n.a. | AH41: n.a. | AI41: =Y41/Z41 -> 0.0099413277 | AJ41: =VLOOKUP(C41,Richtungsmatrix!$A$2:$E$133,5,FALSE) -> vertikal | AK41: US4523081093 | AL41: New York Stock Exchange (NYSE) | AM41: @NDAQ | AN41: 42394 | AP41: 42384 | AQ41: 17809.92 | AR41: 55.83 | AS41: 42392 | AT41: 18009.39 | AU41: 56.66 | AV41: 42393 | AW41: 18009.39 | AX41: 56.66 | AY41: 42395 | AZ41: 18480.67 | BA41: 57.09 | BB41: 42396 | BC41: 18897.15 | BD41: 58.74 | BE41: 42404 | BF41: 20047.94 | BG41: 61.73 | BH41: =BF41/AQ41-1 -> 0.12566143 | BI41: =BC41/AT41-1 -> 0.049294285 | BJ41: =AZ41/AW41-1 -> 0.026168571 | BK41: =BG41/AR41-1 -> 0.10567795 | BL41: =BD41/AU41-1 -> 0.036710201 | BM41: =BA41/AX41-1 -> 0.0075891281 | BN41: =BH41-BK41 -> 0.019983478 | BO41: 56 | BP41: =BI41-BL41 -> 0.012584084 | BQ41: 54 | BR41: =BJ41-BM41 -> 0.018579443 | BS41: 46 | BT41: =AJ41 -> vertikal | BU41: =BQ41-BS41 -> 8
A42: 169. | B42: 1909057809 | C42: 2932028131 | D42: 41645 | E42: 41645 | F42: 41645 | G42: STANDARD MOTOR PRODUCTS INC. | H42: US | I42: US111362020 | J42: Automotive aftermarket engine management and temperature control products manufacturer | K42: 29320 | L42: =MID(K42,1,3) -> 293 | M42: Manufacture of other parts and accessories for motor vehicles | N42: US8536661056 | O42: New York Stock Exchange (NYSE) | P42: PENSACOLA DIESEL INC.'S REMANUFACTURING OPERATIONS | Q42: US | S42: Diesel pumps manufacturer | T42: 28131 | U42: =MID(T42,1,3) -> 281 | V42: Manufacture of pumps | W42: Acquisition 100% | X42: Completed | Y42: 8971 | Z42: 1152850.9 | AA42: n.a. | AB42: n.a. | AC42: n.a. | AD42: n.a. | AE42: n.a. | AF42: n.a. | AG42: n.a. | AH42: n.a. | AI42: =Y42/Z42 -> 0.0077815787 | AJ42: =VLOOKUP(C42,Richtungsmatrix!$A$2:$E$133,5,FALSE) -> vertikal | AK42: US8536661056 | AL42: New York Stock Exchange (NYSE) | AM42: @NDAQ | AN42: 41645 | AP42: 41635 | AQ42: 3091.65 | AR42: 39.97 | AS42: 41643 | AT42: 3030.94 | AU42: 39.29 | AV42: 41644 | AW42: 3030.94 | AX42: 39.29 | AY42: 41646 | AZ42: 3015.55 | BA42: 40.11 | BB42: 41647 | BC42: 3018.12 | BD42: 40.7 | BE42: 41655 | BF42: 3026.67 | BG42: 39.38 | BH42: =BF42/AQ42-1 -> -0.021017903 | BI42: =BC42/AT42-1 -> -0.0042297109 | BJ42: =AZ42/AW42-1 -> -0.0050776327 | BK42: =BG42/AR42-1 -> -0.014761071 | BL42: =BD42/AU42-1 -> 0.035886994 | BM42: =BA42/AX42-1 -> 0.02087045 | BN42: =BH42-BK42 -> -0.0062568323 | BO42: 73 | BP42: =BI42-BL42 -> -0.040116705 | BQ42: 113 | BR42: =BJ42-BM42 -> -0.025948083 | BS42: 105 | BT42: =AJ42 -> vertikal | BU42: =BQ42-BS42 -> 8
A43: 220. | B43: 1909508780 | C43: 2931029320 | D43: 42684 | E43: 42684 | F43: 42684 | G43: DEPO AUTO PARTS INDUSTRIAL CO., LTD | H43: TW | I43: TW59347422 | J43: Automobile lighting fixture manufacturer | K43: 29310 | L43: =MID(K43,1,3) -> 293 | M43: Manufacture of electrical and electronic equipment for motor vehicles | N43: TW0006605009 | O43: Taiwan Stock Exchange | P43: YIYANG AUTOMOTIVE MATERIAL CO., LTD | Q43: TW | S43: Auto parts wholesaler | T43: 29320 | U43: =MID(T43,1,3) -> 293 | V43: Manufacture of other parts and accessories for motor vehicles | W43: Acquisition 100% | X43: Completed | Y43: 48.42 | Z43: 417414.82 | AA43: 524509.35 | AB43: 502157.52 | AC43: 35008.41 | AD43: 43656.327 | AE43: 43414.054 | AF43: 57612.455 | AG43: 57867.015 | AH43: 53829.08 | AI43: =Y43/Z43 -> 0.00011599972 | AJ43: =VLOOKUP(C43,Richtungsmatrix!$A$2:$E$133,5,FALSE) -> horizontal | AK43: TW0006605009 | AL43: Taiwan Stock Exchange | AM43: TAIWGHT | AN43: 42684 | AP43: 42674 | AQ43: 251.54 | AR43: 9283.2 | AS43: 42682 | AT43: 244.4 | AU43: 9214.95 | AV43: 42683 | AW43: 235.21 | AX43: 9252.27 | AY43: 42685 | AZ43: 218.12 | BA43: 9067.65 | BB43: 42686 | BC43: 218.12 | BD43: 9067.65 | BE43: 42694 | BF43: 218.12 | BG43: 8991.5 | BH43: =BF43/AQ43-1 -> -0.13286157 | BI43: =BC43/AT43-1 -> -0.10752864 | BJ43: =AZ43/AW43-1 -> -0.072658475 | BK43: =BG43/AR43-1 -> -0.031422354 | BL43: =BD43/AU43-1 -> -0.015984894 | BM43: =BA43/AX43-1 -> -0.019954022 | BN43: =BH43-BK43 -> -0.10143922 | BO43: 120 | BP43: =BI43-BL43 -> -0.091543747 | BQ43: 128 | BR43: =BJ43-BM43 -> -0.052704453 | BS43: 120 | BT43: =AJ43 -> horizontal | BU43: =BQ43-BS43 -> 8
A44: 184. | B44: 1909006627 | C44: 2932027120 | D44: 41487 | E44: 41508 | F44: 41487 | G44: LECIP HOLDINGS CORPORATION | H44: JP | I44: JP7200001010392 | J44: Automobile-used electronic equipment manufacturer holding company | K44: 29320 | L44: =MID(K44,1,3) -> 293 | M44: Manufacture of other parts and accessories for motor vehicles | N44: JP3979550005 | O44: Tokyo Stock Exchange | P44: ARCONTIA INTERNATIONAL AB | Q44: SE | R44: SE5568984909 | S44: Smart card hardware developer | T44: 27120 | U44: =MID(T44,1,3) -> 271 | V44: Manufacture of electricity distribution and control apparatus | W44: Acquisition 100% | X44: Completed | Y44: 5267 | Z44: 76851.552 | AA44: 85468.961 | AB44: 77975.297 | AC44: -11477.658 | AD44: -839.83609 | AE44: 113.19404 | AF44: -1005.9096 | AG44: -835.58774 | AH44: -2.3693743 | AI44: =Y44/Z44 -> 0.068534725 | AJ44: =VLOOKUP(C44,Richtungsmatrix!$A$2:$E$133,5,FALSE) -> vertikal | AK44: JP3979550005 | AL44: Tokyo Stock Exchange | AM44: TOKYOSE | AN44: 41487 | AP44: 41477 | AQ44: 61.69 | AR44: 1222.75 | AS44: 41485 | AT44: 61.98 | AU44: 1127.01 | AV44: 41486 | AW44: 62.05 | AX44: 1141.45 | AY44: 41488 | AZ44: 61.91 | BA44: 1177.74 | BB44: 41489 | BC44: 61.91 | BD44: 1177.74 | BE44: 41497 | BF44: 62.05 | BG44: 1146.63 | BH44: =BF44/AQ44-1 -> 0.0058356298 | BI44: =BC44/AT44-1 -> -0.0011293966 | BJ44: =AZ44/AW44-1 -> -0.002256245 | BK44: =BG44/AR44-1 -> -0.062253118 | BL44: =BD44/AU44-1 -> 0.04501291 | BM44: =BA44/AX44-1 -> 0.031792895 | BN44: =BH44-BK44 -> 0.068088748 | BO44: 32 | BP44: =BI44-BL44 -> -0.046142307 | BQ44: 119 | BR44: =BJ44-BM44 -> -0.03404914 | BS44: 112 | BT44: =AJ44 -> vertikal | BU44: =BQ44-BS44 -> 7
A45: 216. | B45: 1909267042 | C45: 2910029201 | D45: 42599 | E45: 42599 | F45: 42212 | G45: TRIGANO SA | H45: FR | I45: FR722049459 | J45: Motorhome and camper van manufacturer | K45: 29100 | L45: =MID(K45,1,3) -> 291 | M45: Manufacture of motor vehicles | N45: FR0005691656 | O45: Euronext Paris | P45: ZASTAVA INPRO DOO | Q45: RS | R45: RS20898836 | S45: Truck trailers manufacturer | T45: 29201 | U45: =MID(T45,1,3) -> 292 | V45: Manufacture of bodies (coachwork) for motor vehicles (except caravans) | W45: Acquisition 100% | X45: Completed | Y45: 287 | Z45: 1015154.1 | AA45: 723949.88 | AB45: 372996.65 | AC45: n.a. | AD45: n.a. | AE45: n.a. | AF45: 7590 | AG45: 4193 | AH45: 5371 | AI45: =Y45/Z45 -> 0.00028271569 | AJ45: =VLOOKUP(C45,Richtungsmatrix!$A$2:$E$133,5,FALSE) -> vertikal | AK45: FR0005691656 | AL45: Euronext Paris | AM45: FRCAC40 | AN45: 42599 | AP45: 42589 | AQ45: 2188.07 | AR45: 4362.94 | AS45: 42597 | AT45: 2162.31 | AU45: 4503.65 | AV45: 42598 | AW45: 2129.69 | AX45: 4476.07 | AY45: 42600 | AZ45: 2129.26 | BA45: 4441.2 | BB45: 42601 | BC45: 2124.32 | BD45: 4436.09 | BE45: 42609 | BF45: 2191.93 | BG45: 4399.46 | BH45: =BF45/AQ45-1 -> 0.0017641118 | BI45: =BC45/AT45-1 -> -0.017569174 | BJ45: =AZ45/AW45-1 -> -0.00020190732 | BK45: =BG45/AR45-1 -> 0.0083705025 | BL45: =BD45/AU45-1 -> -0.015001166 | BM45: =BA45/AX45-1 -> -0.0077903161 | BN45: =BH45-BK45 -> -0.0066063907 | BO45: 75 | BP45: =BI45-BL45 -> -0.002568008 | BQ45: 68 | BR45: =BJ45-BM45 -> 0.0075884087 | BS45: 62 | BT45: =AJ45 -> vertikal | BU45: =BQ45-BS45 -> 6
A46: 21. | B46: 1601413703 | C46: 2910029201 | D46: 41204 | E46: 41361 | F46: 41204 | G46: TOYOTA INDUSTRIES CORPORATION | H46: JP | I46: JP3180301014273 | J46: Car manufacturer | K46: 29100 | L46: =MID(K46,1,3) -> 291 | M46: Manufacture of motor vehicles | N46: JP3634600005 | O46: Tokyo Stock Exchange | P46: CASCADE CORPORATION | Q46: US | R46: US930136592 | S46: Lift truck attachments and related products manufacturer | T46: 29201 | U46: =MID(T46,1,3) -> 292 | V46: Manufacture of bodies (coachwork) for motor vehicles (except caravans) | W46: Acquisition 100% | X46: Completed | Y46: 593893 | Z46: 12857863 | AA46: 17347721 | AB46: 11396758 | AC46: 1196186.1 | AD46: 599258.33 | AE46: 494063.91 | AF46: 331367.55 | AG46: 380626.54 | AH46: 424005.18 | AI46: =Y46/Z46 -> 0.046189091 | AJ46: =VLOOKUP(C46,Richtungsmatrix!$A$2:$E$133,5,FALSE) -> vertikal | AK46: JP3634600005 | AL46: Tokyo Stock Exchange | AM46: TOKYOSE | AN46: 41204 | AP46: 41194 | AQ46: 2245.54 | AR46: 717.34 | AS46: 41202 | AT46: 2389.28 | AU46: 749.01 | AV46: 41203 | AW46: 2389.28 | AX46: 749.01 | AY46: 41205 | AZ46: 2419.48 | BA46: 757.32 | BB46: 41206 | BC46: 2344.49 | BD46: 741.06 | BE46: 41214 | BF46: 2361.15 | BG46: 743.02 | BH46: =BF46/AQ46-1 -> 0.051484275 | BI46: =BC46/AT46-1 -> -0.018746233 | BJ46: =AZ46/AW46-1 -> 0.012639791 | BK46: =BG46/AR46-1 -> 0.035798924 | BL46: =BD46/AU46-1 -> -0.01061401 | BM46: =BA46/AX46-1 -> 0.011094645 | BN46: =BH46-BK46 -> 0.015685352 | BO46: 60 | BP46: =BI46-BL46 -> -0.0081322227 | BQ46: 79 | BR46: =BJ46-BM46 -> 0.0015451461 | BS46: 73 | BT46: =AJ46 -> vertikal | BU46: =BQ46-BS46 -> 6
A47: 5. | B47: 1909220146 | C47: 2910058290 | D47: 42219 | E47: 42345 | F47: 42104 | G47: AUDI AG | H47: DE | I47: DE8130008438 | J47: Motor vehicles manufacturer | K47: 29100 | L47: =MID(K47,1,3) -> 291 | M47: Manufacture of motor vehicles | N47: DE0006757008 | O47: Boerse Frankfurt | P47: HERE GLOBAL BV | Q47: NL | R47: NL17070436 | S47: Mapping and location mobile application developer | T47: 58290 | U47: =MID(T47,1,3) -> 582 | V47: Other software publishing | W47: Acquisition 100% | X47: Completed | Y47: 2800000 | Z47: 27108576 | AA47: 28978948 | AB47: 27829729 | AC47: n.a. | AD47: n.a. | AE47: n.a. | AF47: 1009000 | AG47: 3156000 | AH47: 4058000 | AI47: =Y47/Z47 -> 0.10328835 | AJ47: =VLOOKUP(C47,Richtungsmatrix!$A$2:$E$133,5,FALSE) -> vertikal | AK47: DE0006757008 | AL47: Boerse Frankfurt | AM47: DAXINDX | AN47: 42219 | AP47: 42209 | AQ47: 6945.7 | AR47: 11467.83 | AS47: 42217 | AT47: 7118.24 | AU47: 11271.31 | AV47: 42218 | AW47: 7118.24 | AX47: 11271.31 | AY47: 42220 | AZ47: 7130.91 | BA47: 11408.23 | BB47: 42221 | BC47: 7130.92 | BD47: 11503.21 | BE47: 42229 | BF47: 6966.02 | BG47: 11098.17 | BH47: =BF47/AQ47-1 -> 0.0029255511 | BI47: =BC47/AT47-1 -> 0.0017813392 | BJ47: =AZ47/AW47-1 -> 0.0017799344 | BK47: =BG47/AR47-1 -> -0.03223452 | BL47: =BD47/AU47-1 -> 0.020574361 | BM47: =BA47/AX47-1 -> 0.012147656 | BN47: =BH47-BK47 -> 0.035160071 | BO47: 49 | BP47: =BI47-BL47 -> -0.018793022 | BQ47: 94 | BR47: =BJ47-BM47 -> -0.010367722 | BS47: 88 | BT47: =AJ47 -> vertikal | BU47: =BQ47-BS47 -> 6
A48: 7. | B48: 1909221804 | C48: 2910029320 | D48: 42201 | E48: 42373 | F48: 42109 | G48: MAGNA INTERNATIONAL INC. | H48: CA | I48: CA20045NC | J48: Automotive systems and components manufacturer | K48: 29100 | L48: =MID(K48,1,3) -> 291 | M48: Manufacture of motor vehicles | N48: CA5592224011 | O48: Toronto Stock Exchange | P48: GETRAG GETRIEBE- UND ZAHNRADFABRIK HERMANN HAGENMEYER GMBH & CIE KG | Q48: DE | R48: DE7070138407 | S48: High-quality transmissions manufacturer | T48: 29320 | U48: =MID(T48,1,3) -> 293 | V48: Manufacture of other parts and accessories for motor vehicles | W48: Acquisition 100% | X48: Completed | Y48: 2450000 | Z48: 15790947 | AA48: n.a. | AB48: n.a. | AC48: n.a. | AD48: n.a. | AE48: n.a. | AF48: n.a. | AG48: n.a. | AH48: n.a. | AI48: =Y48/Z48 -> 0.15515219 | AJ48: =VLOOKUP(C48,Richtungsmatrix!$A$2:$E$133,5,FALSE) -> vertikal | AK48: CA5592224011 | AL48: Toronto Stock Exchange | AM48: TTOCOMP | AN48: 42201 | AP48: 42191 | AQ48: 3429.22 | AR48: 14594.64 | AS48: 42199 | AT48: 3352.46 | AU48: 14527.03 | AV48: 42200 | AW48: 3348.26 | AX48: 14608.86 | AY48: 42202 | AZ48: 3243.91 | BA48: 14738.3 | BB48: 42203 | BC48: 3243.91 | BD48: 14738.3 | BE48: 42211 | BF48: 3227.11 | BG48: 14260.13 | BH48: =BF48/AQ48-1 -> -0.058937601 | BI48: =BC48/AT48-1 -> -0.032379208 | BJ48: =AZ48/AW48-1 -> -0.031165441 | BK48: =BG48/AR48-1 -> -0.022920058 | BL48: =BD48/AU48-1 -> 0.014543234 | BM48: =BA48/AX48-1 -> 0.0088603765 | BN48: =BH48-BK48 -> -0.036017543 | BO48: 95 | BP48: =BI48-BL48 -> -0.046922442 | BQ48: 120 | BR48: =BJ48-BM48 -> -0.040025818 | BS48: 114 | BT48: =AJ48 -> vertikal | BU48: =BQ48-BS48 -> 6
A49: 163. | B49: 1601411756 | C49: 4511129201 | D49: 41198 | E49: 41198 | F49: 41198 | G49: GREEN AUTOMOTIVE COMPANY CORPORATION | H49: US | I49: US223680581 | J49: Eco-friendly vehicle wholesaler | K49: 45111 | L49: =MID(K49,1,3) -> 451 | M49: Sale of new cars and light motor vehicles | N49: US39260A1007 | O49: OTC Bulletin Board | P49: NEWPORT COACHWORKS INC. | Q49: US | S49: Bus manufacturer | T49: 29201 | U49: =MID(T49,1,3) -> 292 | V49: Manufacture of bodies (coachwork) for motor vehicles (except caravans) | W49: Acquisition 100% | X49: Completed | Y49: 10038 | Z49: 78918.319 | AA49: 106143.34 | AB49: n.a. | AC49: n.a. | AD49: n.a. | AE49: n.a. | AF49: n.a. | AG49: 0 | AH49: n.a. | AI49: =Y49/Z49 -> 0.1271948 | AJ49: =VLOOKUP(C49,Richtungsmatrix!$A$2:$E$133,5,FALSE) -> vertikal | AK49: US39260A1007 | AL49: OTC Bulletin Board | AM49: @NDAQ | AN49: 41198 | AP49: 41188 | AQ49: 0.52 | AR49: 23.82 | AS49: 41196 | AT49: 0.47 | AU49: 23.46 | AV49: 41197 | AW49: 0.47 | AX49: 23.28 | AY49: 41199 | AZ49: 0.47 | BA49: 24.04 | BB49: 41200 | BC49: 0.47 | BD49: 24.42 | BE49: 41208 | BF49: 0.46 | BG49: 23.89 | BH49: =BF49/AQ49-1 -> -0.11538462 | BI49: =BC49/AT49-1 -> 0 | BJ49: =AZ49/AW49-1 -> 0 | BK49: =BG49/AR49-1 -> 0.002938707 | BL49: =BD49/AU49-1 -> 0.040920716 | BM49: =BA49/AX49-1 -> 0.032646048 | BN49: =BH49-BK49 -> -0.11832332 | BO49: 123 | BP49: =BI49-BL49 -> -0.040920716 | BQ49: 114 | BR49: =BJ49-BM49 -> -0.032646048 | BS49: 109 | BT49: =AJ49 -> vertikal | BU49: =BQ49-BS49 -> 5
A50: 6. | B50: 1909451868 | C50: 2910043210 | D50: 42583 | E50: 42695 | F50: 42542 | G50: TESLA MOTORS INC. | H50: US | I50: US912197729 | J50: Electric vehicles manufacturer | K50: 29100 | L50: =MID(K50,1,3) -> 291 | M50: Manufacture of motor vehicles | N50: US88160R1014 | O50: NASDAQ National Market | P50: SOLARCITY CORPORATION | Q50: US | R50: US020781046 | S50: Comprehensive solar power system installation services | T50: 43210 | U50: =MID(T50,1,3) -> 432 | V50: Electrical installation | W50: Acquisition 100% | X50: Completed | Y50: 2455342 | Z50: 32752057 | AA50: n.a. | AB50: n.a. | AC50: n.a. | AD50: n.a. | AE50: n.a. | AF50: n.a. | AG50: n.a. | AH50: n.a. | AI50: =Y50/Z50 -> 0.074967567 | AJ50: =VLOOKUP(C50,Richtungsmatrix!$A$2:$E$133,5,FALSE) -> lateral | AK50: US88160R1014 | AL50: NASDAQ National Market | AM50: @NDAQ | AN50: 42583 | AP50: 42573 | AQ50: 930.39 | AR50: 67.32 | AS50: 42581 | AT50: 982.8 | AU50: 70.65 | AV50: 42582 | AW50: 982.8 | AX50: 70.65 | AY50: 42584 | AZ50: 951.03 | BA50: 71.41 | BB50: 42585 | BC50: 945.12 | BD50: 71.32 | BE50: 42593 | BF50: 941.44 | BG50: 70.67 | BH50: =BF50/AQ50-1 -> 0.01187674 | BI50: =BC50/AT50-1 -> -0.038339438 | BJ50: =AZ50/AW50-1 -> -0.032326007 | BK50: =BG50/AR50-1 -> 0.049762329 | BL50: =BD50/AU50-1 -> 0.0094833687 | BM50: =BA50/AX50-1 -> 0.010757254 | BN50: =BH50-BK50 -> -0.037885589 | BO50: 100 | BP50: =BI50-BL50 -> -0.047822807 | BQ50: 121 | BR50: =BJ50-BM50 -> -0.043083261 | BS50: 116 | BT50: =AJ50 -> lateral | BU50: =BQ50-BS50 -> 5
A51: 115. | B51: 1601407706 | C51: 2932046690 | D51: 41184 | E51: 41184 | F51: 41184 | G51: WESTINGHOUSE AIR BRAKE TECHNOLOGIES CORPORATION | H51: US | I51: US251615902 | J51: Air brakes and related equipment manufacturer | K51: 29320 | L51: =MID(K51,1,3) -> 293 | M51: Manufacture of other parts and accessories for motor vehicles | N51: US9297401088 | O51: New York Stock Exchange (NYSE) | P51: LH GROUP HOLDINGS LTD | Q51: GB | R51: GB02097233 | S51: Passenger rail product wholesaler | T51: 46690 | U51: =MID(T51,1,3) -> 466 | V51: Wholesale of other machinery and equipment | W51: Acquisition 100% | X51: Completed | Y51: 37237 | Z51: 7015345.8 | AA51: n.a. | AB51: n.a. | AC51: n.a. | AD51: n.a. | AE51: n.a. | AF51: n.a. | AG51: n.a. | AH51: n.a. | AI51: =Y51/Z51 -> 0.0053079351 | AJ51: =VLOOKUP(C51,Richtungsmatrix!$A$2:$E$133,5,FALSE) -> lateral | AK51: US9297401088 | AL51: New York Stock Exchange (NYSE) | AM51: @NDAQ | AN51: 41184 | AP51: 41174 | AQ51: 552.25 | AR51: 23.86 | AS51: 41182 | AT51: 554.67 | AU51: 23.26 | AV51: 41183 | AW51: 545.96 | AX51: 23.38 | AY51: 41185 | AZ51: 574.84 | BA51: 23.33 | BB51: 41186 | BC51: 586.58 | BD51: 23.38 | BE51: 41194 | BF51: 577.53 | BG51: 23.46 | BH51: =BF51/AQ51-1 -> 0.045776369 | BI51: =BC51/AT51-1 -> 0.057529702 | BJ51: =AZ51/AW51-1 -> 0.052897648 | BK51: =BG51/AR51-1 -> -0.016764459 | BL51: =BD51/AU51-1 -> 0.0051590714 | BM51: =BA51/AX51-1 -> -0.00213858 | BN51: =BH51-BK51 -> 0.062540829 | BO51: 35 | BP51: =BI51-BL51 -> 0.052370631 | BQ51: 23 | BR51: =BJ51-BM51 -> 0.055036228 | BS51: 19 | BT51: =AJ51 -> lateral | BU51: =BQ51-BS51 -> 4
A52: 211. | B52: 1907052643 | C52: 2931025210 | D52: 41829 | E52: 41898 | F52: 41829 | G52: DAESUNG FINE TEC CO., LTD | H52: KR | I52: KR1901110037223 | J52: Motor vehicle parts manufacturer | K52: 29310 | L52: =MID(K52,1,3) -> 293 | M52: Manufacture of electrical and electronic equipment for motor vehicles | N52: KR7104040001 | O52: KOSDAQ | P52: KANGNAM CO., LTD | Q52: KR | R52: KR1901110055134 | S52: Solar heating products manufacturer | T52: 25210 | U52: =MID(T52,1,3) -> 252 | V52: Manufacture of central heating radiators and boilers | W52: Acquisition 100% | X52: Completed | Y52: 495 | Z52: 59223.801 | AA52: 24589.427 | AB52: 13858.764 | AC52: 3218.8711 | AD52: 3278.0083 | AE52: 2549.1789 | AF52: 3950.0821 | AG52: 4306.166 | AH52: 3072.7269 | AI52: =Y52/Z52 -> 0.0083581261 | AJ52: =VLOOKUP(C52,Richtungsmatrix!$A$2:$E$133,5,FALSE) -> lateral | AK52: KR7104040001 | AL52: KOSDAQ | AM52: KRX100I | AN52: 41829 | AP52: 41819 | AQ52: 208.55 | AR52: 4261.15 | AS52: 41827 | AT52: 221.33 | AU52: 4269.62 | AV52: 41828 | AW52: 214.2 | AX52: 4265.01 | AY52: 41830 | AZ52: 201.18 | BA52: 4251.16 | BB52: 41831 | BC52: 202.66 | BD52: 4214.29 | BE52: 41839 | BF52: 210.03 | BG52: 4254.75 | BH52: =BF52/AQ52-1 -> 0.0070966195 | BI52: =BC52/AT52-1 -> -0.08435368 | BJ52: =AZ52/AW52-1 -> -0.060784314 | BK52: =BG52/AR52-1 -> -0.001501942 | BL52: =BD52/AU52-1 -> -0.012958999 | BM52: =BA52/AX52-1 -> -0.0032473546 | BN52: =BH52-BK52 -> 0.0085985615 | BO52: 63 | BP52: =BI52-BL52 -> -0.071394681 | BQ52: 125 | BR52: =BJ52-BM52 -> -0.057536959 | BS52: 121 | BT52: =AJ52 -> lateral | BU52: =BQ52-BS52 -> 4
A53: 28. | B53: 1909425269 | C53: 2910029201 | D53: 42646 | E53: 42682 | F53: 42468 | G53: WINNEBAGO INDUSTRIES INC. | H53: US | I53: US420802678 | J53: Motor homes manufacturer | K53: 29100 | L53: =MID(K53,1,3) -> 291 | M53: Manufacture of motor vehicles | N53: US9746371007 | O53: New York Stock Exchange (NYSE) | P53: GRAND DESIGN RECREATIONAL VEHICLE COMPANY | Q53: US | S53: Travel trailer manufacturer | T53: 29201 | U53: =MID(T53,1,3) -> 292 | V53: Manufacture of bodies (coachwork) for motor vehicles (except caravans) | W53: Acquisition 100% | X53: Completed | Y53: 452774 | Z53: 614109.38 | AA53: n.a. | AB53: n.a. | AC53: n.a. | AD53: n.a. | AE53: n.a. | AF53: n.a. | AG53: n.a. | AH53: n.a. | AI53: =Y53/Z53 -> 0.73728559 | AJ53: =VLOOKUP(C53,Richtungsmatrix!$A$2:$E$133,5,FALSE) -> vertikal | AK53: US9746371007 | AL53: New York Stock Exchange (NYSE) | AM53: @NDAQ | AN53: 42646 | AP53: 42636 | AQ53: 261.42 | AR53: 69.79 | AS53: 42644 | AT53: 270.48 | AU53: 67.8 | AV53: 42645 | AW53: 270.48 | AX53: 67.8 | AY53: 42647 | AZ53: 328.55 | BA53: 67.21 | BB53: 42648 | BC53: 333.02 | BD53: 66.8 | BE53: 42656 | BF53: 319.48 | BG53: 66.14 | BH53: =BF53/AQ53-1 -> 0.22209471 | BI53: =BC53/AT53-1 -> 0.23121857 | BJ53: =AZ53/AW53-1 -> 0.2146924 | BK53: =BG53/AR53-1 -> -0.052299756 | BL53: =BD53/AU53-1 -> -0.014749263 | BM53: =BA53/AX53-1 -> -0.0087020649 | BN53: =BH53-BK53 -> 0.27439447 | BO53: 7 | BP53: =BI53-BL53 -> 0.24596784 | BQ53: 5 | BR53: =BJ53-BM53 -> 0.22339446 | BS53: 2 | BT53: =AJ53 -> vertikal | BU53: =BQ53-BS53 -> 3
A54: 35. | B54: 1907058189 | C54: 2932059140 | D54: 41865 | E54: 42248 | F54: 41865 | G54: SONGLIAO AUTOMOBILE CO, LTD | H54: CN | I54: CN31320PC | J54: Automobile body parts manufacturer | K54: 29320 | L54: =MID(K54,1,3) -> 293 | M54: Manufacture of other parts and accessories for motor vehicles | N54: CNE000000KY5 | O54: Shanghai Stock Exchange | P54: JIANGSU YAOLAI STUDIOS MANAGEMENT CO., LTD | Q54: CN | R54: CN9394344413 | S54: Cinemas operation services | T54: 59140 | U54: =MID(T54,1,3) -> 591 | V54: Motion picture projection activities | W54: Acquisition 100% | X54: Completed | Y54: 324325.74 | Z54: 1331212.9 | AA54: n.a. | AB54: n.a. | AC54: n.a. | AD54: n.a. | AE54: n.a. | AF54: -2441.3516 | AG54: n.a. | AH54: n.a. | AI54: =Y54/Z54 -> 0.24363175 | AJ54: =VLOOKUP(C54,Richtungsmatrix!$A$2:$E$133,5,FALSE) -> lateral | AK54: CNE000000KY5 | AL54: Shanghai Stock Exchange | AM54: CHSCOMP | AN54: 41865 | AP54: 41855 | AQ54: 154.57 | AR54: 2190.036 | AS54: 41863 | AT54: 154.57 | AU54: 2222.696 | AV54: 41864 | AW54: 154.57 | AX54: 2223.051 | AY54: 41866 | AZ54: 186.93 | BA54: 2207.226 | BB54: 41867 | BC54: 186.93 | BD54: 2207.226 | BE54: 41875 | BF54: 300.9 | BG54: 2228.974 | BH54: =BF54/AQ54-1 -> 0.94669082 | BI54: =BC54/AT54-1 -> 0.20935498 | BJ54: =AZ54/AW54-1 -> 0.20935498 | BK54: =BG54/AR54-1 -> 0.017779616 | BL54: =BD54/AU54-1 -> -0.0069600161 | BM54: =BA54/AX54-1 -> -0.0071185951 | BN54: =BH54-BK54 -> 0.9289112 | BO54: 1 | BP54: =BI54-BL54 -> 0.216315 | BQ54: 6 | BR54: =BJ54-BM54 -> 0.21647358 | BS54: 3 | BT54: =AJ54 -> lateral | BU54: =BQ54-BS54 -> 3
A55: 120. | B55: 1601479909 | C55: 2932016290 | D55: 41388 | E55: 41422 | F55: 41388 | G55: NINGBO HUAXIANG ELECTRONICS CO., LTD | H55: CN | I55: CN31222PC | J55: Non-metal automobile parts manufacturer | K55: 29320 | L55: =MID(K55,1,3) -> 293 | M55: Manufacture of other parts and accessories for motor vehicles | N55: CNE000001M06 | O55: Shenzhen Stock Exchange | P55: HIB-TRIM PART SOLUTIONS BRUCHSAL GMBH & CO. KG | Q55: DE | R55: DE7050009708 | S55: Automotive interior wood product manufacturer | T55: 16290 | U55: =MID(T55,1,3) -> 162 | V55: Manufacture of other products of wood; manufacture of articles of cork, straw and plaiting materials | W55: Acquisition 100% | X55: Completed | Y55: 34200 | Z55: 1036609 | AA55: 823572.88 | AB55: 614753.31 | AC55: n.a. | AD55: n.a. | AE55: n.a. | AF55: 26536.419 | AG55: 19521.613 | AH55: 938.52035 | AI55: =Y55/Z55 -> 0.032992188 | AJ55: =VLOOKUP(C55,Richtungsmatrix!$A$2:$E$133,5,FALSE) -> lateral | AK55: CNE000001M06 | AL55: Shenzhen Stock Exchange | AM55: CN:COM | AN55: 41388 | AP55: 41378 | AQ55: 504.06 | AR55: 0.91 | AS55: 41386 | AT55: 547.15 | AU55: 0.93 | AV55: 41387 | AW55: 536.89 | AX55: 0.92 | AY55: 41389 | AZ55: 575.19 | BA55: 0.91 | BB55: 41390 | BC55: 566.3 | BD55: 0.89 | BE55: 41398 | BF55: 603.23 | BG55: 0.89 | BH55: =BF55/AQ55-1 -> 0.19674245 | BI55: =BC55/AT55-1 -> 0.034999543 | BJ55: =AZ55/AW55-1 -> 0.071336773 | BK55: =BG55/AR55-1 -> -0.021978022 | BL55: =BD55/AU55-1 -> -0.043010753 | BM55: =BA55/AX55-1 -> -0.010869565 | BN55: =BH55-BK55 -> 0.21872047 | BO55: 9 | BP55: =BI55-BL55 -> 0.078010296 | BQ55: 15 | BR55: =BJ55-BM55 -> 0.082206338 | BS55: 12 | BT55: =AJ55 -> lateral | BU55: =BQ55-BS55 -> 3
A56: 3. | B56: 1601317352 | C56: 2910029100 | D56: 41094 | E56: 41122 | F56: 40864 | G56: VOLKSWAGEN AG | H56: DE | I56: DE2070000543 | J56: Automobile manufacturer holding company | K56: 29100 | L56: =MID(K56,1,3) -> 291 | M56: Manufacture of motor vehicles | N56: DE0007664039 | O56: Boerse Frankfurt | P56: PORSCHE AG | Q56: DE | R56: DE7330903878 | S56: Motor vehicle manufacturer | T56: 29100 | U56: =MID(T56,1,3) -> 291 | V56: Manufacture of motor vehicles | W56: Acquisition increased from 49.9% to 100% | X56: Completed | Y56: 4490000 | Z56: 27515023 | AA56: 24270267 | AB56: 31468055 | AC56: n.a. | AD56: n.a. | AE56: n.a. | AF56: -5256000 | AG56: -18631000 | AH56: -1881000 | AI56: =Y56/Z56 -> 0.16318358 | AJ56: =VLOOKUP(C56,Richtungsmatrix!$A$2:$E$133,5,FALSE) -> horizontal | AK56: DE0007664039 | AL56: Boerse Frankfurt | AM56: DAXINDX | AN56: 41094 | AP56: 41084 | AQ56: 1116.85 | AR56: 6273.1 | AS56: 41092 | AT56: 1145.35 | AU56: 6405.39 | AV56: 41093 | AW56: 1179.6 | AX56: 6508.33 | AY56: 41095 | AZ56: 1235.74 | BA56: 6561.77 | BB56: 41096 | BC56: 1202.72 | BD56: 6508.22 | BE56: 41104 | BF56: 1256.98 | BG56: 6446.22 | BH56: =BF56/AQ56-1 -> 0.12546895 | BI56: =BC56/AT56-1 -> 0.050089492 | BJ56: =AZ56/AW56-1 -> 0.047592404 | BK56: =BG56/AR56-1 -> 0.027597201 | BL56: =BD56/AU56-1 -> 0.016053667 | BM56: =BA56/AX56-1 -> 0.0082110157 | BN56: =BH56-BK56 -> 0.097871752 | BO56: 22 | BP56: =BI56-BL56 -> 0.034035825 | BQ56: 32 | BR56: =BJ56-BM56 -> 0.039381388 | BS56: 29 | BT56: =AJ56 -> horizontal | BU56: =BQ56-BS56 -> 3
A57: 132. | B57: 1909025939 | C57: 2931026301 | D57: 41548 | E57: 41548 | F57: 41548 | G57: ASTRONICS CORPORATION | H57: US | I57: US160959303 | J57: Aerospace, defense, electronics and semiconductor industries lighting, safety, electrical and avionics systems manufacturer | K57: 29310 | L57: =MID(K57,1,3) -> 293 | M57: Manufacture of electrical and electronic equipment for motor vehicles | N57: US0464331083 | O57: NASDAQ National Market | P57: AEROSAT CORPORATION'S CERTAIN ASSETS | Q57: US | S57: Aircraft antenna systems developer | T57: 26301 | U57: =MID(T57,1,3) -> 263 | V57: Manufacture of telegraph and telephone apparatus and equipment | W57: Acquisition 100% | X57: Completed | Y57: 23664 | Z57: 625319.54 | AA57: n.a. | AB57: n.a. | AC57: n.a. | AD57: n.a. | AE57: n.a. | AF57: n.a. | AG57: n.a. | AH57: n.a. | AI57: =Y57/Z57 -> 0.037843052 | AJ57: =VLOOKUP(C57,Richtungsmatrix!$A$2:$E$133,5,FALSE) -> lateral | AK57: US0464331083 | AL57: NASDAQ National Market | AM57: @NDAQ | AN57: 41548 | AP57: 41538 | AQ57: 69191.63 | AR57: 32.09 | AS57: 41546 | AT57: 69233.31 | AU57: 32.3 | AV57: 41547 | AW57: 69108.19 | AX57: 31.87 | AY57: 41549 | AZ57: 68816.25 | BA57: 32.3 | BB57: 41550 | BC57: 67481.63 | BD57: 32.22 | BE57: 41558 | BF57: 75373.75 | BG57: 32.87 | BH57: =BF57/AQ57-1 -> 0.089347801 | BI57: =BC57/AT57-1 -> -0.025301116 | BJ57: =AZ57/AW57-1 -> -0.0042243908 | BK57: =BG57/AR57-1 -> 0.024306638 | BL57: =BD57/AU57-1 -> -0.0024767802 | BM57: =BA57/AX57-1 -> 0.013492313 | BN57: =BH57-BK57 -> 0.065041164 | BO57: 34 | BP57: =BI57-BL57 -> -0.022824336 | BQ57: 99 | BR57: =BJ57-BM57 -> -0.017716703 | BS57: 96 | BT57: =AJ57 -> lateral | BU57: =BQ57-BS57 -> 3
A58: 25. | B58: 1909457016 | C58: 2910029201 | D58: 42551 | E58: 42551 | F58: 42551 | G58: THOR INDUSTRIES INC. | H58: US | I58: US930768752 | J58: Caravans and recreational vehicles manufacturer | K58: 29100 | L58: =MID(K58,1,3) -> 291 | M58: Manufacture of motor vehicles | N58: US8851601018 | O58: New York Stock Exchange (NYSE) | P58: JAYCO INC. | Q58: US | R58: US138515119L | S58: Travel and camping trailers manufacturer | T58: 29201 | U58: =MID(T58,1,3) -> 292 | V58: Manufacture of bodies (coachwork) for motor vehicles (except caravans) | W58: Acquisition 100% | X58: Completed | Y58: 518825 | Z58: 3810852.3 | AA58: n.a. | AB58: n.a. | AC58: n.a. | AD58: n.a. | AE58: n.a. | AF58: n.a. | AG58: n.a. | AH58: n.a. | AI58: =Y58/Z58 -> 0.13614408 | AJ58: =VLOOKUP(C58,Richtungsmatrix!$A$2:$E$133,5,FALSE) -> vertikal | AK58: US8851601018 | AL58: New York Stock Exchange (NYSE) | AM58: @NDAQ | AN58: 42551 | AP58: 42541 | AQ58: 11689.19 | AR58: 64.61 | AS58: 42549 | AT58: 11246.65 | AU58: 61.75 | AV58: 42550 | AW58: 11535.03 | AX58: 63.19 | AY58: 42552 | AZ58: 12547.06 | BA58: 64.71 | BB58: 42553 | BC58: 12547.06 | BD58: 64.71 | BE58: 42561 | BF58: 12911.61 | BG58: 65.42 | BH58: =BF58/AQ58-1 -> 0.10457696 | BI58: =BC58/AT58-1 -> 0.11562643 | BJ58: =AZ58/AW58-1 -> 0.087735359 | BK58: =BG58/AR58-1 -> 0.012536759 | BL58: =BD58/AU58-1 -> 0.047935223 | BM58: =BA58/AX58-1 -> 0.024054439 | BN58: =BH58-BK58 -> 0.092040205 | BO58: 24 | BP58: =BI58-BL58 -> 0.067691208 | BQ58: 17 | BR58: =BJ58-BM58 -> 0.06368092 | BS58: 15 | BT58: =AJ58 -> vertikal | BU58: =BQ58-BS58 -> 2
A59: 116. | B59: 1909392975 | C59: 2910063110 | D59: 42388 | E59: 42388 | F59: 42388 | G59: GENERAL MOTORS COMPANY | H59: US | I59: US270756180 | J59: Car manufacturer | K59: 29100 | L59: =MID(K59,1,3) -> 291 | M59: Manufacture of motor vehicles | N59: US37045V1008 | O59: New York Stock Exchange (NYSE) | P59: SIDECAR TECHNOLOGIES INC.'S ASSETS | Q59: US | S59: Online peer-to-peer ridesharing marketplace mobile platform operator | T59: 63110 | U59: =MID(T59,1,3) -> 631 | V59: Data processing, hosting and related activities | W59: Acquisition 100% | X59: Completed | Y59: 35808 | Z59: 49978230 | AA59: n.a. | AB59: n.a. | AC59: n.a. | AD59: n.a. | AE59: n.a. | AF59: n.a. | AG59: n.a. | AH59: n.a. | AI59: =Y59/Z59 -> 0.00071647195 | AJ59: =VLOOKUP(C59,Richtungsmatrix!$A$2:$E$133,5,FALSE) -> lateral | AK59: US37045V1008 | AL59: New York Stock Exchange (NYSE) | AM59: @NDAQ | AN59: 42388 | AP59: 42378 | AQ59: 93.13 | AR59: 57.47 | AS59: 42386 | AT59: 93.26 | AU59: 55.83 | AV59: 42387 | AW59: 93.26 | AX59: 56.49 | AY59: 42389 | AZ59: 92.78 | BA59: 56.49 | BB59: 42390 | BC59: 93.19 | BD59: 56.35 | BE59: 42398 | BF59: 93.48 | BG59: 59.45 | BH59: =BF59/AQ59-1 -> 0.0037581875 | BI59: =BC59/AT59-1 -> -0.00075058975 | BJ59: =AZ59/AW59-1 -> -0.0051469011 | BK59: =BG59/AR59-1 -> 0.034452758 | BL59: =BD59/AU59-1 -> 0.0093139889 | BM59: =BA59/AX59-1 -> 0 | BN59: =BH59-BK59 -> -0.03069457 | BO59: 87 | BP59: =BI59-BL59 -> -0.010064579 | BQ59: 84 | BR59: =BJ59-BM59 -> -0.0051469011 | BS59: 82 | BT59: =AJ59 -> lateral | BU59: =BQ59-BS59 -> 2
A60: 20. | B60: 1907175480 | C60: 2920129201 | D60: 42642 | E60: 42736 | F60: 42642 | G60: MITSUBISHI NICHIYU FORKLIFT CO., LTD | H60: JP | I60: JP3130001030352 | J60: Forklift manufacturer | K60: 29201 | L60: =MID(K60,1,3) -> 292 | M60: Manufacture of bodies (coachwork) for motor vehicles (except caravans) | N60: JP3753800006 | O60: Tokyo Stock Exchange | P60: UNICARRIERS CORPORATION | Q60: JP | R60: JP8010001143319 | S60: Forklift manufacturer | T60: 29201 | U60: =MID(T60,1,3) -> 292 | V60: Manufacture of bodies (coachwork) for motor vehicles (except caravans) | W60: Acquisition increased from 35% to 100% | X60: Completed | Y60: 624040.58 | Z60: 266148.28 | AA60: 389252.34 | AB60: 379302.06 | AC60: 14138.744 | AD60: 21265.004 | AE60: 8208.1896 | AF60: -4219.0074 | AG60: 19794.716 | AH60: 18447.271 | AI60: =Y60/Z60 -> 2.3447102 | AJ60: =VLOOKUP(C60,Richtungsmatrix!$A$2:$E$133,5,FALSE) -> horizontal | AK60: JP3753800006 | AL60: Tokyo Stock Exchange | AM60: TOKYOSE | AN60: 42642 | AO60: =AP60-1 -> 42631 | AP60: 42632 | AQ60: 1288.32 | AR60: 1304.75 | AS60: 42640 | AT60: 1493.96 | AU60: 1321.37 | AV60: 42641 | AW60: 1528.65 | AX60: 1333.77 | AY60: 42643 | AZ60: 1657.48 | BA60: 1323.23 | BB60: 42644 | BC60: 1657.48 | BD60: 1323.23 | BE60: 42652 | BF60: 1491.48 | BG60: 1352.9 | BH60: =BF60/AQ60-1 -> 0.15769374 | BI60: =BC60/AT60-1 -> 0.10945407 | BJ60: =AZ60/AW60-1 -> 0.084276976 | BK60: =BG60/AR60-1 -> 0.036903621 | BL60: =BD60/AU60-1 -> 0.00140763 | BM60: =BA60/AX60-1 -> -0.007902412 | BN60: =BH60-BK60 -> 0.12079012 | BO60: 17 | BP60: =BI60-BL60 -> 0.10804644 | BQ60: 10 | BR60: =BJ60-BM60 -> 0.092179388 | BS60: 9 | BT60: =AJ60 -> horizontal | BU60: =BQ60-BS60 -> 1
A61: 13. | B61: 1907093584 | C61: 2920129201 | D61: 42216 | E61: 42460 | F61: 42094 | G61: MITSUBISHI NICHIYU FORKLIFT CO., LTD | H61: JP | I61: JP3130001030352 | J61: Forklift manufacturer | K61: 29201 | L61: =MID(K61,1,3) -> 292 | M61: Manufacture of bodies (coachwork) for motor vehicles (except caravans) | N61: JP3753800006 | O61: Tokyo Stock Exchange | P61: UNICARRIERS HOLDINGS CORPORATION | Q61: JP | R61: JP8010001143319 | S61: Forklift manufacturing holding company | T61: 29201 | U61: =MID(T61,1,3) -> 292 | V61: Manufacture of bodies (coachwork) for motor vehicles (except caravans) | W61: Acquisition 100% | X61: Completed | Y61: 857838 | Z61: 266148.28 | AA61: 389252.34 | AB61: 379302.06 | AC61: 14138.744 | AD61: 21265.004 | AE61: 8208.1896 | AF61: -4219.0074 | AG61: 19794.716 | AH61: 18447.271 | AI61: =Y61/Z61 -> 3.2231582 | AJ61: =VLOOKUP(C61,Richtungsmatrix!$A$2:$E$133,5,FALSE) -> horizontal | AK61: JP3753800006 | AL61: Tokyo Stock Exchange | AM61: TOKYOSE | AN61: 42216 | AP61: 42206 | AQ61: 1374.38 | AR61: 1672.78 | AS61: 42214 | AT61: 1342.93 | AU61: 1637.97 | AV61: 42215 | AW61: 1359.86 | AX61: 1645.9 | AY61: 42217 | AZ61: 1432.45 | BA61: 1651.11 | BB61: 42218 | BC61: 1432.45 | BD61: 1651.11 | BE61: 42226 | BF61: 1449.39 | BG61: 1674.12 | BH61: =BF61/AQ61-1 -> 0.054577337 | BI61: =BC61/AT61-1 -> 0.066660213 | BJ61: =AZ61/AW61-1 -> 0.053380495 | BK61: =BG61/AR61-1 -> 0.00080106171 | BL61: =BD61/AU61-1 -> 0.0080221249 | BM61: =BA61/AX61-1 -> 0.0031654414 | BN61: =BH61-BK61 -> 0.053776275 | BO61: 39 | BP61: =BI61-BL61 -> 0.058638088 | BQ61: 22 | BR61: =BJ61-BM61 -> 0.050215054 | BS61: 21 | BT61: =AJ61 -> horizontal | BU61: =BQ61-BS61 -> 1
A62: 23. | B62: 1909408877 | C62: 4677029320 | D62: 42429 | E62: 42481 | F62: 42429 | G62: LKQ CORPORATION | H62: US | I62: US364215970 | J62: Recycled auto parts wholesaler | K62: 46770 | L62: =MID(K62,1,3) -> 467 | M62: Wholesale of waste and scrap | N62: US5018892084 | O62: NASDAQ National Market | P62: KPGW HOLDING COMPANY LLC | Q62: US | S62: Automotive glass products manufacturer holding company | T62: 29320 | U62: =MID(T62,1,3) -> 293 | V62: Manufacture of other parts and accessories for motor vehicles | W62: Acquisition 100% | X62: Completed | Y62: 561886.53 | Z62: 8941466.4 | AA62: n.a. | AB62: n.a. | AC62: n.a. | AD62: n.a. | AE62: n.a. | AF62: n.a. | AG62: n.a. | AH62: n.a. | AI62: =Y62/Z62 -> 0.062840535 | AJ62: =VLOOKUP(C62,Richtungsmatrix!$A$2:$E$133,5,FALSE) -> lateral | AK62: US5018892084 | AL62: NASDAQ National Market | AM62: @NDAQ | AN62: 42429 | AP62: 42419 | AQ62: 1403.2 | AR62: 62.53 | AS62: 42427 | AT62: 1501.87 | AU62: 64.73 | AV62: 42428 | AW62: 1501.87 | AX62: 64.73 | AY62: 42430 | AZ62: 1522.13 | BA62: 63.82 | BB62: 42431 | BC62: 1544.53 | BD62: 64.99 | BE62: 42439 | BF62: 1626.67 | BG62: 64.8 | BH62: =BF62/AQ62-1 -> 0.15925741 | BI62: =BC62/AT62-1 -> 0.028404589 | BJ62: =AZ62/AW62-1 -> 0.013489849 | BK62: =BG62/AR62-1 -> 0.036302575 | BL62: =BD62/AU62-1 -> 0.0040166847 | BM62: =BA62/AX62-1 -> -0.014058396 | BN62: =BH62-BK62 -> 0.12295484 | BO62: 16 | BP62: =BI62-BL62 -> 0.024387904 | BQ62: 39 | BR62: =BJ62-BM62 -> 0.027548246 | BS62: 38 | BT62: =AJ62 -> lateral | BU62: =BQ62-BS62 -> 1
A63: 215. | B63: 1633115525 | C63: 2932029320 | D63: 41305 | E63: 41389 | F63: 41305 | G63: ZHEJIANG SHIBAO CO., LTD | H63: CN | I63: CN31346PC | J63: Automobile steering column manufacturer | K63: 29320 | L63: =MID(K63,1,3) -> 293 | M63: Manufacture of other parts and accessories for motor vehicles | N63: CNE1000004W6 | O63: Hong Kong Stock Exchange | P63: WUHU STERLING STEERING SYSTEM CO., LTD | Q63: CN | R63: CN9360521103 | S63: Steering system manufacturer | T63: 29320 | U63: =MID(T63,1,3) -> 293 | V63: Manufacture of other parts and accessories for motor vehicles | W63: Acquisition increased from 46% to 52% | X63: Completed | Y63: 373.05 | Z63: 65971.263 | AA63: 71599.703 | AB63: n.a. | AC63: n.a. | AD63: n.a. | AE63: n.a. | AF63: 180.1733 | AG63: 148.68047 | AH63: n.a. | AI63: =Y63/Z63 -> 0.0056547348 | AJ63: =VLOOKUP(C63,Richtungsmatrix!$A$2:$E$133,5,FALSE) -> horizontal | AK63: CNE1000004W6 | AL63: Hong Kong Stock Exchange | AM63: K:HKEX | AN63: 41305 | AP63: 41295 | AQ63: 236.28 | AR63: 148 | AS63: 41303 | AT63: 227.58 | AU63: 147 | AV63: 41304 | AW63: 228.37 | AX63: 147 | AY63: 41306 | AZ63: 217.31 | BA63: 147.1 | BB63: 41307 | BC63: 217.31 | BD63: 147.1 | BE63: 41315 | BF63: 217.31 | BG63: 143.9 | BH63: =BF63/AQ63-1 -> -0.080286101 | BI63: =BC63/AT63-1 -> -0.045126988 | BJ63: =AZ63/AW63-1 -> -0.048430179 | BK63: =BG63/AR63-1 -> -0.027702703 | BL63: =BD63/AU63-1 -> 0.00068027211 | BM63: =BA63/AX63-1 -> 0.00068027211 | BN63: =BH63-BK63 -> -0.052583399 | BO63: 104 | BP63: =BI63-BL63 -> -0.04580726 | BQ63: 118 | BR63: =BJ63-BM63 -> -0.049110451 | BS63: 117 | BT63: =AJ63 -> horizontal | BU63: =BQ63-BS63 -> 1
A64: 128. | B64: 1601456103 | C64: 7219029320 | D64: 41621 | E64: 41648 | F64: 41351 | G64: TOROTRAK PLC | H64: GB | I64: GB03580465 | J64: Gearless traction technology developer | K64: 72190 | L64: =MID(K64,1,3) -> 721 | M64: Other research and experimental development on natural sciences and engineering | N64: GB0002922382 | O64: London Stock Exchange | P64: FLYBRID AUTOMOTIVE LTD | Q64: GB | R64: GB06025271 | S64: Low carbon vehicle technology manufacturer | T64: 29320 | U64: =MID(T64,1,3) -> 293 | V64: Manufacture of other parts and accessories for motor vehicles | W64: Acquisition increased from 20% to 100% | X64: Completed | Y64: 27861 | Z64: 32426.429 | AA64: 34680.172 | AB64: 67849.269 | AC64: -17076.127 | AD64: -10681.466 | AE64: -5098.6386 | AF64: -17602.402 | AG64: -11570.098 | AH64: -5774.5944 | AI64: =Y64/Z64 -> 0.85920654 | AJ64: =VLOOKUP(C64,Richtungsmatrix!$A$2:$E$133,5,FALSE) -> vertikal | AK64: GB0002922382 | AL64: London Stock Exchange | AM64: FTSE100 | AN64: 41621 | AP64: 41611 | AQ64: 6.73 | AR64: 6595.33 | AS64: 41619 | AT64: 7.65 | AU64: 6523.31 | AV64: 41620 | AW64: 7.4 | AX64: 6507.72 | AY64: 41622 | AZ64: 6.86 | BA64: 6445.25 | BB64: 41623 | BC64: 6.86 | BD64: 6445.25 | BE64: 41631 | BF64: 6.52 | BG64: 6606.58 | BH64: =BF64/AQ64-1 -> -0.031203566 | BI64: =BC64/AT64-1 -> -0.10326797 | BJ64: =AZ64/AW64-1 -> -0.072972973 | BK64: =BG64/AR64-1 -> 0.0017057524 | BL64: =BD64/AU64-1 -> -0.011966318 | BM64: =BA64/AX64-1 -> -0.0095993681 | BN64: =BH64-BK64 -> -0.032909319 | BO64: 89 | BP64: =BI64-BL64 -> -0.091301656 | BQ64: 127 | BR64: =BJ64-BM64 -> -0.063373605 | BS64: 126 | BT64: =AJ64 -> vertikal | BU64: =BQ64-BS64 -> 1
A65: 134. | B65: 1907160044 | C65: 2712029320 | D65: 42523 | E65: 42781 | F65: 42523 | G65: KORID INC. | H65: KR | I65: KR1312110003976 | J65: Semiconductor testing device manufacturer | K65: 27120 | L65: =MID(K65,1,3) -> 271 | M65: Manufacture of electricity distribution and control apparatus | N65: KR7033430000 | O65: KOSDAQ | P65: DST CO., LTD | Q65: KR | R65: KR1942110015778 | S65: Motor vehicle parts manufacturer | T65: 29320 | U65: =MID(T65,1,3) -> 293 | V65: Manufacture of other parts and accessories for motor vehicles | W65: Acquisition 100% | X65: Completed | Y65: 22419.55 | Z65: 41889.164 | AA65: 47559.672 | AB65: 48949.897 | AC65: -17272.276 | AD65: -11910.064 | AE65: -10871.955 | AF65: -1442.7891 | AG65: -519.63464 | AH65: -1994.0378 | AI65: =Y65/Z65 -> 0.5352112 | AJ65: =VLOOKUP(C65,Richtungsmatrix!$A$2:$E$133,5,FALSE) -> vertikal | AK65: KR7033430000 | AL65: KOSDAQ | AM65: KRX100I | AN65: 42523 | AP65: 42513 | AQ65: 0.3 | AR65: 3830.57 | AS65: 42521 | AT65: 0.32 | AU65: 3859.79 | AV65: 42522 | AW65: 0.33 | AX65: 3885.33 | AY65: 42524 | AZ65: 0.5 | BA65: 3902.6 | BB65: 42525 | BC65: 0.5 | BD65: 3902.6 | BE65: 42533 | BF65: 0.45 | BG65: 3960.6 | BH65: =BF65/AQ65-1 -> 0.5 | BI65: =BC65/AT65-1 -> 0.5625 | BJ65: =AZ65/AW65-1 -> 0.51515152 | BK65: =BG65/AR65-1 -> 0.03394534 | BL65: =BD65/AU65-1 -> 0.011091277 | BM65: =BA65/AX65-1 -> 0.0044449249 | BN65: =BH65-BK65 -> 0.46605466 | BO65: 3 | BP65: =BI65-BL65 -> 0.55140872 | BQ65: 1 | BR65: =BJ65-BM65 -> 0.51070659 | BS65: 1 | BT65: =AJ65 -> vertikal | BU65: =BQ65-BS65 -> 0
A66: 92. | B66: 1909522386 | C66: 7112129201 | D66: 42725 | E66: 42725 | F66: 42725 | G66: QINETIQ GROUP PLC | H66: GB | I66: GB04586941 | J66: Defence, aviation and security consultancy services | K66: 71121 | L66: =MID(K66,1,3) -> 711 | M66: Engineering design activities for industrial process and production | N66: GB00B0WMWD03 | O66: London Stock Exchange | P66: MEGGITT DEFENCE SYSTEMS LTD | Q66: GB | R66: GB01877695 | S66: Unmanned aerial, naval and land-based target systems manufacturer | T66: 29201 | U66: =MID(T66,1,3) -> 292 | V66: Manufacture of bodies (coachwork) for motor vehicles (except caravans) | W66: Acquisition 100% | X66: Completed | Y66: 68438.36 | Z66: 1692220.5 | AA66: 1598212.1 | AB66: 1800958.9 | AC66: 134225.59 | AD66: 144024.4 | AE66: -15329.713 | AF66: 96526.039 | AG66: 151590.16 | AH66: 23054.923 | AI66: =Y66/Z66 -> 0.040442932 | AJ66: =VLOOKUP(C66,Richtungsmatrix!$A$2:$E$133,5,FALSE) -> vertikal | AK66: GB00B0WMWD03 | AL66: London Stock Exchange | AM66: FTSE100 | AN66: 42725 | AP66: 42715 | AQ66: 154.59 | AR66: 6931.55 | AS66: 42723 | AT66: 156.41 | AU66: 7011.64 | AV66: 42724 | AW66: 155.78 | AX66: 7017.16 | AY66: 42726 | AZ66: 162.23 | BA66: 7041.42 | BB66: 42727 | BC66: 163.05 | BD66: 7063.68 | BE66: 42735 | BF66: 164.68 | BG66: 7120.26 | BH66: =BF66/AQ66-1 -> 0.065269422 | BI66: =BC66/AT66-1 -> 0.042452529 | BJ66: =AZ66/AW66-1 -> 0.041404545 | BK66: =BG66/AR66-1 -> 0.027224791 | BL66: =BD66/AU66-1 -> 0.0074219441 | BM66: =BA66/AX66-1 -> 0.0034572391 | BN66: =BH66-BK66 -> 0.038044631 | BO66: 46 | BP66: =BI66-BL66 -> 0.035030585 | BQ66: 30 | BR66: =BJ66-BM66 -> 0.037947306 | BS66: 30 | BT66: =AJ66 -> vertikal | BU66: =BQ66-BS66 -> 0
A67: 24. | B67: 1633011334 | C67: 2932029320 | D67: 41263 | E67: 41345 | F67: 40459 | G67: GUANGDONG SUNRISE HOLDINGS CO., LTD | H67: CN | I67: CN30108PC | J67: Auto parts manufacturer | K67: 29320 | L67: =MID(K67,1,3) -> 293 | M67: Manufacture of other parts and accessories for motor vehicles | N67: CNE000000B34 | O67: Shenzhen Stock Exchange | P67: FAWER AUTOMOTIVE PARTS CO., LTD | Q67: CN | R67: CN30108PC | S67: Vehicle components manufacturer | T67: 29320 | U67: =MID(T67,1,3) -> 293 | V67: Manufacture of other parts and accessories for motor vehicles | W67: Acquisition 100% | X67: Completed | Y67: 535931.91 | Z67: 21510.311 | AA67: 25495.184 | AB67: 23087.08 | AC67: n.a. | AD67: n.a. | AE67: n.a. | AF67: -381.47824 | AG67: -700.95087 | AH67: -2011.2782 | AI67: =Y67/Z67 -> 24.915116 | AJ67: =VLOOKUP(C67,Richtungsmatrix!$A$2:$E$133,5,FALSE) -> horizontal | AK67: CNE000000B34 | AL67: Shenzhen Stock Exchange | AM67: CN:COM | AN67: 41263 | AP67: 41253 | AQ67: 135.8 | AR67: 0.84 | AS67: 41261 | AT67: 134.54 | AU67: 0.88 | AV67: 41262 | AW67: 133.9 | AX67: 0.88 | AY67: 41264 | AZ67: 133.59 | BA67: 0.89 | BB67: 41265 | BC67: 133.59 | BD67: 0.89 | BE67: 41273 | BF67: 142.45 | BG67: 0.91 | BH67: =BF67/AQ67-1 -> 0.048969072 | BI67: =BC67/AT67-1 -> -0.0070610971 | BJ67: =AZ67/AW67-1 -> -0.0023151606 | BK67: =BG67/AR67-1 -> 0.083333333 | BL67: =BD67/AU67-1 -> 0.011363636 | BM67: =BA67/AX67-1 -> 0.011363636 | BN67: =BH67-BK67 -> -0.034364261 | BO67: 91 | BP67: =BI67-BL67 -> -0.018424733 | BQ67: 92 | BR67: =BJ67-BM67 -> -0.013678797 | BS67: 92 | BT67: =AJ67 -> horizontal | BU67: =BQ67-BS67 -> 0
A68: 121. | B68: 1907119099 | C68: 2910026110 | D68: 42277 | E68: 42606 | F68: 42277 | G68: WEIHAI GUANGTAI AIRPORT EQUIPMENT CO., LTD | H68: CN | I68: CN31664PC | J68: Airport used ice-melted, fuelling car, medical car and other vehicles manufacturer | K68: 29100 | L68: =MID(K68,1,3) -> 291 | M68: Manufacture of motor vehicles | N68: CNE000001QT0 | O68: Shenzhen Stock Exchange | P68: TIANJIN ALL CHINA TIMES AEROSPACE TECHNOLOGY CO., LTD | Q68: CN | R68: CN9371035872 | S68: Unmanned aerial vehicle (UAV) manufacturer | T68: 26110 | U68: =MID(T68,1,3) -> 261 | V68: Manufacture of electronic components | W68: Acquisition 57.8% | X68: Completed | Y68: 33670 | Z68: 573605.33 | AA68: 822683.75 | AB68: 395748.39 | AC68: n.a. | AD68: n.a. | AE68: n.a. | AF68: 6768.2197 | AG68: 8735.9692 | AH68: 5850.4078 | AI68: =Y68/Z68 -> 0.058698897 | AJ68: =VLOOKUP(C68,Richtungsmatrix!$A$2:$E$133,5,FALSE) -> vertikal | AK68: CNE000001QT0 | AL68: Shenzhen Stock Exchange | AM68: CN:COM | AN68: 42277 | AP68: 42267 | AQ68: 289.96 | AR68: 1.02 | AS68: 42275 | AT68: 289.96 | AU68: 1.02 | AV68: 42276 | AW68: 289.96 | AX68: 1.02 | AY68: 42278 | AZ68: 260.98 | BA68: 1.02 | BB68: 42279 | BC68: 260.98 | BD68: 1.02 | BE68: 42287 | BF68: 257.17 | BG68: 1.06 | BH68: =BF68/AQ68-1 -> -0.11308456 | BI68: =BC68/AT68-1 -> -0.09994482 | BJ68: =AZ68/AW68-1 -> -0.09994482 | BK68: =BG68/AR68-1 -> 0.039215686 | BL68: =BD68/AU68-1 -> 0 | BM68: =BA68/AX68-1 -> 0 | BN68: =BH68-BK68 -> -0.15230025 | BO68: 130 | BP68: =BI68-BL68 -> -0.09994482 | BQ68: 130 | BR68: =BJ68-BM68 -> -0.09994482 | BS68: 130 | BT68: =AJ68 -> vertikal | BU68: =BQ68-BS68 -> 0
A69: 4. | B69: 1909504445 | C69: 2932029320 | D69: 42677 | E69: 42831 | F69: 42677 | G69: AMERICAN AXLE & MANUFACTURING HOLDINGS INC. | H69: US | I69: US363161171 | J69: Automotive components manufacturer | K69: 29320 | L69: =MID(K69,1,3) -> 293 | M69: Manufacture of other parts and accessories for motor vehicles | N69: US0240611030 | O69: New York Stock Exchange (NYSE) | P69: METALDYNE PERFORMANCE GROUP INC. | Q69: US | R69: US471420222 | S69: Motor vehicle components manufacturer | T69: 29320 | U69: =MID(T69,1,3) -> 293 | V69: Manufacture of other parts and accessories for motor vehicles | W69: Acquisition 100% | X69: Completed | Y69: 3092682 | Z69: 1400182.2 | AA69: n.a. | AB69: n.a. | AC69: n.a. | AD69: n.a. | AE69: n.a. | AF69: n.a. | AG69: n.a. | AH69: n.a. | AI69: =Y69/Z69 -> 2.2087711 | AJ69: =VLOOKUP(C69,Richtungsmatrix!$A$2:$E$133,5,FALSE) -> horizontal | AK69: US0240611030 | AL69: New York Stock Exchange (NYSE) | AM69: @NDAQ | AN69: 42677 | AP69: 42667 | AQ69: 121.73 | AR69: 66.26 | AS69: 42675 | AT69: 117.4 | AU69: 63.8 | AV69: 42676 | AW69: 114.3 | AX69: 63.65 | AY69: 42678 | AZ69: 93.93 | BA69: 64.34 | BB69: 42679 | BC69: 93.93 | BD69: 64.34 | BE69: 42687 | BF69: 94.62 | BG69: 66.98 | BH69: =BF69/AQ69-1 -> -0.22270599 | BI69: =BC69/AT69-1 -> -0.19991482 | BJ69: =AZ69/AW69-1 -> -0.17821522 | BK69: =BG69/AR69-1 -> 0.010866284 | BL69: =BD69/AU69-1 -> 0.0084639498 | BM69: =BA69/AX69-1 -> 0.010840534 | BN69: =BH69-BK69 -> -0.23357227 | BO69: 132 | BP69: =BI69-BL69 -> -0.20837877 | BQ69: 133 | BR69: =BJ69-BM69 -> -0.18905576 | BS69: 133 | BT69: =AJ69 -> horizontal | BU69: =BQ69-BS69 -> 0
A70: 145. | B70: 1601383479 | C70: 4511129100 | D70: 41087 | E70: 41114 | F70: 41087 | G70: GREEN AUTOMOTIVE COMPANY CORPORATION | H70: US | I70: US223680581 | J70: Eco-friendly vehicle wholesaler | K70: 45111 | L70: =MID(K70,1,3) -> 451 | M70: Sale of new cars and light motor vehicles | N70: US39260A1007 | O70: OTC Bulletin Board | P70: LIBERTY ELECTRIC CARS LTD | Q70: GB | R70: GB05994519 | S70: Electric car manufacturer | T70: 29100 | U70: =MID(T70,1,3) -> 291 | V70: Manufacture of motor vehicles | W70: Acquisition 100% | X70: Completed | Y70: 17128 | Z70: 78918.319 | AA70: 106143.34 | AB70: n.a. | AC70: n.a. | AD70: n.a. | AE70: n.a. | AF70: n.a. | AG70: 0 | AH70: n.a. | AI70: =Y70/Z70 -> 0.21703453 | AJ70: =VLOOKUP(C70,Richtungsmatrix!$A$2:$E$133,5,FALSE) -> vertikal | AK70: US39260A1007 | AL70: OTC Bulletin Board | AM70: @NDAQ | AN70: 41087 | AP70: 41077 | AQ70: 0.38 | AR70: 21.27 | AS70: 41085 | AT70: 0.53 | AU70: 21.44 | AV70: 41086 | AW70: 0.56 | AX70: 21.35 | AY70: 41088 | AZ70: 0.45 | BA70: 21.47 | BB70: 41089 | BC70: 0.44 | BD70: 22.28 | BE70: 41097 | BF70: 0.53 | BG70: 22.35 | BH70: =BF70/AQ70-1 -> 0.39473684 | BI70: =BC70/AT70-1 -> -0.16981132 | BJ70: =AZ70/AW70-1 -> -0.19642857 | BK70: =BG70/AR70-1 -> 0.05077574 | BL70: =BD70/AU70-1 -> 0.039179104 | BM70: =BA70/AX70-1 -> 0.0056206089 | BN70: =BH70-BK70 -> 0.3439611 | BO70: 5 | BP70: =BI70-BL70 -> -0.20899043 | BQ70: 134 | BR70: =BJ70-BM70 -> -0.20204918 | BS70: 134 | BT70: =AJ70 -> vertikal | BU70: =BQ70-BS70 -> 0
BQ71: 135 | BS71: 135 | BT71: =AJ71 -> 0 | BU71: =BQ71-BS71 -> 0
A72: 111. | B72: 1907097674 | C72: 2920126511 | D72: 42122 | E72: 42402 | F72: 42122 | G72: XUZHOU HANDLER SPECIAL VEHICLE CO., LTD | H72: CN | I72: CN40378PC | J72: Overhead working truck manufacturer | K72: 29201 | L72: =MID(K72,1,3) -> 292 | M72: Manufacture of bodies (coachwork) for motor vehicles (except caravans) | N72: CNE1000011W1 | O72: Shenzhen Stock Exchange | P72: SHENZHEN LIANSHUO AUTOMATION TECHNOLOGY CO., LTD | Q72: CN | R72: CN*Z00115059 | S72: Automatic backlight module testing equipment manufacturer | T72: 26511 | U72: =MID(T72,1,3) -> 265 | V72: Manufacture of electronic instruments and appliances for measuring, testing, and navigation, except industrial process control equipment | W72: Acquisition 100% | X72: Completed | Y72: 41666.61 | Z72: 942517.2 | AA72: 992585.26 | AB72: 205641.23 | AC72: 12064.647 | AD72: 3617.7911 | AE72: 2217.9054 | AF72: 20696.624 | AG72: 5878.769 | AH72: 2307.0147 | AI72: =Y72/Z72 -> 0.044207798 | AJ72: =VLOOKUP(C72,Richtungsmatrix!$A$2:$E$133,5,FALSE) -> vertikal | AK72: CNE1000011W1 | AL72: Shenzhen Stock Exchange | AM72: CN:COM | AN72: 42122 | AP72: 42112 | AQ72: 160.66 | AR72: 1.47 | AS72: 42120 | AT72: 160.66 | AU72: 1.53 | AV72: 42121 | AW72: 160.66 | AX72: 1.54 | AY72: 42123 | AZ72: 194.5 | BA72: 1.54 | BB72: 42124 | BC72: 213.95 | BD72: 1.57 | BE72: 42132 | BF72: 236.12 | BG72: 1.49 | BH72: =BF72/AQ72-1 -> 0.46968754 | BI72: =BC72/AT72-1 -> 0.33169426 | BJ72: =AZ72/AW72-1 -> 0.21063115 | BK72: =BG72/AR72-1 -> 0.013605442 | BL72: =BD72/AU72-1 -> 0.026143791 | BM72: =BA72/AX72-1 -> 0 | BN72: =BH72-BK72 -> 0.4560821 | BO72: 4 | BP72: =BI72-BL72 -> 0.30555047 | BQ72: 3 | BR72: =BJ72-BM72 -> 0.21063115 | BS72: 4 | BT72: =AJ72 -> vertikal | BU72: =BQ72-BS72 -> -1
A73: 129. | B73: 1909054483 | C73: 2932029320 | D73: 41628 | E73: 41628 | F73: 41628 | G73: TWINTEC AG | H73: DE | I73: DE5030252559 | J73: Exhaust emission-reducing products manufacturer | K73: 29320 | L73: =MID(K73,1,3) -> 293 | M73: Manufacture of other parts and accessories for motor vehicles | N73: DE000A2DAM11 | O73: Boerse Frankfurt | P73: BAUMOT AG SCHWEIZ | Q73: CH | R73: CHCHE112188595 | S73: Diesel particulate filter products manufacturer | T73: 29320 | U73: =MID(T73,1,3) -> 293 | V73: Manufacture of other parts and accessories for motor vehicles | W73: Acquisition increased from 25% to 95.3% | X73: Completed | Y73: 25857 | Z73: 46252.133 | AA73: 35774.543 | AB73: 28518.744 | AC73: n.a. | AD73: n.a. | AE73: n.a. | AF73: -2331.2767 | AG73: -1295.5663 | AH73: -4026.7076 | AI73: =Y73/Z73 -> 0.55904449 | AJ73: =VLOOKUP(C73,Richtungsmatrix!$A$2:$E$133,5,FALSE) -> horizontal | AK73: DE000A2DAM11 | AL73: Boerse Frankfurt | AM73: DAXINDX | AN73: 41628 | AP73: 41618 | AQ73: 9.63 | AR73: 9180.29 | AS73: 41626 | AT73: 8.8 | AU73: 9145.35 | AV73: 41627 | AW73: 8.93 | AX73: 9279.68 | AY73: 41629 | AZ73: 10.2 | BA73: 9371.08 | BB73: 41630 | BC73: 10.2 | BD73: 9371.08 | BE73: 41638 | BF73: 10.01 | BG73: 9586.53 | BH73: =BF73/AQ73-1 -> 0.039460021 | BI73: =BC73/AT73-1 -> 0.15909091 | BJ73: =AZ73/AW73-1 -> 0.14221725 | BK73: =BG73/AR73-1 -> 0.044251325 | BL73: =BD73/AU73-1 -> 0.024682489 | BM73: =BA73/AX73-1 -> 0.0098494776 | BN73: =BH73-BK73 -> -0.0047913046 | BO73: 71 | BP73: =BI73-BL73 -> 0.13440842 | BQ73: 7 | BR73: =BJ73-BM73 -> 0.13236777 | BS73: 8 | BT73: =AJ73 -> horizontal | BU73: =BQ73-BS73 -> -1
A74: 2. | B74: 1907053922 | C74: 2910029201 | D74: 41831 | E74: 42116 | F74: 41831 | G74: ANHUI JIANGHUAI AUTOMOBILE CO., LTD | H74: CN | I74: CN31395PC | J74: Automobile manufacturer | K74: 29100 | L74: =MID(K74,1,3) -> 291 | M74: Manufacture of motor vehicles | N74: CNE0000018M9 | O74: Shanghai Stock Exchange | P74: ANHUI JIANGHUAI AUTOMOTIVE GROUP CO., LTD | Q74: CN | R74: CN9360603111 | S74: Bus chassis manufacturer | T74: 29201 | U74: =MID(T74,1,3) -> 292 | V74: Manufacture of bodies (coachwork) for motor vehicles (except caravans) | W74: Acquisition 100% | X74: Completed | Y74: 4679713 | Z74: 1195588.9 | AA74: 1244394.2 | AB74: 1200954.4 | AC74: n.a. | AD74: n.a. | AE74: n.a. | AF74: 62070.665 | AG74: 30611.772 | AH74: 38987.095 | AI74: =Y74/Z74 -> 3.9141489 | AJ74: =VLOOKUP(C74,Richtungsmatrix!$A$2:$E$133,5,FALSE) -> vertikal | AK74: CNE0000018M9 | AL74: Shanghai Stock Exchange | AM74: CHSCOMP | AN74: 41831 | AP74: 41821 | AQ74: 364.45 | AR74: 2051.225 | AS74: 41829 | AT74: 364.45 | AU74: 2061.635 | AV74: 41830 | AW74: 364.45 | AX74: 2036.54 | AY74: 41832 | AZ74: 392.43 | BA74: 2033.869 | BB74: 41833 | BC74: 392.43 | BD74: 2033.869 | BE74: 41841 | BF74: 405.38 | BG74: 2057.767 | BH74: =BF74/AQ74-1 -> 0.11230621 | BI74: =BC74/AT74-1 -> 0.07677322 | BJ74: =AZ74/AW74-1 -> 0.07677322 | BK74: =BG74/AR74-1 -> 0.0031893137 | BL74: =BD74/AU74-1 -> -0.013467951 | BM74: =BA74/AX74-1 -> -0.0013115382 | BN74: =BH74-BK74 -> 0.1091169 | BO74: 20 | BP74: =BI74-BL74 -> 0.090241171 | BQ74: 12 | BR74: =BJ74-BM74 -> 0.078084758 | BS74: 13 | BT74: =AJ74 -> vertikal | BU74: =BQ74-BS74 -> -1
A75: 178. | B75: 1909227734 | C75: 2932029320 | D75: 42082 | E75: 42082 | F75: 42082 | G75: LINGYUN INDUSTRIAL CO., LTD | H75: CN | I75: CN31005PC | J75: Metal auto parts manufacturer | K75: 29320 | L75: =MID(K75,1,3) -> 293 | M75: Manufacture of other parts and accessories for motor vehicles | N75: CNE000001FN6 | O75: Shanghai Stock Exchange | P75: WALDASCHAFF AUTOMOTIVE GMBH | Q75: DE | R75: DE8010090673 | S75: Vehicle part manufacturer | T75: 29320 | U75: =MID(T75,1,3) -> 293 | V75: Manufacture of other parts and accessories for motor vehicles | W75: Acquisition 100% | X75: Completed | Y75: 7000 | Z75: 555624.26 | AA75: 628832.75 | AB75: 438305.96 | AC75: n.a. | AD75: n.a. | AE75: n.a. | AF75: 41705.823 | AG75: 27597.968 | AH75: 18807.513 | AI75: =Y75/Z75 -> 0.012598442 | AJ75: =VLOOKUP(C75,Richtungsmatrix!$A$2:$E$133,5,FALSE) -> horizontal | AK75: CNE000001FN6 | AL75: Shanghai Stock Exchange | AM75: CHSCOMP | AN75: 42082 | AP75: 42072 | AQ75: 317.81 | AR75: 3224.314 | AS75: 42080 | AT75: 337.75 | AU75: 3469.603 | AV75: 42081 | AW75: 340.51 | AX75: 3510.501 | AY75: 42083 | AZ75: 335.84 | BA75: 3587.084 | BB75: 42084 | BC75: 335.84 | BD75: 3587.084 | BE75: 42092 | BF75: 353.88 | BG75: 3686.134 | BH75: =BF75/AQ75-1 -> 0.11349548 | BI75: =BC75/AT75-1 -> -0.0056550703 | BJ75: =AZ75/AW75-1 -> -0.013714722 | BK75: =BG75/AR75-1 -> 0.14323047 | BL75: =BD75/AU75-1 -> 0.03386007 | BM75: =BA75/AX75-1 -> 0.021815405 | BN75: =BH75-BK75 -> -0.029734982 | BO75: 86 | BP75: =BI75-BL75 -> -0.03951514 | BQ75: 112 | BR75: =BJ75-BM75 -> -0.035530127 | BS75: 113 | BT75: =AJ75 -> horizontal | BU75: =BQ75-BS75 -> -1
A76: 155. | B76: 1909445715 | C76: 2932058290 | D76: 42494 | E76: 42494 | F76: 42494 | G76: DELPHI AUTOMOTIVE PLC | H76: GB | I76: GBJE108188 | J76: Car parts manufacturer | K76: 29320 | L76: =MID(K76,1,3) -> 293 | M76: Manufacture of other parts and accessories for motor vehicles | N76: JE00B783TY65 | O76: New York Stock Exchange (NYSE) | P76: PUREDEPTH INC. | Q76: US | R76: US470892061 | S76: 3-D display software developer | T76: 58290 | U76: =MID(T76,1,3) -> 582 | V76: Other software publishing | W76: Acquisition 100% | X76: Completed | Y76: 13044 | Z76: 17304859 | AA76: 22055626 | AB76: 17734027 | AC76: 1192486.5 | AD76: 1331863.7 | AE76: 1112757.9 | AF76: 1362299.6 | AG76: 1551391.6 | AH76: 1507288.6 | AI76: =Y76/Z76 -> 0.00075377675 | AJ76: =VLOOKUP(C76,Richtungsmatrix!$A$2:$E$133,5,FALSE) -> lateral | AK76: JE00B783TY65 | AL76: New York Stock Exchange (NYSE) | AM76: @NDAQ | AN76: 42494 | AP76: 42484 | AQ76: 371.58 | AR76: 63.7 | AS76: 42492 | AT76: 361.67 | AU76: 61.74 | AV76: 42493 | AW76: 359.02 | AX76: 62.09 | AY76: 42495 | AZ76: 340.08 | BA76: 62.69 | BB76: 42496 | BC76: 345.72 | BD76: 63.17 | BE76: 42504 | BF76: 337.35 | BG76: 64.09 | BH76: =BF76/AQ76-1 -> -0.092120136 | BI76: =BC76/AT76-1 -> -0.044100976 | BJ76: =AZ76/AW76-1 -> -0.052754721 | BK76: =BG76/AR76-1 -> 0.006122449 | BL76: =BD76/AU76-1 -> 0.023161646 | BM76: =BA76/AX76-1 -> 0.0096633919 | BN76: =BH76-BK76 -> -0.098242585 | BO76: 119 | BP76: =BI76-BL76 -> -0.067262622 | BQ76: 124 | BR76: =BJ76-BM76 -> -0.062418113 | BS76: 125 | BT76: =AJ76 -> lateral | BU76: =BQ76-BS76 -> -1
A77: 214. | B77: 1909203520 | C77: 2932045310 | D77: 42095 | E77: 42095 | F77: 42059 | G77: CSY SA | H77: PL | I77: PL519608547 | J77: Motor vehicles components manufacturer | K77: 29320 | L77: =MID(K77,1,3) -> 293 | M77: Manufacture of other parts and accessories for motor vehicles | N77: PLCSYSA00016 | O77: Warsaw Stock Exchange | P77: TABLEO SA'S DISTRIBUTION of AUTOMOTIVE PARTS AND NUMBER PLATES PRODUCTION BUSINESS | S77: Car parts wholesaler | T77: 45310 | U77: =MID(T77,1,3) -> 453 | V77: Wholesale trade of motor vehicle parts and accessories | W77: Acquisition 100% | X77: Completed | Y77: 454.12 | Z77: 31201.325 | AA77: 8725.0317 | AB77: 8233.3275 | AC77: -707.06613 | AD77: 161.8095 | AE77: 217.148 | AF77: 397.916 | AG77: 282.05111 | AH77: 238.81465 | AI77: =Y77/Z77 -> 0.01455451 | AJ77: =VLOOKUP(C77,Richtungsmatrix!$A$2:$E$133,5,FALSE) -> vertikal | AK77: PLCSYSA00016 | AL77: Warsaw Stock Exchange | AM77: PO:GPW | AN77: 42095 | AP77: 42085 | AQ77: 72.55 | AR77: 49.32 | AS77: 42093 | AT77: 53.42 | AU77: 49.1 | AV77: 42094 | AW77: 53.42 | AX77: 48.02 | AY77: 42096 | AZ77: 46.83 | BA77: 48.65 | BB77: 42097 | BC77: 46.83 | BD77: 48.7 | BE77: 42105 | BF77: 42.21 | BG77: 49.15 | BH77: =BF77/AQ77-1 -> -0.41819435 | BI77: =BC77/AT77-1 -> -0.12336204 | BJ77: =AZ77/AW77-1 -> -0.12336204 | BK77: =BG77/AR77-1 -> -0.0034468775 | BL77: =BD77/AU77-1 -> -0.0081466395 | BM77: =BA77/AX77-1 -> 0.013119534 | BN77: =BH77-BK77 -> -0.41474747 | BO77: 134 | BP77: =BI77-BL77 -> -0.1152154 | BQ77: 131 | BR77: =BJ77-BM77 -> -0.13648157 | BS77: 132 | BT77: =AJ77 -> vertikal | BU77: =BQ77-BS77 -> -1
A78: 174. | B78: 1601426959 | C78: 2932029320 | D78: 41243 | E78: 41243 | F78: 41243 | G78: VBG GROUP AB | H78: SE | I78: SE5560690751 | J78: Truck and trailer couplings and equipment manufacturer | K78: 29320 | L78: =MID(K78,1,3) -> 293 | M78: Manufacture of other parts and accessories for motor vehicles | N78: SE0000115107 | O78: Nasdaq OMX - Stockholm | P78: ONSPOT of NORTH AMERICA INC. | Q78: US | R78: USD232987961D | S78: Automatic tyre chain manufacturer | T78: 29320 | U78: =MID(T78,1,3) -> 293 | V78: Manufacture of other parts and accessories for motor vehicles | W78: Acquisition 100% | X78: Completed | Y78: 7700 | Z78: 217865.74 | AA78: 160689.06 | AB78: 146085.16 | AC78: n.a. | AD78: n.a. | AE78: n.a. | AF78: -2491.1043 | AG78: -1312.5717 | AH78: -1031.2604 | AI78: =Y78/Z78 -> 0.035342867 | AJ78: =VLOOKUP(C78,Richtungsmatrix!$A$2:$E$133,5,FALSE) -> horizontal | AK78: SE0000115107 | AL78: Nasdaq OMX - Stockholm | AM78: SWEDOMX | AN78: 41243 | AP78: 41233 | AQ78: 1635.64 | AR78: 1049.47 | AS78: 41241 | AT78: 1659.69 | AU78: 1067.28 | AV78: 41242 | AW78: 1669.32 | AX78: 1074.86 | AY78: 41244 | AZ78: 1664.51 | BA78: 1084.39 | BB78: 41245 | BC78: 1664.51 | BD78: 1084.39 | BE78: 41253 | BF78: 1654.88 | BG78: 1094.55 | BH78: =BF78/AQ78-1 -> 0.01176298 | BI78: =BC78/AT78-1 -> 0.0029041568 | BJ78: =AZ78/AW78-1 -> -0.0028814128 | BK78: =BG78/AR78-1 -> 0.042955015 | BL78: =BD78/AU78-1 -> 0.016031407 | BM78: =BA78/AX78-1 -> 0.008866271 | BN78: =BH78-BK78 -> -0.031192036 | BO78: 88 | BP78: =BI78-BL78 -> -0.01312725 | BQ78: 87 | BR78: =BJ78-BM78 -> -0.011747684 | BS78: 89 | BT78: =AJ78 -> horizontal | BU78: =BQ78-BS78 -> -2
A79: 108. | B79: 1907039787 | C79: 2910029201 | D79: 41788 | E79: 42011 | F79: 41740 | G79: SICHUAN WESTERN RESOURCES HOLDING CO., LTD | H79: CN | I79: CN30322PC | J79: New energy motor vehicle manufacturing holding company | K79: 29100 | L79: =MID(K79,1,3) -> 291 | M79: Manufacture of motor vehicles | N79: CNE000000VD6 | O79: Shanghai Stock Exchange | P79: CHONGQING HENGTONG COACH CO., LTD | Q79: CN | R79: CN9360172433 | S79: Coach manufacturer | T79: 29201 | U79: =MID(T79,1,3) -> 292 | V79: Manufacture of bodies (coachwork) for motor vehicles (except caravans) | W79: Acquisition 59% | X79: Completed | Y79: 44288.9 | Z79: 996077.61 | AA79: n.a. | AB79: n.a. | AC79: n.a. | AD79: n.a. | AE79: n.a. | AF79: 2795.635 | AG79: n.a. | AH79: n.a. | AI79: =Y79/Z79 -> 0.044463302 | AJ79: =VLOOKUP(C79,Richtungsmatrix!$A$2:$E$133,5,FALSE) -> vertikal | AK79: CNE000000VD6 | AL79: Shanghai Stock Exchange | AM79: CHSCOMP | AN79: 41788 | AP79: 41778 | AQ79: 738.64 | AR79: 2023.014 | AS79: 41786 | AT79: 731.23 | AU79: 2039.791 | AV79: 41787 | AW79: 734.94 | AX79: 2034.561 | AY79: 41789 | AZ79: 699.12 | BA79: 2040.394 | BB79: 41790 | BC79: 699.12 | BD79: 2040.394 | BE79: 41798 | BF79: 719.5 | BG79: 2040.864 | BH79: =BF79/AQ79-1 -> -0.025912488 | BI79: =BC79/AT79-1 -> -0.043912312 | BJ79: =AZ79/AW79-1 -> -0.048738673 | BK79: =BG79/AR79-1 -> 0.0088234683 | BL79: =BD79/AU79-1 -> 0.00029561852 | BM79: =BA79/AX79-1 -> 0.0028669575 | BN79: =BH79-BK79 -> -0.034735956 | BO79: 92 | BP79: =BI79-BL79 -> -0.044207931 | BQ79: 116 | BR79: =BJ79-BM79 -> -0.05160563 | BS79: 118 | BT79: =AJ79 -> vertikal | BU79: =BQ79-BS79 -> -2
A80: 167. | B80: 1907040811 | C80: 2910029310 | D80: 41788 | E80: 42011 | F80: 41747 | G80: SICHUAN WESTERN RESOURCES HOLDING CO., LTD | H80: CN | I80: CN30322PC | J80: New energy motor vehicle manufacturing holding company | K80: 29100 | L80: =MID(K80,1,3) -> 291 | M80: Manufacture of motor vehicles | N80: CNE000000VD6 | O80: Shanghai Stock Exchange | P80: CHONGQING HENGTONG ELECTRIC BUS POWER SYSTEM CO., LTD | Q80: CN | R80: CN*Z00069296 | S80: Electric bus power system manufacturer | T80: 29310 | U80: =MID(T80,1,3) -> 293 | V80: Manufacture of electrical and electronic equipment for motor vehicles | W80: Acquisition increased from 31% to 66% | X80: Completed | Y80: 9499.77 | Z80: 996077.61 | AA80: n.a. | AB80: n.a. | AC80: n.a. | AD80: n.a. | AE80: n.a. | AF80: 2795.635 | AG80: n.a. | AH80: n.a. | AI80: =Y80/Z80 -> 0.0095371786 | AJ80: =VLOOKUP(C80,Richtungsmatrix!$A$2:$E$133,5,FALSE) -> vertikal | AK80: CNE000000VD6 | AL80: Shanghai Stock Exchange | AM80: CHSCOMP | AN80: 41788 | AP80: 41778 | AQ80: 738.64 | AR80: 2023.014 | AS80: 41786 | AT80: 731.23 | AU80: 2039.791 | AV80: 41787 | AW80: 734.94 | AX80: 2034.561 | AY80: 41789 | AZ80: 699.12 | BA80: 2040.394 | BB80: 41790 | BC80: 699.12 | BD80: 2040.394 | BE80: 41798 | BF80: 719.5 | BG80: 2040.864 | BH80: =BF80/AQ80-1 -> -0.025912488 | BI80: =BC80/AT80-1 -> -0.043912312 | BJ80: =AZ80/AW80-1 -> -0.048738673 | BK80: =BG80/AR80-1 -> 0.0088234683 | BL80: =BD80/AU80-1 -> 0.00029561852 | BM80: =BA80/AX80-1 -> 0.0028669575 | BN80: =BH80-BK80 -> -0.034735956 | BO80: 93 | BP80: =BI80-BL80 -> -0.044207931 | BQ80: 117 | BR80: =BJ80-BM80 -> -0.05160563 | BS80: 119 | BT80: =AJ80 -> vertikal | BU80: =BQ80-BS80 -> -2
A81: 207. | B81: 1909039837 | C81: 2920128220 | D81: 41585 | E81: 41608 | F81: 41585 | G81: MANITEX INTERNATIONAL INC. | H81: US | I81: US421628978 | J81: Cranes and lifting equipment manufacturer | K81: 29201 | L81: =MID(K81,1,3) -> 292 | M81: Manufacture of bodies (coachwork) for motor vehicles (except caravans) | N81: US5634201082 | O81: NASDAQ National Market | P81: VALLA SPA | Q81: IT | R81: IT00111770335 | S81: Automotive precision pick and carry cranes manufacturer | T81: 28220 | U81: =MID(T81,1,3) -> 282 | V81: Manufacture of lifting and handling equipment | W81: Acquisition 100% | X81: Completed | Y81: 882 | Z81: 105298.89 | AA81: n.a. | AB81: n.a. | AC81: n.a. | AD81: n.a. | AE81: n.a. | AF81: n.a. | AG81: n.a. | AH81: n.a. | AI81: =Y81/Z81 -> 0.0083761564 | AJ81: =VLOOKUP(C81,Richtungsmatrix!$A$2:$E$133,5,FALSE) -> lateral | AK81: US5634201082 | AL81: NASDAQ National Market | AM81: @NDAQ | AN81: 41585 | AP81: 41575 | AQ81: 192.03 | AR81: 35.69 | AS81: 41583 | AT81: 189.42 | AU81: 35.19 | AV81: 41584 | AW81: 188.55 | AX81: 35.45 | AY81: 41586 | AZ81: 172.46 | BA81: 35.25 | BB81: 41587 | BC81: 172.46 | BD81: 35.25 | BE81: 41595 | BF81: 177.97 | BG81: 37.19 | BH81: =BF81/AQ81-1 -> -0.073217726 | BI81: =BC81/AT81-1 -> -0.08953648 | BJ81: =AZ81/AW81-1 -> -0.085335455 | BK81: =BG81/AR81-1 -> 0.042028579 | BL81: =BD81/AU81-1 -> 0.0017050298 | BM81: =BA81/AX81-1 -> -0.0056417489 | BN81: =BH81-BK81 -> -0.11524631 | BO81: 122 | BP81: =BI81-BL81 -> -0.09124151 | BQ81: 126 | BR81: =BJ81-BM81 -> -0.079693706 | BS81: 128 | BT81: =AJ81 -> lateral | BU81: =BQ81-BS81 -> -2
A82: 213. | B82: 1907101707 | C82: 2910047650 | D82: 42149 | E82: 42149 | F82: 42149 | G82: CME GROUP BHD | H82: MY | I82: MY52235-K | J82: Fire fighting vehicle manufacturer holding company | K82: 29100 | L82: =MID(K82,1,3) -> 291 | M82: Manufacture of motor vehicles | N82: MYL7018OO004 | O82: Bursa Malaysia | P82: AMAZING AREAS SDN BHD | Q82: MY | R82: MY*Z00061427 | S82: Baby and child products retail operating holding company | T82: 47650 | U82: =MID(T82,1,3) -> 476 | V82: Retail sale of games and toys in specialised stores | W82: Acquisition 100% | X82: Completed | Y82: 454.25 | Z82: 5130.4879 | AA82: 6607.9564 | AB82: 6756.9166 | AC82: -3135.9619 | AD82: -2892.7599 | AE82: 718.312 | AF82: -949.73397 | AG82: -3216.1275 | AH82: -1087.6017 | AI82: =Y82/Z82 -> 0.088539338 | AJ82: =VLOOKUP(C82,Richtungsmatrix!$A$2:$E$133,5,FALSE) -> lateral | AK82: MYL7018OO004 | AL82: Bursa Malaysia | AM82: FBMKLCI | AN82: 42149 | AP82: 42139 | AQ82: 46.61 | AR82: 1806.61 | AS82: 42147 | AT82: 49.53 | AU82: 1798.33 | AV82: 42148 | AW82: 49.53 | AX82: 1798.33 | AY82: 42150 | AZ82: 43.7 | BA82: 1767.04 | BB82: 42151 | BC82: 43.7 | BD82: 1758.35 | BE82: 42159 | BF82: 40.79 | BG82: 1742.02 | BH82: =BF82/AQ82-1 -> -0.12486591 | BI82: =BC82/AT82-1 -> -0.11770644 | BJ82: =AZ82/AW82-1 -> -0.11770644 | BK82: =BG82/AR82-1 -> -0.035752044 | BL82: =BD82/AU82-1 -> -0.022231737 | BM82: =BA82/AX82-1 -> -0.017399476 | BN82: =BH82-BK82 -> -0.089113865 | BO82: 115 | BP82: =BI82-BL82 -> -0.095474703 | BQ82: 129 | BR82: =BJ82-BM82 -> -0.10030696 | BS82: 131 | BT82: =AJ82 -> lateral | BU82: =BQ82-BS82 -> -2
A83: 33. | B83: 1907002157 | C83: 2932062011 | D83: 41471 | E83: 41999 | F83: 41471 | G83: SHANGHAI FEILO CO., LTD | H83: CN | I83: CN31524PC | J83: Automobile electronic accessory manufacturer | K83: 29320 | L83: =MID(K83,1,3) -> 293 | M83: Manufacture of other parts and accessories for motor vehicles | N83: CNE0000001Y0 | O83: Shanghai Stock Exchange | P83: ZHONGANXIAO TECHNOLOGY CO., LTD | Q83: CN | R83: CN*Z00070694 | S83: Security technology solution provider | T83: 62011 | U83: =MID(T83,1,3) -> 620 | V83: Ready-made interactive leisure and entertainment software development | W83: Acquisition 100% | X83: Completed | Y83: 376763.52 | Z83: 1337886.6 | AA83: 2238679.8 | AB83: 732356.37 | AC83: n.a. | AD83: n.a. | AE83: n.a. | AF83: -5068.8706 | AG83: -4231.1477 | AH83: -7368.7611 | AI83: =Y83/Z83 -> 0.28161095 | AJ83: =VLOOKUP(C83,Richtungsmatrix!$A$2:$E$133,5,FALSE) -> lateral | AK83: CNE0000001Y0 | AL83: Shanghai Stock Exchange | AM83: CHSCOMP | AN83: 41471 | AP83: 41461 | AQ83: 548.56 | AR83: 2006.191 | AS83: 41469 | AT83: 548.56 | AU83: 2068.044 | AV83: 41470 | AW83: 548.56 | AX83: 2046.119 | AY83: 41472 | AZ83: 657.81 | BA83: 2061.186 | BB83: 41473 | BC83: 723.59 | BD83: 2038.4 | BE83: 41481 | BF83: 822.26 | BG83: 2013.19 | BH83: =BF83/AQ83-1 -> 0.49894269 | BI83: =BC83/AT83-1 -> 0.31907175 | BJ83: =AZ83/AW83-1 -> 0.19915779 | BK83: =BG83/AR83-1 -> 0.0034887007 | BL83: =BD83/AU83-1 -> -0.014334318 | BM83: =BA83/AX83-1 -> 0.0073636968 | BN83: =BH83-BK83 -> 0.49545399 | BO83: 2 | BP83: =BI83-BL83 -> 0.33340607 | BQ83: 2 | BR83: =BJ83-BM83 -> 0.1917941 | BS83: 5 | BT83: =AJ83 -> lateral | BU83: =BQ83-BS83 -> -3
A84: 136. | B84: 1909270443 | C84: 2594029320 | D84: 42223 | E84: 42223 | F84: 42223 | G84: GLOBAL SM TECH LTD | H84: KY | I84: KY41368FK | J84: Screw, shaft and spring products manufacturer holding company | K84: 25940 | L84: =MID(K84,1,3) -> 259 | M84: Manufacture of fasteners and screw machine products | N84: KYG3931T1076 | O84: KOSDAQ | P84: INDUSTRIAS GOL SA | Q84: ES | R84: ESA20438602 | S84: Motor vehicle metal stamping company | T84: 29320 | U84: =MID(T84,1,3) -> 293 | V84: Manufacture of other parts and accessories for motor vehicles | W84: Acquisition 100% | X84: Completed | Y84: 22000 | Z84: 103892.56 | AA84: 29339.619 | AB84: 26393.709 | AC84: 0.88758273 | AD84: -17.495083 | AE84: 2.0233568 | AF84: 11.809629 | AG84: 0.84291083 | AH84: 15.193382 | AI84: =Y84/Z84 -> 0.21175723 | AJ84: =VLOOKUP(C84,Richtungsmatrix!$A$2:$E$133,5,FALSE) -> vertikal | AK84: KYG3931T1076 | AL84: KOSDAQ | AM84: KRX100I | AN84: 42223 | AP84: 42213 | AQ84: 109.14 | AR84: 3893.62 | AS84: 42221 | AT84: 109.52 | AU84: 3912.51 | AV84: 42222 | AW84: 121.87 | AX84: 3919.13 | AY84: 42224 | AZ84: 138.16 | BA84: 3852.01 | BB84: 42225 | BC84: 138.16 | BD84: 3852.01 | BE84: 42233 | BF84: 137.6 | BG84: 3829.3 | BH84: =BF84/AQ84-1 -> 0.26076599 | BI84: =BC84/AT84-1 -> 0.26150475 | BJ84: =AZ84/AW84-1 -> 0.13366702 | BK84: =BG84/AR84-1 -> -0.016519332 | BL84: =BD84/AU84-1 -> -0.015463219 | BM84: =BA84/AX84-1 -> -0.01712625 | BN84: =BH84-BK84 -> 0.27728532 | BO84: 6 | BP84: =BI84-BL84 -> 0.27696797 | BQ84: 4 | BR84: =BJ84-BM84 -> 0.15079327 | BS84: 7 | BT84: =AJ84 -> vertikal | BU84: =BQ84-BS84 -> -3
A85: 109. | B85: 1601474517 | C85: 2811029201 | D85: 41730 | E85: 41730 | F85: 41408 | G85: POWER SOLUTIONS INTERNATIONAL INC. | H85: US | I85: US330963637 | J85: Industrial cleantech engines manufacturer | K85: 28110 | L85: =MID(K85,1,3) -> 281 | M85: Manufacture of engines and turbines, except aircraft, vehicle and cycle engines | N85: US73933G2021 | O85: OTC Bulletin Board | P85: PROFESSIONAL POWER PRODUCTS INC. | Q85: US | R85: US132546121L | S85: Industrial trailers manufacturer | T85: 29201 | U85: =MID(T85,1,3) -> 292 | V85: Manufacture of bodies (coachwork) for motor vehicles (except caravans) | W85: Acquisition 100% | X85: Completed | Y85: 44284 | Z85: 186154.94 | AA85: n.a. | AB85: n.a. | AC85: n.a. | AD85: n.a. | AE85: n.a. | AF85: n.a. | AG85: n.a. | AH85: n.a. | AI85: =Y85/Z85 -> 0.23788786 | AJ85: =VLOOKUP(C85,Richtungsmatrix!$A$2:$E$133,5,FALSE) -> vertikal | AK85: US73933G2021 | AL85: OTC Bulletin Board | AM85: @NDAQ | AN85: 41730 | AP85: 41720 | AQ85: 124.94 | AR85: 37.96 | AS85: 41728 | AT85: 111.86 | AU85: 37.24 | AV85: 41729 | AW85: 117.45 | AX85: 36.64 | AY85: 41731 | AZ85: 122.92 | BA85: 36.02 | BB85: 41732 | BC85: 121.14 | BD85: 37.1 | BE85: 41740 | BF85: 111.72 | BG85: 34.81 | BH85: =BF85/AQ85-1 -> -0.10581079 | BI85: =BC85/AT85-1 -> 0.082960844 | BJ85: =AZ85/AW85-1 -> 0.04657301 | BK85: =BG85/AR85-1 -> -0.082982086 | BL85: =BD85/AU85-1 -> -0.0037593985 | BM85: =BA85/AX85-1 -> -0.016921397 | BN85: =BH85-BK85 -> -0.022828703 | BO85: 83 | BP85: =BI85-BL85 -> 0.086720242 | BQ85: 13 | BR85: =BJ85-BM85 -> 0.063494407 | BS85: 16 | BT85: =AJ85 -> vertikal | BU85: =BQ85-BS85 -> -3
A86: 127. | B86: 1907170751 | C86: 2651129320 | D86: 42710 | E86: 42815 | F86: 42608 | G86: HUANGSHAN JINMA CO., LTD | H86: CN | I86: CN30126PC | J86: Automobile meters manufacturer | K86: 26511 | L86: =MID(K86,1,3) -> 265 | M86: Manufacture of electronic instruments and appliances for measuring, testing, and navigation, except industrial process control equipment | N86: CNE000001337 | O86: Shenzhen Stock Exchange | P86: SHANGHAI FEIZHONG AUTOMOTIVE PARTS CO., LTD | Q86: CN | R86: CN9360219557 | S86: Automotive parts manufacturer | T86: 29320 | U86: =MID(T86,1,3) -> 293 | V86: Manufacture of other parts and accessories for motor vehicles | W86: Acquisition 100% | X86: Completed | Y86: 29855.19 | Z86: 774757.21 | AA86: 336640.04 | AB86: 190145.22 | AC86: n.a. | AD86: n.a. | AE86: n.a. | AF86: 14929.893 | AG86: 9756.6426 | AH86: 7384.1056 | AI86: =Y86/Z86 -> 0.038534898 | AJ86: =VLOOKUP(C86,Richtungsmatrix!$A$2:$E$133,5,FALSE) -> vertikal | AK86: CNE000001337 | AL86: Shenzhen Stock Exchange | AM86: CN:COM | AN86: 42710 | AP86: 42700 | AQ86: 166.9 | AR86: 1.16 | AS86: 42708 | AT86: 187.51 | AU86: 1.18 | AV86: 42709 | AW86: 195.63 | AX86: 1.15 | AY86: 42711 | AZ86: 206.12 | BA86: 1.15 | BB86: 42712 | BC86: 196.69 | BD86: 1.15 | BE86: 42720 | BF86: 196.58 | BG86: 1.09 | BH86: =BF86/AQ86-1 -> 0.17783104 | BI86: =BC86/AT86-1 -> 0.048957389 | BJ86: =AZ86/AW86-1 -> 0.053621633 | BK86: =BG86/AR86-1 -> -0.060344828 | BL86: =BD86/AU86-1 -> -0.025423729 | BM86: =BA86/AX86-1 -> 0 | BN86: =BH86-BK86 -> 0.23817586 | BO86: 8 | BP86: =BI86-BL86 -> 0.074381118 | BQ86: 16 | BR86: =BJ86-BM86 -> 0.053621633 | BS86: 20 | BT86: =AJ86 -> vertikal | BU86: =BQ86-BS86 -> -4
A87: 126. | B87: 1601437141 | C87: 2932045310 | D87: 41284 | E87: 41305 | F87: 41284 | G87: HALLA CLIMATE CONTROL CORPORATION | H87: KR | I87: KR1347110002206 | J87: Car air-conditioning system manufacturer | K87: 29320 | L87: =MID(K87,1,3) -> 293 | M87: Manufacture of other parts and accessories for motor vehicles | N87: KR7018880005 | O87: Korea Stock Exchange | P87: CLIMATE SYSTEMS MEXICANA SA DE CV | Q87: MX | R87: MXCSM9204097Q1 | S87: Automotive air conditioning parts wholesaler | T87: 45310 | U87: =MID(T87,1,3) -> 453 | V87: Wholesale trade of motor vehicle parts and accessories | W87: Acquisition | X87: Completed | Y87: 31212.7 | Z87: 4316058.6 | AA87: 4340650.9 | AB87: 3871533.6 | AC87: 153625.84 | AD87: 104643.96 | AE87: 165032.18 | AF87: 69087.231 | AG87: 38081.337 | AH87: 40099.618 | AI87: =Y87/Z87 -> 0.0072317601 | AJ87: =VLOOKUP(C87,Richtungsmatrix!$A$2:$E$133,5,FALSE) -> vertikal | AK87: KR7018880005 | AL87: Korea Stock Exchange | AM87: KORCOMP | AN87: 41284 | AO87: =AP87-1 -> 41273 | AP87: 41274 | AQ87: 1054.54 | AR87: 1984.84 | AS87: 41282 | AT87: 985.57 | AU87: 2003.22 | AV87: 41283 | AW87: 983.35 | AX87: 2001.98 | AY87: 41285 | AZ87: 996.7 | BA87: 2017.38 | BB87: 41286 | BC87: 996.7 | BD87: 2017.38 | BE87: 41294 | BF87: 1016.72 | BG87: 1987.65 | BH87: =BF87/AQ87-1 -> -0.035863979 | BI87: =BC87/AT87-1 -> 0.011292957 | BJ87: =AZ87/AW87-1 -> 0.013576041 | BK87: =BG87/AR87-1 -> 0.0014157312 | BL87: =BD87/AU87-1 -> 0.0070686195 | BM87: =BA87/AX87-1 -> 0.0076923845 | BN87: =BH87-BK87 -> -0.03727971 | BO87: 96 | BP87: =BI87-BL87 -> 0.0042243379 | BQ87: 62 | BR87: =BJ87-BM87 -> 0.0058836565 | BS87: 66 | BT87: =AJ87 -> vertikal | BU87: =BQ87-BS87 -> -4
A88: 130. | B88: 1601438573 | C88: 2932029320 | D88: 41284 | E88: 41428 | F88: 41284 | G88: HALLA CLIMATE CONTROL CORPORATION | H88: KR | I88: KR1347110002206 | J88: Car air-conditioning system manufacturer | K88: 29320 | L88: =MID(K88,1,3) -> 293 | M88: Manufacture of other parts and accessories for motor vehicles | N88: KR7018880005 | O88: Korea Stock Exchange | P88: VISTEON HUNGARY KFT | Q88: HU | R88: HU10413214 | S88: Climate control components for the automotive industry manufacturer | T88: 29320 | U88: =MID(T88,1,3) -> 293 | V88: Manufacture of other parts and accessories for motor vehicles | W88: Acquisition 100% | X88: Completed | Y88: 25789.59 | Z88: 4316058.6 | AA88: 4340650.9 | AB88: 3871533.6 | AC88: 153625.84 | AD88: 104643.96 | AE88: 165032.18 | AF88: 69087.231 | AG88: 38081.337 | AH88: 40099.618 | AI88: =Y88/Z88 -> 0.0059752642 | AJ88: =VLOOKUP(C88,Richtungsmatrix!$A$2:$E$133,5,FALSE) -> horizontal | AK88: KR7018880005 | AL88: Korea Stock Exchange | AM88: KORCOMP | AN88: 41284 | AO88: =AP88-1 -> 41273 | AP88: 41274 | AQ88: 1054.54 | AR88: 1984.84 | AS88: 41282 | AT88: 985.57 | AU88: 2003.22 | AV88: 41283 | AW88: 983.35 | AX88: 2001.98 | AY88: 41285 | AZ88: 996.7 | BA88: 2017.38 | BB88: 41286 | BC88: 996.7 | BD88: 2017.38 | BE88: 41294 | BF88: 1016.72 | BG88: 1987.65 | BH88: =BF88/AQ88-1 -> -0.035863979 | BI88: =BC88/AT88-1 -> 0.011292957 | BJ88: =AZ88/AW88-1 -> 0.013576041 | BK88: =BG88/AR88-1 -> 0.0014157312 | BL88: =BD88/AU88-1 -> 0.0070686195 | BM88: =BA88/AX88-1 -> 0.0076923845 | BN88: =BH88-BK88 -> -0.03727971 | BO88: 97 | BP88: =BI88-BL88 -> 0.0042243379 | BQ88: 63 | BR88: =BJ88-BM88 -> 0.0058836565 | BS88: 67 | BT88: =AJ88 -> horizontal | BU88: =BQ88-BS88 -> -4
A89: 87. | B89: 1907112488 | C89: 1812129320 | D89: 42222 | E89: 42222 | F89: 42222 | G89: DAI NIPPON PRINTING CO., LTD | H89: JP | I89: JP5011101012069 | J89: Commercial printing services | K89: 18121 | L89: =MID(K89,1,3) -> 181 | M89: Manufacture of printed labels | N89: JP3493800001 | O89: Tokyo Stock Exchange | P89: TAMURA PLASTIC MFG CO., LTD | Q89: JP | R89: JP9010001154488 | S89: Automobile plastic parts manufacturer | T89: 29320 | U89: =MID(T89,1,3) -> 293 | V89: Manufacture of other parts and accessories for motor vehicles | W89: Acquisition 100% | X89: Completed | Y89: 73482 | Z89: 5306752.5 | AA89: 6331225 | AB89: 4885250.8 | AC89: 178180.93 | AD89: 169183.69 | AE89: 88477.796 | AF89: -12025.341 | AG89: -3621.5508 | AH89: 24314.294 | AI89: =Y89/Z89 -> 0.013846887 | AJ89: =VLOOKUP(C89,Richtungsmatrix!$A$2:$E$133,5,FALSE) -> lateral | AK89: JP3493800001 | AL89: Tokyo Stock Exchange | AM89: TOKYOSE | AN89: 42222 | AP89: 42212 | AQ89: 958.83 | AR89: 1644.19 | AS89: 42220 | AT89: 994.44 | AU89: 1655.03 | AV89: 42221 | AW89: 995.16 | AX89: 1657.56 | AY89: 42223 | AZ89: 985.8 | BA89: 1670.21 | BB89: 42224 | BC89: 985.8 | BD89: 1670.21 | BE89: 42232 | BF89: 975.01 | BG89: 1664.53 | BH89: =BF89/AQ89-1 -> 0.016874733 | BI89: =BC89/AT89-1 -> -0.008688307 | BJ89: =AZ89/AW89-1 -> -0.0094055227 | BK89: =BG89/AR89-1 -> 0.012370833 | BL89: =BD89/AU89-1 -> 0.0091720392 | BM89: =BA89/AX89-1 -> 0.0076316996 | BN89: =BH89-BK89 -> 0.0045038997 | BO89: 65 | BP89: =BI89-BL89 -> -0.017860346 | BQ89: 90 | BR89: =BJ89-BM89 -> -0.017037222 | BS89: 94 | BT89: =AJ89 -> lateral | BU89: =BQ89-BS89 -> -4
A90: 222. | B90: 1907117414 | C90: 2910045111 | D90: 42264 | E90: 42264 | F90: 42264 | G90: BOON KOON GROUP BHD | H90: MY | I90: MY553434-U | J90: Rebuilt and reconditioned commercial vehicles manufacturer holding company | K90: 29100 | L90: =MID(K90,1,3) -> 291 | M90: Manufacture of motor vehicles | N90: MYL7187OO007 | O90: Bursa Malaysia | P90: BK ALLIANCE SDN BHD | Q90: MY | R90: MY744621-H | S90: Commercial vehicles trading services | T90: 45111 | U90: =MID(T90,1,3) -> 451 | V90: Sale of new cars and light motor vehicles | W90: Acquisition 100% | X90: Completed | Y90: 10.51 | Z90: 6817.7306 | AA90: 10381.8 | AB90: 8597.3751 | AC90: -488.2205 | AD90: -26.759472 | AE90: -228.99706 | AF90: -474.33533 | AG90: 665.23547 | AH90: 645.27466 | AI90: =Y90/Z90 -> 0.0015415687 | AJ90: =VLOOKUP(C90,Richtungsmatrix!$A$2:$E$133,5,FALSE) -> vertikal | AK90: MYL7187OO007 | AL90: Bursa Malaysia | AM90: FBMKLCI | AN90: 42264 | AP90: 42254 | AQ90: 18.08 | AR90: 1578.5 | AS90: 42262 | AT90: 18.08 | AU90: 1648.04 | AV90: 42263 | AW90: 18.08 | AX90: 1647.15 | AY90: 42265 | AZ90: 18.08 | BA90: 1680.58 | BB90: 42266 | BC90: 18.08 | BD90: 1680.58 | BE90: 42274 | BF90: 17.18 | BG90: 1604.15 | BH90: =BF90/AQ90-1 -> -0.049778761 | BI90: =BC90/AT90-1 -> 0 | BJ90: =AZ90/AW90-1 -> 0 | BK90: =BG90/AR90-1 -> 0.016249604 | BL90: =BD90/AU90-1 -> 0.019744666 | BM90: =BA90/AX90-1 -> 0.020295662 | BN90: =BH90-BK90 -> -0.066028365 | BO90: 108 | BP90: =BI90-BL90 -> -0.019744666 | BQ90: 95 | BR90: =BJ90-BM90 -> -0.020295662 | BS90: 99 | BT90: =AJ90 -> vertikal | BU90: =BQ90-BS90 -> -4
A91: 196. | B91: 1907066210 | C91: 4299029320 | D91: 41913 | E91: 41913 | F91: 41913 | G91: GEUMHWA PSC CO., LTD | H91: KR | I91: KR1101110295778 | J91: Industrial plant construction services | K91: 42990 | L91: =MID(K91,1,3) -> 429 | M91: Construction of other civil engineering projects n.e.c. | N91: KR7036190007 | O91: KOSDAQ | P91: ANSEONG ELECTRIC CO., LTD | Q91: KR | R91: KR*Z00031091 | S91: Automobile parts manufacturer | T91: 29320 | U91: =MID(T91,1,3) -> 293 | V91: Manufacture of other parts and accessories for motor vehicles | W91: Acquisition 78% | X91: Completed | Y91: 2693.28 | Z91: 166028.22 | AA91: 164982.28 | AB91: 216009.95 | AC91: 17312.327 | AD91: 17003.487 | AE91: 15461.716 | AF91: 22168.894 | AG91: 20550.867 | AH91: 17241.484 | AI91: =Y91/Z91 -> 0.016221821 | AJ91: =VLOOKUP(C91,Richtungsmatrix!$A$2:$E$133,5,FALSE) -> lateral | AK91: KR7036190007 | AL91: KOSDAQ | AM91: KRX100I | AN91: 41913 | AP91: 41903 | AQ91: 6442.32 | AR91: 4336.7 | AS91: 41911 | AT91: 6442.32 | AU91: 4267.85 | AV91: 41912 | AW91: 6442.32 | AX91: 4245.43 | AY91: 41914 | AZ91: 6526.15 | BA91: 4157.59 | BB91: 41915 | BC91: 6526.15 | BD91: 4120.92 | BE91: 41923 | BF91: 6474.56 | BG91: 4060.34 | BH91: =BF91/AQ91-1 -> 0.0050044083 | BI91: =BC91/AT91-1 -> 0.013012393 | BJ91: =AZ91/AW91-1 -> 0.013012393 | BK91: =BG91/AR91-1 -> -0.063725875 | BL91: =BD91/AU91-1 -> -0.034427171 | BM91: =BA91/AX91-1 -> -0.020690484 | BN91: =BH91-BK91 -> 0.068730283 | BO91: 31 | BP91: =BI91-BL91 -> 0.047439564 | BQ91: 26 | BR91: =BJ91-BM91 -> 0.033702877 | BS91: 31 | BT91: =AJ91 -> lateral | BU91: =BQ91-BS91 -> -5
A92: 29. | B92: 1909148191 | C92: 6629029201 | D92: 41904 | E92: 42059 | F92: 41904 | G92: HENNESSY CAPITAL ACQUISITION CORPORATION | H92: US | I92: US463891989 | J92: Special purpose acquisition company | K92: 66290 | L92: =MID(K92,1,3) -> 662 | M92: Other activities auxiliary to insurance and pension funding | N92: US0953061068 | O92: NASDAQ National Market | P92: SCHOOL BUS HOLDINGS INC. | Q92: US | R92: US*190521553303 | S92: School and activity buses manufacturer holding company | T92: 29201 | U92: =MID(T92,1,3) -> 292 | V92: Manufacture of bodies (coachwork) for motor vehicles (except caravans) | W92: Acquisition 100% | X92: Completed | Y92: 432197 | Z92: 309558.16 | AA92: n.a. | AB92: n.a. | AC92: n.a. | AD92: n.a. | AE92: n.a. | AF92: n.a. | AG92: n.a. | AH92: n.a. | AI92: =Y92/Z92 -> 1.3961738 | AJ92: =VLOOKUP(C92,Richtungsmatrix!$A$2:$E$133,5,FALSE) -> vertikal | AK92: US0953061068 | AL92: NASDAQ National Market | AM92: @NDAQ | AN92: 41904 | AP92: 41894 | AQ92: 101.14 | AR92: 43.34 | AS92: 41902 | AT92: 101.14 | AU92: 43.83 | AV92: 41903 | AW92: 101.14 | AX92: 43.83 | AY92: 41905 | AZ92: 102.91 | BA92: 43.26 | BB92: 41906 | BC92: 102.18 | BD92: 42.56 | BE92: 41914 | BF92: 101.77 | BG92: 42.36 | BH92: =BF92/AQ92-1 -> 0.0062289895 | BI92: =BC92/AT92-1 -> 0.010282776 | BJ92: =AZ92/AW92-1 -> 0.017500494 | BK92: =BG92/AR92-1 -> -0.022611906 | BL92: =BD92/AU92-1 -> -0.028975587 | BM92: =BA92/AX92-1 -> -0.013004791 | BN92: =BH92-BK92 -> 0.028840895 | BO92: 52 | BP92: =BI92-BL92 -> 0.039258364 | BQ92: 28 | BR92: =BJ92-BM92 -> 0.030505286 | BS92: 33 | BT92: =AJ92 -> vertikal | BU92: =BQ92-BS92 -> -5
A93: 98. | B93: 1907087823 | C93: 2931026110 | D93: 42059 | E93: 42095 | F93: 42059 | G93: NGK SPARK PLUG CO., LTD | H93: JP | I93: JP3180001010845 | J93: Spark plug manufacturer | K93: 29310 | L93: =MID(K93,1,3) -> 293 | M93: Manufacture of electrical and electronic equipment for motor vehicles | N93: JP3738600000 | O93: Tokyo Stock Exchange | P93: NIHON CERATEC CO., LTD | Q93: JP | R93: JP5370001001402 | S93: Fine ceramic material semiconductor parts manufacturer | T93: 26110 | U93: =MID(T93,1,3) -> 261 | V93: Manufacture of electronic components | W93: Acquisition 100% | X93: Completed | Y93: 56643.09 | Z93: 3755115.8 | AA93: 5587478.5 | AB93: 3657185.6 | AC93: 157234.06 | AD93: 246010.09 | AE93: 218948.52 | AF93: 329628.48 | AG93: 352644.64 | AH93: 294733.24 | AI93: =Y93/Z93 -> 0.015084246 | AJ93: =VLOOKUP(C93,Richtungsmatrix!$A$2:$E$133,5,FALSE) -> vertikal | AK93: JP3738600000 | AL93: Tokyo Stock Exchange | AM93: TOKYOSE | AN93: 42059 | AP93: 42049 | AQ93: 4085.11 | AR93: 1449.12 | AS93: 42057 | AT93: 4085.11 | AU93: 1499.47 | AV93: 42058 | AW93: 4115.88 | AX93: 1510.9 | AY93: 42060 | AZ93: 4171.25 | BA93: 1512.66 | BB93: 42061 | BC93: 4158.94 | BD93: 1505.37 | BE93: 42069 | BF93: 4029.74 | BG93: 1526.54 | BH93: =BF93/AQ93-1 -> -0.013554103 | BI93: =BC93/AT93-1 -> 0.018072953 | BJ93: =AZ93/AW93-1 -> 0.013452773 | BK93: =BG93/AR93-1 -> 0.053425527 | BL93: =BD93/AU93-1 -> 0.0039347236 | BM93: =BA93/AX93-1 -> 0.0011648686 | BN93: =BH93-BK93 -> -0.06697963 | BO93: 109 | BP93: =BI93-BL93 -> 0.014138229 | BQ93: 52 | BR93: =BJ93-BM93 -> 0.012287905 | BS93: 57 | BT93: =AJ93 -> vertikal | BU93: =BQ93-BS93 -> -5
A94: 165. | B94: 1601432935 | C94: 2932018121 | D94: 41271 | E94: 41271 | F94: 41271 | G94: COMMERCIAL VEHICLE GROUP INC. | H94: US | I94: US411990662 | J94: Interior motor vehicle related products for medium and large sized vehicles manufacturer | K94: 29320 | L94: =MID(K94,1,3) -> 293 | M94: Manufacture of other parts and accessories for motor vehicles | N94: US2026081057 | O94: NASDAQ National Market | P94: DALTEK LLC'S ASSETS | Q94: US | S94: Hydrographics and water transfer printing services | T94: 18121 | U94: =MID(T94,1,3) -> 181 | V94: Manufacture of printed labels | W94: Acquisition 100% | X94: Completed | Y94: 9972 | Z94: 159216.93 | AA94: n.a. | AB94: n.a. | AC94: n.a. | AD94: n.a. | AE94: n.a. | AF94: n.a. | AG94: n.a. | AH94: n.a. | AI94: =Y94/Z94 -> 0.062631529 | AJ94: =VLOOKUP(C94,Richtungsmatrix!$A$2:$E$133,5,FALSE) -> lateral | AK94: US2026081057 | AL94: NASDAQ National Market | AM94: @NDAQ | AN94: 41271 | AP94: 41261 | AQ94: 63.74 | AR94: 24.61 | AS94: 41269 | AT94: 61.15 | AU94: 25.27 | AV94: 41270 | AW94: 60.84 | AX94: 25.21 | AY94: 41272 | AZ94: 60.15 | BA94: 24.88 | BB94: 41273 | BC94: 60.15 | BD94: 24.88 | BE94: 41281 | BF94: 63.89 | BG94: 26.47 | BH94: =BF94/AQ94-1 -> 0.0023533103 | BI94: =BC94/AT94-1 -> -0.01635323 | BJ94: =AZ94/AW94-1 -> -0.011341223 | BK94: =BG94/AR94-1 -> 0.075579033 | BL94: =BD94/AU94-1 -> -0.01543332 | BM94: =BA94/AX94-1 -> -0.013090044 | BN94: =BH94-BK94 -> -0.073225723 | BO94: 111 | BP94: =BI94-BL94 -> -0.00091990962 | BQ94: 67 | BR94: =BJ94-BM94 -> 0.0017488208 | BS94: 72 | BT94: =AJ94 -> lateral | BU94: =BQ94-BS94 -> -5
A95: 122. | B95: 1909522575 | C95: 2932025990 | D95: 42724 | E95: 42724 | F95: 42724 | G95: WESTINGHOUSE AIR BRAKE TECHNOLOGIES CORPORATION | H95: US | I95: US251615902 | J95: Air brakes and related equipment manufacturer | K95: 29320 | L95: =MID(K95,1,3) -> 293 | M95: Manufacture of other parts and accessories for motor vehicles | N95: US9297401088 | O95: New York Stock Exchange (NYSE) | P95: WORKHORSE RAIL LLC | Q95: US | R95: US165295566L | S95: Freight car metal parts manufacturer | T95: 25990 | U95: =MID(T95,1,3) -> 259 | V95: Manufacture of other fabricated metal products n.e.c. | W95: Acquisition 100% | X95: Completed | Y95: 33647 | Z95: 7015345.8 | AA95: n.a. | AB95: n.a. | AC95: n.a. | AD95: n.a. | AE95: n.a. | AF95: n.a. | AG95: n.a. | AH95: n.a. | AI95: =Y95/Z95 -> 0.0047961998 | AJ95: =VLOOKUP(C95,Richtungsmatrix!$A$2:$E$133,5,FALSE) -> lateral | AK95: US9297401088 | AL95: New York Stock Exchange (NYSE) | AM95: @NDAQ | AN95: 42724 | AP95: 42714 | AQ95: 1168.04 | AR95: 68 | AS95: 42722 | AT95: 1113.71 | AU95: 68.59 | AV95: 42723 | AW95: 1120.57 | AX95: 67.92 | AY95: 42725 | AZ95: 1175.18 | BA95: 68.25 | BB95: 42726 | BC95: 1163.28 | BD95: 67.48 | BE95: 42734 | BF95: 1162.44 | BG95: 67.3 | BH95: =BF95/AQ95-1 -> -0.0047943564 | BI95: =BC95/AT95-1 -> 0.044508894 | BJ95: =AZ95/AW95-1 -> 0.048734126 | BK95: =BG95/AR95-1 -> -0.010294118 | BL95: =BD95/AU95-1 -> -0.016183117 | BM95: =BA95/AX95-1 -> 0.0048586572 | BN95: =BH95-BK95 -> 0.0054997613 | BO95: 64 | BP95: =BI95-BL95 -> 0.060692011 | BQ95: 19 | BR95: =BJ95-BM95 -> 0.043875469 | BS95: 25 | BT95: =AJ95 -> lateral | BU95: =BQ95-BS95 -> -6
A96: 124. | B96: 1601494559 | C96: 2932045310 | D96: 41704 | E96: 41789 | F96: 41463 | G96: FOX FACTORY HOLDING CORPORATION | H96: US | I96: US261647258 | J96: Mountain bike suspension products manufacturer holding company | K96: 29320 | L96: =MID(K96,1,3) -> 293 | M96: Manufacture of other parts and accessories for motor vehicles | N96: US35138V1026 | O96: NASDAQ National Market | P96: SPORT TRUCK USA INC.'S ASSETS | Q96: US | S96: Truck suspension system retailer | T96: 45310 | U96: =MID(T96,1,3) -> 453 | V96: Wholesale trade of motor vehicle parts and accessories | W96: Acquisition 100% | X96: Completed | Y96: 32350 | Z96: 970399.79 | AA96: n.a. | AB96: n.a. | AC96: n.a. | AD96: n.a. | AE96: n.a. | AF96: n.a. | AG96: n.a. | AH96: n.a. | AI96: =Y96/Z96 -> 0.033336776 | AJ96: =VLOOKUP(C96,Richtungsmatrix!$A$2:$E$133,5,FALSE) -> vertikal | AK96: US35138V1026 | AL96: NASDAQ National Market | AM96: @NDAQ | AN96: 41704 | AP96: 41694 | AQ96: 89.9 | AR96: 38.8 | AS96: 41702 | AT96: 90.97 | AU96: 39.55 | AV96: 41703 | AW96: 90.6 | AX96: 39.34 | AY96: 41705 | AZ96: 91.35 | BA96: 40.76 | BB96: 41706 | BC96: 91.35 | BD96: 40.76 | BE96: 41714 | BF96: 93.18 | BG96: 38.79 | BH96: =BF96/AQ96-1 -> 0.036484983 | BI96: =BC96/AT96-1 -> 0.0041772013 | BJ96: =AZ96/AW96-1 -> 0.0082781457 | BK96: =BG96/AR96-1 -> -0.00025773196 | BL96: =BD96/AU96-1 -> 0.030594185 | BM96: =BA96/AX96-1 -> 0.036095577 | BN96: =BH96-BK96 -> 0.036742715 | BO96: 48 | BP96: =BI96-BL96 -> -0.026416983 | BQ96: 100 | BR96: =BJ96-BM96 -> -0.027817431 | BS96: 106 | BT96: =AJ96 -> vertikal | BU96: =BQ96-BS96 -> -6
A97: 113. | B97: 1909106855 | C97: 2932029320 | D97: 41781 | E97: 41820 | F97: 41781 | G97: SHILOH INDUSTRIES INC. | H97: US | I97: US510347683 | J97: Automotive lightweighting, noise, vibration and harshness solutions manufacturer | K97: 29320 | L97: =MID(K97,1,3) -> 293 | M97: Manufacture of other parts and accessories for motor vehicles | N97: US8245431023 | O97: NASDAQ National Market | P97: FINNVEDEN METAL STRUCTURES AB | Q97: SE | R97: SE5565028338 | S97: Automotive steel, aluminium and magnesium components manufacturer | T97: 29320 | U97: =MID(T97,1,3) -> 293 | V97: Manufacture of other parts and accessories for motor vehicles | W97: Acquisition 100% | X97: Completed | Y97: 40572.09 | Z97: 116803.2 | AA97: n.a. | AB97: n.a. | AC97: n.a. | AD97: n.a. | AE97: n.a. | AF97: n.a. | AG97: n.a. | AH97: n.a. | AI97: =Y97/Z97 -> 0.34735428 | AJ97: =VLOOKUP(C97,Richtungsmatrix!$A$2:$E$133,5,FALSE) -> horizontal | AK97: US8245431023 | AL97: NASDAQ National Market | AM97: @NDAQ | AN97: 41781 | AP97: 41771 | AQ97: 245.5 | AR97: 36.67 | AS97: 41779 | AT97: 220.62 | AU97: 36.27 | AV97: 41780 | AW97: 223.61 | AX97: 35.91 | AY97: 41782 | AZ97: 207.94 | BA97: 36.45 | BB97: 41783 | BC97: 207.94 | BD97: 36.45 | BE97: 41791 | BF97: 224.98 | BG97: 37.49 | BH97: =BF97/AQ97-1 -> -0.083584521 | BI97: =BC97/AT97-1 -> -0.05747439 | BJ97: =AZ97/AW97-1 -> -0.070077367 | BK97: =BG97/AR97-1 -> 0.022361603 | BL97: =BD97/AU97-1 -> 0.0049627792 | BM97: =BA97/AX97-1 -> 0.015037594 | BN97: =BH97-BK97 -> -0.10594612 | BO97: 121 | BP97: =BI97-BL97 -> -0.06243717 | BQ97: 123 | BR97: =BJ97-BM97 -> -0.085114961 | BS97: 129 | BT97: =AJ97 -> horizontal | BU97: =BQ97-BS97 -> -6
A98: 140. | B98: 1907061601 | C98: 2932026301 | D98: 41885 | E98: 41885 | F98: 41885 | G98: WESTINGHOUSE AIR BRAKE TECHNOLOGIES CORPORATION | H98: US | I98: US251615902 | J98: Air brakes and related equipment manufacturer | K98: 29320 | L98: =MID(K98,1,3) -> 293 | M98: Manufacture of other parts and accessories for motor vehicles | N98: US9297401088 | O98: New York Stock Exchange (NYSE) | P98: C2CE PTY LTD | Q98: AU | R98: AU138643697 | S98: Railway signal and industrial communication equipment manufacturer | T98: 26301 | U98: =MID(T98,1,3) -> 263 | V98: Manufacture of telegraph and telephone apparatus and equipment | W98: Acquisition 100% | X98: Completed | Y98: 19435.07 | Z98: 7015345.8 | AA98: n.a. | AB98: n.a. | AC98: n.a. | AD98: n.a. | AE98: n.a. | AF98: n.a. | AG98: n.a. | AH98: n.a. | AI98: =Y98/Z98 -> 0.0027703652 | AJ98: =VLOOKUP(C98,Richtungsmatrix!$A$2:$E$133,5,FALSE) -> lateral | AK98: US9297401088 | AL98: New York Stock Exchange (NYSE) | AM98: @NDAQ | AN98: 41885 | AP98: 41875 | AQ98: 1166.17 | AR98: 42.65 | AS98: 41883 | AT98: 1157.15 | AU98: 42.65 | AV98: 41884 | AW98: 1173.8 | AX98: 43.8 | AY98: 41886 | AZ98: 1164.09 | BA98: 43.51 | BB98: 41887 | BC98: 1164.5 | BD98: 43.12 | BE98: 41895 | BF98: 1143.96 | BG98: 43.34 | BH98: =BF98/AQ98-1 -> -0.019045251 | BI98: =BC98/AT98-1 -> 0.0063518126 | BJ98: =AZ98/AW98-1 -> -0.0082722781 | BK98: =BG98/AR98-1 -> 0.016178195 | BL98: =BD98/AU98-1 -> 0.01101993 | BM98: =BA98/AX98-1 -> -0.0066210046 | BN98: =BH98-BK98 -> -0.035223445 | BO98: 94 | BP98: =BI98-BL98 -> -0.004668117 | BQ98: 72 | BR98: =BJ98-BM98 -> -0.0016512735 | BS98: 79 | BT98: =AJ98 -> lateral | BU98: =BQ98-BS98 -> -7
A99: 117. | B99: 1909582452 | C99: 2920129201 | D99: 42877 | E99: 42877 | F99: 42877 | G99: LIPPERT COMPONENTS INC. | H99: US | I99: US133250533 | J99: Recreational vehicles and caravan components manufacturer holding company | K99: 29201 | L99: =MID(K99,1,3) -> 292 | M99: Manufacture of bodies (coachwork) for motor vehicles (except caravans) | N99: US50189K1034 | O99: New York Stock Exchange (NYSE) | P99: LEXINGTON SEATING CORPORATION'S BUSINESS AND CERTAIN ASSETS | Q99: US | S99: Motor vehicle seating manufacturer | T99: 29201 | U99: =MID(T99,1,3) -> 292 | V99: Manufacture of bodies (coachwork) for motor vehicles (except caravans) | W99: Acquisition 100% | X99: Completed | Y99: 35694.4 | Z99: 2517111.3 | AA99: 1350516.6 | AB99: 994762.41 | AC99: 123015.84 | AD99: 68287.868 | AE99: 51285.702 | AF99: 190541.7 | AG99: 106782.4 | AH99: 78648.345 | AI99: =Y99/Z99 -> 0.0141807 | AJ99: =VLOOKUP(C99,Richtungsmatrix!$A$2:$E$133,5,FALSE) -> horizontal | AK99: US50189K1034 | AL99: New York Stock Exchange (NYSE) | AM99: @NDAQ | AN99: 42877 | AP99: 42867 | AQ99: 5527.37 | AR99: 67.01 | AS99: 42875 | AT99: 5379.21 | AU99: 66.79 | AV99: 42876 | AW99: 5379.21 | AX99: 66.79 | AY99: 42878 | AZ99: 5457.96 | BA99: 67.97 | BB99: 42879 | BC99: 5454.93 | BD99: 68.16 | BE99: 42887 | BF99: 5430.7 | BG99: 68.05 | BH99: =BF99/AQ99-1 -> -0.01748933 | BI99: =BC99/AT99-1 -> 0.014076416 | BJ99: =AZ99/AW99-1 -> 0.014639696 | BK99: =BG99/AR99-1 -> 0.015520072 | BL99: =BD99/AU99-1 -> 0.020512053 | BM99: =BA99/AX99-1 -> 0.017667315 | BN99: =BH99-BK99 -> -0.033009402 | BO99: 90 | BP99: =BI99-BL99 -> -0.0064356363 | BQ99: 74 | BR99: =BJ99-BM99 -> -0.0030276193 | BS99: 81 | BT99: =AJ99 -> horizontal | BU99: =BQ99-BS99 -> -7
A100: 133. | B100: 1907030005 | C100: 2932029320 | D100: 41677 | E100: 41760 | F100: 41677 | G100: PYUNG HWA INDUSTRIAL CO., LTD | H100: KR | I100: KR1701110006412 | J100: Motor vehicle part manufacturer | K100: 29320 | L100: =MID(K100,1,3) -> 293 | M100: Manufacture of other parts and accessories for motor vehicles | N100: KR7010770006 | O100: Korea Stock Exchange | P100: PYUNG HWA ANTI-VIBRATION SYSTEM CO., LTD | Q100: KR | R100: KR1701110355257 | S100: Noise and vibration free motor vehicle part manufacturer | T100: 29320 | U100: =MID(T100,1,3) -> 293 | V100: Manufacture of other parts and accessories for motor vehicles | W100: Acquisition 100% | X100: Completed | Y100: 22459 | Z100: 41618.772 | AA100: 40330.287 | AB100: 31997.915 | AC100: 3627.9191 | AD100: 3139.4303 | AE100: 2657.826 | AF100: 5470.8935 | AG100: 4542.4518 | AH100: 4243.5256 | AI100: =Y100/Z100 -> 0.5396363 | AJ100: =VLOOKUP(C100,Richtungsmatrix!$A$2:$E$133,5,FALSE) -> horizontal | AK100: KR7010770006 | AL100: Korea Stock Exchange | AM100: KORCOMP | AN100: 41677 | AP100: 41667 | AQ100: 1409.82 | AR100: 1907.18 | AS100: 41675 | AT100: 1405.02 | AU100: 1897.95 | AV100: 41676 | AW100: 1409.82 | AX100: 1897.35 | AY100: 41678 | AZ100: 1409.82 | BA100: 1922.45 | BB100: 41679 | BC100: 1409.82 | BD100: 1922.45 | BE100: 41687 | BF100: 1412.21 | BG100: 1951.74 | BH100: =BF100/AQ100-1 -> 0.0016952519 | BI100: =BC100/AT100-1 -> 0.0034163215 | BJ100: =AZ100/AW100-1 -> 0 | BK100: =BG100/AR100-1 -> 0.023364339 | BL100: =BD100/AU100-1 -> 0.012908665 | BM100: =BA100/AX100-1 -> 0.013228977 | BN100: =BH100-BK100 -> -0.021669087 | BO100: 82 | BP100: =BI100-BL100 -> -0.0094923431 | BQ100: 83 | BR100: =BJ100-BM100 -> -0.013228977 | BS100: 91 | BT100: =AJ100 -> horizontal | BU100: =BQ100-BS100 -> -8
...

Sheet Richtungsmatrix
A2: 2910029100 | B2: =D2&C2 -> 2910029100 | C2: =MID(A2,1,5) -> 29100 | D2: =MID(A2,6,10) -> 29100 | E2: horizontal | F2: =IF(C2=D2,1,0) -> 1
A3: 2910029201 | B3: =D3&C3 -> 2920129100 | C3: =MID(A3,1,5) -> 29100 | D3: =MID(A3,6,10) -> 29201 | E3: vertikal | F3: =IF(C3=D3,1,0) -> 0
A4: 2932029320 | B4: =D4&C4 -> 2932029320 | C4: =MID(A4,1,5) -> 29320 | D4: =MID(A4,6,10) -> 29320 | E4: horizontal | F4: =IF(C4=D4,1,0) -> 1
A5: 2910058290 | B5: =D5&C5 -> 5829029100 | C5: =MID(A5,1,5) -> 29100 | D5: =MID(A5,6,10) -> 58290 | E5: vertikal | F5: =IF(C5=D5,1,0) -> 0
A6: 2910043210 | B6: =D6&C6 -> 4321029100 | C6: =MID(A6,1,5) -> 29100 | D6: =MID(A6,6,10) -> 43210 | E6: lateral | F6: =IF(C6=D6,1,0) -> 0
A7: 2910029320 | B7: =D7&C7 -> 2932029100 | C7: =MID(A7,1,5) -> 29100 | D7: =MID(A7,6,10) -> 29320 | E7: vertikal | F7: =IF(C7=D7,1,0) -> 0
A8: 2932025940 | B8: =D8&C8 -> 2594029320 | C8: =MID(A8,1,5) -> 29320 | D8: =MID(A8,6,10) -> 25940 | E8: vertikal | F8: =IF(C8=D8,1,0) -> 0
A9: 2910028220 | B9: =D9&C9 -> 2822029100 | C9: =MID(A9,1,5) -> 29100 | D9: =MID(A9,6,10) -> 28220 | E9: lateral | F9: =IF(C9=D9,1,0) -> 0
A10: 3020029320 | B10: =D10&C10 -> 2932030200 | C10: =MID(A10,1,5) -> 30200 | D10: =MID(A10,6,10) -> 29320 | E10: lateral | F10: =IF(C10=D10,1,0) -> 0
A11: 2932029310 | B11: =D11&C11 -> 2931029320 | C11: =MID(A11,1,5) -> 29320 | D11: =MID(A11,6,10) -> 29310 | E11: horizontal | F11: =IF(C11=D11,1,0) -> 0
A12: 4312029320 | B12: =D12&C12 -> 2932043120 | C12: =MID(A12,1,5) -> 43120 | D12: =MID(A12,6,10) -> 29320 | E12: lateral | F12: =IF(C12=D12,1,0) -> 0
A13: 2920129201 | B13: =D13&C13 -> 2920129201 | C13: =MID(A13,1,5) -> 29201 | D13: =MID(A13,6,10) -> 29201 | E13: horizontal | F13: =IF(C13=D13,1,0) -> 1
... A132: 2910045111 | B132: =D132&C132 -> 4511129100 | C132: =MID(A132,1,5) -> 29100 | D132: =MID(A132,6,10) -> 45111 | E132: vertikal | F132: =IF(C132=D132,1,0) -> 0
